Workbook

Sheet Q1 Apr-Jun 23-24
A1: Public Authority | B1: Sector | C1: FOISA requests | D1: FOISA closed - unclear | E1: FOISA closed - withdrawn | F1: FOISA fees notice | G1: FOISA fees paid | H1: FOISA response on time | I1: FOISA response late | J1: FOISA failure to respond | K1: FOISA refused cost | L1: FOISA vexatious | M1: FOISA repeated | N1: FOISA full release | O1: FOISA none released | P1: FOISA some released | Q1: FOISA none held | R1: FOISA no confirm/deny | S1: EIR requests | T1: EIR closed - unclear | U1: EIR closed - withdrawn | V1: EIR - fees notice | W1: EIR - fees paid | X1: EIR - Response on time | Y1: EIR - response late | Z1: EIR - failure to respond | AA1: EIR - timescale extended | AB1: EIR refused - cost | AC1: EIR - manifestly unreasonable | AD1: EIR - full release | AE1: EIR - none released | AF1: EIR - some released | AG1: EIR - none held | AH1: EIR - no confirm/deny | AI1: Subject Access Requests | AJ1: FOISA reviews | AK1: FOISA review - on time | AL1: FOISA reviews - late response | AM1: FOISA reviews - failure to respond | AN1: FOISA reviews - wholly/partially upheld | AO1: FOISA review - substituted decision | AP1: FOISA review - decision reached | AQ1: EIR reviews | AR1: EIR review - on time | AS1: EIR review - late response | AT1: EIR review - failure to respond | AU1: EIR review - upheld | AV1: EIR review - not upheld | AW1: FOI: Otherwise accessible | AX1: FOI: Publication scheme | AY1: FOI: Disclosure prohibited: enactment | AZ1: FOI: Disclosure prohibited: EU obligation | BA1: FOI: Disclosure prohibited: contempt of court | BB1: FOI: Future publication: 12 weeks | BC1: FOI: Future publication: programme of research | BD1: FOI: Substantial prejudice to UK relations | BE1: FOI: Formulation/development of government policy | BF1: FOI: Ministerial communications | BG1: FOI: Advice by Law Officers | BH1: FOI: Operation of Ministerial private office | BI1: FOI: Substantial prejudice to collective responsibility of Scottish Ministers | BJ1: FOI: Substantial inhibition to free and frank provision of advice | BK1: FOI: Substantial inhibition to free and frank exchange of views | BL1: FOI: Substantial prejudice to effective conduct of public affairs | BM1: FOI: National security | BN1: FOI: Substantial prejudice to defence | BO1: FOI: Substantial prejudice to international relations | BP1: FOI: Confidential information obtained from abroad | BQ1: FOI: Trade secret | BR1: FOI: Substantial prejudice to commercial interests | BS1: FOI: Substantial prejudice to the economic interests of the UK | BT1: FOI: Substantial prejudice to the financial interests of a UK administration | BU1: FOI: Information held for the purposes of a criminal investigation | BV1: FOI: Information held for ongoing Fatal Accident Inquiry | BW1: FOI: Information held regarding cause of death | BX1: FOI: Information relating to the obtaining of information from confidential sources | BY1: FOI: Information held for purposes of civil proceedings arising out of investigations | BZ1: FOI: Substantial prejudice to prevention or detection of crime | CA1: FOI: Substantial prejudice to apprehension or prosecution of offenders | CB1: FOI: Substantial prejudice to administration of justice | CC1: FOI: Substantial prejudice to assessment or collection of tax or duty | CD1: FOI: Substantial prejudice to operation of immigration controls | CE1: FOI: Substantial prejudice to maintenance of security and good order in prisons | CF1: FOI: Substantial prejudice to the exercise by a public authority for any of its functions | CG1: FOI: Substantial prejudice to civil proceedings brought by an authority | CH1: FOI: Confidentiality of communications | CI1: FOI: Actionable breach of confidence | CJ1: FOI: Court records | CK1: FOI: Court records: inquiry or arbitration | CL1: FOI: Personal data of the applicant | CM1: FOI: Third party personal data | CN1: FOI: Personal census information | CO1: FOI: Deceased person’s health record | CP1: FOI: Endangerment to health or safety | CQ1: FOI: Environmental information | CR1: FOI: Substantial prejudice to audit function | CS1: FOI: Communications with the Royal Family and honours | CT1: EIR: Material in the course of completion | CU1: EIR: Internal communications | CV1: EIR: Substantial prejudice to international relations, public safety, etc. | CW1: EIR: Substantial prejudice to course of justice | CX1: EIR: Substantial prejudice to intellectual property rights | CY1: EIR: Substantial prejudice to confidentiality of proceedings | CZ1: EIR: Substantial prejudice to confidentiality of commercial industrial information | DA1: EIR: Substantial prejudice to the interests of a third party | DB1: EIR: Substantial prejudice to the protection of the environment | DC1: EIR: Neither confirm nor deny whether environmental information is held | DD1: EIR: Personal data of applicant | DE1: EIR: Third party personal data. | DF1: EIR: Neither confirm nor deny whether personal data held
A2: Aberdeen City Council | B2: Local Government | C2: 321 | D2: 15 | E2: 3 | F2: 0 | G2: 0 | H2: 270 | I2: 21 | J2: 12 | K2: 10 | L2: 0 | M2: 0 | N2: 109 | O2: 22 | P2: 112 | Q2: 38 | R2: 0 | S2: 75 | T2: 6 | U2: 0 | V2: 0 | W2: 0 | X2: 58 | Y2: 7 | Z2: 4 | AA2: 0 | AB2: 0 | AC2: 0 | AD2: 23 | AE2: 7 | AF2: 30 | AG2: 5 | AH2: 0 | AI2: 5 | AJ2: 12 | AK2: 8 | AL2: 4 | AM2: 0 | AN2: 4 | AO2: 3 | AP2: 5 | AQ2: 3 | AR2: 2 | AS2: 1 | AT2: 0 | AU2: 2 | AV2: 1 | AW2: 15 | AX2: 19 | AY2: 0 | AZ2: 0 | BA2: 0 | BB2: 1 | BC2: 0 | BD2: 0 | BE2: 0 | BF2: 0 | BG2: 0 | BH2: 0 | BI2: 0 | BJ2: 0 | BK2: 0 | BL2: 0 | BM2: 0 | BN2: 0 | BO2: 0 | BP2: 0 | BQ2: 0 | BR2: 11 | BS2: 0 | BT2: 0 | BU2: 0 | BV2: 0 | BW2: 0 | BX2: 0 | BY2: 0 | BZ2: 3 | CA2: 0 | CB2: 0 | CC2: 0 | CD2: 0 | CE2: 0 | CF2: 0 | CG2: 0 | CH2: 0 | CI2: 1 | CJ2: 0 | CK2: 0 | CL2: 5 | CM2: 33 | CN2: 0 | CO2: 0 | CP2: 0 | CQ2: 75 | CR2: 0 | CS2: 0 | CT2: 0 | CU2: 0 | CV2: 0 | CW2: 2 | CX2: 0 | CY2: 0 | CZ2: 1 | DA2: 0 | DB2: 0 | DC2: 0 | DD2: 0 | DE2: 6 | DF2: 0
A3: Aberdeen City Integration Joint Board | B3: Health and Social Care | C3: 0 | D3: 0 | E3: 0 | F3: 0 | G3: 0 | H3: 0 | I3: 0 | J3: 0 | K3: 0 | L3: 0 | M3: 0 | N3: 0 | O3: 0 | P3: 0 | Q3: 0 | R3: 0 | S3: 0 | T3: 0 | U3: 0 | V3: 0 | W3: 0 | X3: 0 | Y3: 0 | Z3: 0 | AA3: 0 | AB3: 0 | AC3: 0 | AD3: 0 | AE3: 0 | AF3: 0 | AG3: 0 | AH3: 0 | AI3: 0 | AJ3: 0 | AK3: 0 | AL3: 0 | AM3: 0 | AN3: 0 | AO3: 0 | AP3: 0 | AQ3: 0 | AR3: 0 | AS3: 0 | AT3: 0 | AU3: 0 | AV3: 0 | AW3: 0 | AX3: 0 | AY3: 0 | AZ3: 0 | BA3: 0 | BB3: 0 | BC3: 0 | BD3: 0 | BE3: 0 | BF3: 0 | BG3: 0 | BH3: 0 | BI3: 0 | BJ3: 0 | BK3: 0 | BL3: 0 | BM3: 0 | BN3: 0 | BO3: 0 | BP3: 0 | BQ3: 0 | BR3: 0 | BS3: 0 | BT3: 0 | BU3: 0 | BV3: 0 | BW3: 0 | BX3: 0 | BY3: 0 | BZ3: 0 | CA3: 0 | CB3: 0 | CC3: 0 | CD3: 0 | CE3: 0 | CF3: 0 | CG3: 0 | CH3: 0 | CI3: 0 | CJ3: 0 | CK3: 0 | CL3: 0 | CM3: 0 | CN3: 0 | CO3: 0 | CP3: 0 | CQ3: 0 | CR3: 0 | CS3: 0 | CT3: 0 | CU3: 0 | CV3: 0 | CW3: 0 | CX3: 0 | CY3: 0 | CZ3: 0 | DA3: 0 | DB3: 0 | DC3: 0 | DD3: 0 | DE3: 0 | DF3: 0
A4: Aberdeen City Licensing Board | B4: Local Government | C4: 0 | D4: 0 | E4: 0 | F4: 0 | G4: 0 | H4: 0 | I4: 0 | J4: 0 | K4: 0 | L4: 0 | M4: 0 | N4: 0 | O4: 0 | P4: 0 | Q4: 0 | R4: 0 | S4: 0 | T4: 0 | U4: 0 | V4: 0 | W4: 0 | X4: 0 | Y4: 0 | Z4: 0 | AA4: 0 | AB4: 0 | AC4: 0 | AD4: 0 | AE4: 0 | AF4: 0 | AG4: 0 | AH4: 0 | AI4: 0 | AJ4: 0 | AK4: 0 | AL4: 0 | AM4: 0 | AN4: 0 | AO4: 0 | AP4: 0 | AQ4: 0 | AR4: 0 | AS4: 0 | AT4: 0 | AU4: 0 | AV4: 0 | AW4: 0 | AX4: 0 | AY4: 0 | AZ4: 0 | BA4: 0 | BB4: 0 | BC4: 0 | BD4: 0 | BE4: 0 | BF4: 0 | BG4: 0 | BH4: 0 | BI4: 0 | BJ4: 0 | BK4: 0 | BL4: 0 | BM4: 0 | BN4: 0 | BO4: 0 | BP4: 0 | BQ4: 0 | BR4: 0 | BS4: 0 | BT4: 0 | BU4: 0 | BV4: 0 | BW4: 0 | BX4: 0 | BY4: 0 | BZ4: 0 | CA4: 0 | CB4: 0 | CC4: 0 | CD4: 0 | CE4: 0 | CF4: 0 | CG4: 0 | CH4: 0 | CI4: 0 | CJ4: 0 | CK4: 0 | CL4: 0 | CM4: 0 | CN4: 0 | CO4: 0 | CP4: 0 | CQ4: 0 | CR4: 0 | CS4: 0 | CT4: 0 | CU4: 0 | CV4: 0 | CW4: 0 | CX4: 0 | CY4: 0 | CZ4: 0 | DA4: 0 | DB4: 0 | DC4: 0 | DD4: 0 | DE4: 0 | DF4: 0
A5: Aberdeen Performing Arts | B5: Leisure and Culture | C5: 0 | D5: 0 | E5: 0 | F5: 0 | G5: 0 | H5: 0 | I5: 0 | J5: 0 | K5: 0 | L5: 0 | M5: 0 | N5: 0 | O5: 0 | P5: 0 | Q5: 0 | R5: 0 | S5: 0 | T5: 0 | U5: 0 | V5: 0 | W5: 0 | X5: 0 | Y5: 0 | Z5: 0 | AA5: 0 | AB5: 0 | AC5: 0 | AD5: 0 | AE5: 0 | AF5: 0 | AG5: 0 | AH5: 0 | AI5: 0 | AJ5: 0 | AK5: 0 | AL5: 0 | AM5: 0 | AN5: 0 | AO5: 0 | AP5: 0 | AQ5: 0 | AR5: 0 | AS5: 0 | AT5: 0 | AU5: 0 | AV5: 0 | AW5: 0 | AX5: 0 | AY5: 0 | AZ5: 0 | BA5: 0 | BB5: 0 | BC5: 0 | BD5: 0 | BE5: 0 | BF5: 0 | BG5: 0 | BH5: 0 | BI5: 0 | BJ5: 0 | BK5: 0 | BL5: 0 | BM5: 0 | BN5: 0 | BO5: 0 | BP5: 0 | BQ5: 0 | BR5: 0 | BS5: 0 | BT5: 0 | BU5: 0 | BV5: 0 | BW5: 0 | BX5: 0 | BY5: 0 | BZ5: 0 | CA5: 0 | CB5: 0 | CC5: 0 | CD5: 0 | CE5: 0 | CF5: 0 | CG5: 0 | CH5: 0 | CI5: 0 | CJ5: 0 | CK5: 0 | CL5: 0 | CM5: 0 | CN5: 0 | CO5: 0 | CP5: 0 | CQ5: 0 | CR5: 0 | CS5: 0 | CT5: 0 | CU5: 0 | CV5: 0 | CW5: 0 | CX5: 0 | CY5: 0 | CZ5: 0 | DA5: 0 | DB5: 0 | DC5: 0 | DD5: 0 | DE5: 0 | DF5: 0
A6: Aberdeenshire Council and Licensing Board | B6: Local Government | C6: 379 | D6: 2 | E6: 0 | F6: 0 | G6: 0 | H6: 291 | I6: 31 | J6: 5 | K6: 6 | L6: 0 | M6: 19 | N6: 259 | O6: 1 | P6: 3 | Q6: 30 | R6: 0 | S6: 56 | T6: 0 | U6: 0 | V6: 4 | W6: 0 | X6: 40 | Y6: 8 | Z6: 2 | AA6: 0 | AB6: 0 | AC6: 0 | AD6: 38 | AE6: 0 | AF6: 0 | AG6: 10 | AH6: 0 | AI6: 72 | AJ6: 6 | AK6: 6 | AL6: 0 | AM6: 0 | AN6: 3 | AO6: 0 | AP6: 0 | AQ6: 0 | AR6: 0 | AS6: 0 | AT6: 0 | AU6: 0 | AV6: 0 | AW6: 0 | AX6: 0 | AY6: 0 | AZ6: 0 | BA6: 0 | BB6: 0 | BC6: 0 | BD6: 0 | BE6: 0 | BF6: 0 | BG6: 0 | BH6: 0 | BI6: 0 | BJ6: 0 | BK6: 0 | BL6: 0 | BM6: 0 | BN6: 0 | BO6: 0 | BP6: 0 | BQ6: 0 | BR6: 0 | BS6: 0 | BT6: 0 | BU6: 0 | BV6: 0 | BW6: 0 | BX6: 0 | BY6: 0 | BZ6: 7 | CA6: 0 | CB6: 0 | CC6: 0 | CD6: 0 | CE6: 0 | CF6: 0 | CG6: 0 | CH6: 1 | CI6: 6 | CJ6: 0 | CK6: 0 | CL6: 0 | CM6: 11 | CN6: 0 | CO6: 0 | CP6: 0 | CQ6: 0 | CR6: 0 | CS6: 0 | CT6: 0 | CU6: 0 | CV6: 0 | CW6: 0 | CX6: 0 | CY6: 0 | CZ6: 0 | DA6: 0 | DB6: 0 | DC6: 0 | DD6: 0 | DE6: 0 | DF6: 0
A7: Aberdeenshire Integration Joint Board | B7: Health and Social Care | C7: 0 | D7: 0 | E7: 0 | F7: 0 | G7: 0 | H7: 0 | I7: 0 | J7: 0 | K7: 0 | L7: 0 | M7: 0 | N7: 0 | O7: 0 | P7: 0 | Q7: 0 | R7: 0 | S7: 0 | T7: 0 | U7: 0 | V7: 0 | W7: 0 | X7: 0 | Y7: 0 | Z7: 0 | AA7: 0 | AB7: 0 | AC7: 0 | AD7: 0 | AE7: 0 | AF7: 0 | AG7: 0 | AH7: 0 | AI7: 0 | AJ7: 0 | AK7: 0 | AL7: 0 | AM7: 0 | AN7: 0 | AO7: 0 | AP7: 0 | AQ7: 0 | AR7: 0 | AS7: 0 | AT7: 0 | AU7: 0 | AV7: 0 | AW7: 0 | AX7: 0 | AY7: 0 | AZ7: 0 | BA7: 0 | BB7: 0 | BC7: 0 | BD7: 0 | BE7: 0 | BF7: 0 | BG7: 0 | BH7: 0 | BI7: 0 | BJ7: 0 | BK7: 0 | BL7: 0 | BM7: 0 | BN7: 0 | BO7: 0 | BP7: 0 | BQ7: 0 | BR7: 0 | BS7: 0 | BT7: 0 | BU7: 0 | BV7: 0 | BW7: 0 | BX7: 0 | BY7: 0 | BZ7: 0 | CA7: 0 | CB7: 0 | CC7: 0 | CD7: 0 | CE7: 0 | CF7: 0 | CG7: 0 | CH7: 0 | CI7: 0 | CJ7: 0 | CK7: 0 | CL7: 0 | CM7: 0 | CN7: 0 | CO7: 0 | CP7: 0 | CQ7: 0 | CR7: 0 | CS7: 0 | CT7: 0 | CU7: 0 | CV7: 0 | CW7: 0 | CX7: 0 | CY7: 0 | CZ7: 0 | DA7: 0 | DB7: 0 | DC7: 0 | DD7: 0 | DE7: 0 | DF7: 0
A8: Abertay Housing Association Ltd | B8: Registered Social Landlords | C8: 2 | D8: 0 | E8: 0 | F8: 0 | G8: 0 | H8: 2 | I8: 0 | J8: 0 | K8: 0 | L8: 0 | M8: 0 | N8: 1 | O8: 1 | P8: 0 | Q8: 0 | R8: 0 | S8: 0 | T8: 0 | U8: 0 | V8: 0 | W8: 0 | X8: 0 | Y8: 0 | Z8: 0 | AA8: 0 | AB8: 0 | AC8: 0 | AD8: 0 | AE8: 0 | AF8: 0 | AG8: 0 | AH8: 0 | AI8: 2 | AJ8: 0 | AK8: 0 | AL8: 0 | AM8: 0 | AN8: 0 | AO8: 0 | AP8: 0 | AQ8: 0 | AR8: 0 | AS8: 0 | AT8: 0 | AU8: 0 | AV8: 0 | AW8: 0 | AX8: 0 | AY8: 0 | AZ8: 0 | BA8: 0 | BB8: 0 | BC8: 0 | BD8: 0 | BE8: 0 | BF8: 0 | BG8: 0 | BH8: 0 | BI8: 0 | BJ8: 0 | BK8: 0 | BL8: 1 | BM8: 0 | BN8: 0 | BO8: 0 | BP8: 0 | BQ8: 0 | BR8: 0 | BS8: 0 | BT8: 0 | BU8: 0 | BV8: 0 | BW8: 0 | BX8: 0 | BY8: 0 | BZ8: 0 | CA8: 0 | CB8: 0 | CC8: 0 | CD8: 0 | CE8: 0 | CF8: 0 | CG8: 0 | CH8: 0 | CI8: 0 | CJ8: 0 | CK8: 0 | CL8: 0 | CM8: 0 | CN8: 0 | CO8: 0 | CP8: 0 | CQ8: 0 | CR8: 0 | CS8: 0 | CT8: 0 | CU8: 0 | CV8: 0 | CW8: 0 | CX8: 0 | CY8: 0 | CZ8: 0 | DA8: 0 | DB8: 0 | DC8: 0 | DD8: 0 | DE8: 0 | DF8: 0
A9: Abronhill Housing Association Ltd | B9: Registered Social Landlords | C9: 2 | D9: 0 | E9: 0 | F9: 0 | G9: 0 | H9: 2 | I9: 0 | J9: 0 | K9: 0 | L9: 0 | M9: 0 | N9: 1 | O9: 1 | P9: 0 | Q9: 0 | R9: 0 | S9: 0 | T9: 0 | U9: 0 | V9: 0 | W9: 0 | X9: 0 | Y9: 0 | Z9: 0 | AA9: 0 | AB9: 0 | AC9: 0 | AD9: 0 | AE9: 0 | AF9: 0 | AG9: 0 | AH9: 0 | AI9: 0 | AJ9: 0 | AK9: 0 | AL9: 0 | AM9: 0 | AN9: 0 | AO9: 0 | AP9: 0 | AQ9: 0 | AR9: 0 | AS9: 0 | AT9: 0 | AU9: 0 | AV9: 0 | AW9: 0 | AX9: 0 | AY9: 0 | AZ9: 0 | BA9: 0 | BB9: 0 | BC9: 0 | BD9: 0 | BE9: 0 | BF9: 0 | BG9: 0 | BH9: 0 | BI9: 0 | BJ9: 0 | BK9: 0 | BL9: 1 | BM9: 0 | BN9: 0 | BO9: 0 | BP9: 0 | BQ9: 0 | BR9: 0 | BS9: 0 | BT9: 0 | BU9: 0 | BV9: 0 | BW9: 0 | BX9: 0 | BY9: 0 | BZ9: 0 | CA9: 0 | CB9: 0 | CC9: 0 | CD9: 0 | CE9: 0 | CF9: 0 | CG9: 0 | CH9: 0 | CI9: 0 | CJ9: 0 | CK9: 0 | CL9: 0 | CM9: 0 | CN9: 0 | CO9: 0 | CP9: 0 | CQ9: 0 | CR9: 0 | CS9: 0 | CT9: 0 | CU9: 0 | CV9: 0 | CW9: 0 | CX9: 0 | CY9: 0 | CZ9: 0 | DA9: 0 | DB9: 0 | DC9: 0 | DD9: 0 | DE9: 0 | DF9: 0
A10: Accounts Commission for Scotland | B10: Other | C10: 1 | D10: 0 | E10: 0 | F10: 0 | G10: 0 | H10: 1 | I10: 0 | J10: 0 | K10: 0 | L10: 0 | M10: 0 | N10: 1 | O10: 0 | P10: 0 | Q10: 0 | R10: 0 | S10: 0 | T10: 0 | U10: 0 | V10: 0 | W10: 0 | X10: 0 | Y10: 0 | Z10: 0 | AA10: 0 | AB10: 0 | AC10: 0 | AD10: 0 | AE10: 0 | AF10: 0 | AG10: 0 | AH10: 0 | AI10: 0 | AJ10: 0 | AK10: 0 | AL10: 0 | AM10: 0 | AN10: 0 | AO10: 0 | AP10: 0 | AQ10: 0 | AR10: 0 | AS10: 0 | AT10: 0 | AU10: 0 | AV10: 0 | AW10: 0 | AX10: 0 | AY10: 0 | AZ10: 0 | BA10: 0 | BB10: 0 | BC10: 0 | BD10: 0 | BE10: 0 | BF10: 0 | BG10: 0 | BH10: 0 | BI10: 0 | BJ10: 0 | BK10: 0 | BL10: 0 | BM10: 0 | BN10: 0 | BO10: 0 | BP10: 0 | BQ10: 0 | BR10: 0 | BS10: 0 | BT10: 0 | BU10: 0 | BV10: 0 | BW10: 0 | BX10: 0 | BY10: 0 | BZ10: 0 | CA10: 0 | CB10: 0 | CC10: 0 | CD10: 0 | CE10: 0 | CF10: 0 | CG10: 0 | CH10: 0 | CI10: 0 | CJ10: 0 | CK10: 0 | CL10: 0 | CM10: 0 | CN10: 0 | CO10: 0 | CP10: 0 | CQ10: 0 | CR10: 0 | CS10: 0 | CT10: 0 | CU10: 0 | CV10: 0 | CW10: 0 | CX10: 0 | CY10: 0 | CZ10: 0 | DA10: 0 | DB10: 0 | DC10: 0 | DD10: 0 | DE10: 0 | DF10: 0
A11: Active Stirling | B11: Leisure and Culture | C11: 0 | D11: 0 | E11: 0 | F11: 0 | G11: 0 | H11: 0 | I11: 0 | J11: 0 | K11: 0 | L11: 0 | M11: 0 | N11: 0 | O11: 0 | P11: 0 | Q11: 0 | R11: 0 | S11: 0 | T11: 0 | U11: 0 | V11: 0 | W11: 0 | X11: 0 | Y11: 0 | Z11: 0 | AA11: 0 | AB11: 0 | AC11: 0 | AD11: 0 | AE11: 0 | AF11: 0 | AG11: 0 | AH11: 0 | AI11: 0 | AJ11: 0 | AK11: 0 | AL11: 0 | AM11: 0 | AN11: 0 | AO11: 0 | AP11: 0 | AQ11: 0 | AR11: 0 | AS11: 0 | AT11: 0 | AU11: 0 | AV11: 0 | AW11: 0 | AX11: 0 | AY11: 0 | AZ11: 0 | BA11: 0 | BB11: 0 | BC11: 0 | BD11: 0 | BE11: 0 | BF11: 0 | BG11: 0 | BH11: 0 | BI11: 0 | BJ11: 0 | BK11: 0 | BL11: 0 | BM11: 0 | BN11: 0 | BO11: 0 | BP11: 0 | BQ11: 0 | BR11: 0 | BS11: 0 | BT11: 0 | BU11: 0 | BV11: 0 | BW11: 0 | BX11: 0 | BY11: 0 | BZ11: 0 | CA11: 0 | CB11: 0 | CC11: 0 | CD11: 0 | CE11: 0 | CF11: 0 | CG11: 0 | CH11: 0 | CI11: 0 | CJ11: 0 | CK11: 0 | CL11: 0 | CM11: 0 | CN11: 0 | CO11: 0 | CP11: 0 | CQ11: 0 | CR11: 0 | CS11: 0 | CT11: 0 | CU11: 0 | CV11: 0 | CW11: 0 | CX11: 0 | CY11: 0 | CZ11: 0 | DA11: 0 | DB11: 0 | DC11: 0 | DD11: 0 | DE11: 0 | DF11: 0
A12: Addiewell Prison Limited | B12: Police, Justice and Fire | C12: 2 | D12: 0 | E12: 0 | F12: 0 | G12: 0 | H12: 2 | I12: 0 | J12: 0 | K12: 0 | L12: 0 | M12: 0 | N12: 0 | O12: 0 | P12: 0 | Q12: 2 | R12: 0 | S12: 0 | T12: 0 | U12: 0 | V12: 0 | W12: 0 | X12: 0 | Y12: 0 | Z12: 0 | AA12: 0 | AB12: 0 | AC12: 0 | AD12: 0 | AE12: 0 | AF12: 0 | AG12: 0 | AH12: 0 | AI12: 0 | AJ12: 0 | AK12: 0 | AL12: 0 | AM12: 0 | AN12: 0 | AO12: 0 | AP12: 0 | AQ12: 0 | AR12: 0 | AS12: 0 | AT12: 0 | AU12: 0 | AV12: 0 | AW12: 0 | AX12: 0 | AY12: 0 | AZ12: 0 | BA12: 0 | BB12: 0 | BC12: 0 | BD12: 0 | BE12: 0 | BF12: 0 | BG12: 0 | BH12: 0 | BI12: 0 | BJ12: 0 | BK12: 0 | BL12: 0 | BM12: 0 | BN12: 0 | BO12: 0 | BP12: 0 | BQ12: 0 | BR12: 0 | BS12: 0 | BT12: 0 | BU12: 0 | BV12: 0 | BW12: 0 | BX12: 0 | BY12: 0 | BZ12: 0 | CA12: 0 | CB12: 0 | CC12: 0 | CD12: 0 | CE12: 0 | CF12: 0 | CG12: 0 | CH12: 0 | CI12: 0 | CJ12: 0 | CK12: 0 | CL12: 0 | CM12: 0 | CN12: 0 | CO12: 0 | CP12: 0 | CQ12: 0 | CR12: 0 | CS12: 0 | CT12: 0 | CU12: 0 | CV12: 0 | CW12: 0 | CX12: 0 | CY12: 0 | CZ12: 0 | DA12: 0 | DB12: 0 | DC12: 0 | DD12: 0 | DE12: 0 | DF12: 0
A13: Albyn Enterprises Ltd | B13: Registered Social Landlords | C13: 0 | D13: 0 | E13: 0 | F13: 0 | G13: 0 | H13: 0 | I13: 0 | J13: 0 | K13: 0 | L13: 0 | M13: 0 | N13: 0 | O13: 0 | P13: 0 | Q13: 0 | R13: 0 | S13: 0 | T13: 0 | U13: 0 | V13: 0 | W13: 0 | X13: 0 | Y13: 0 | Z13: 0 | AA13: 0 | AB13: 0 | AC13: 0 | AD13: 0 | AE13: 0 | AF13: 0 | AG13: 0 | AH13: 0 | AI13: 0 | AJ13: 0 | AK13: 0 | AL13: 0 | AM13: 0 | AN13: 0 | AO13: 0 | AP13: 0 | AQ13: 0 | AR13: 0 | AS13: 0 | AT13: 0 | AU13: 0 | AV13: 0 | AW13: 0 | AX13: 0 | AY13: 0 | AZ13: 0 | BA13: 0 | BB13: 0 | BC13: 0 | BD13: 0 | BE13: 0 | BF13: 0 | BG13: 0 | BH13: 0 | BI13: 0 | BJ13: 0 | BK13: 0 | BL13: 0 | BM13: 0 | BN13: 0 | BO13: 0 | BP13: 0 | BQ13: 0 | BR13: 0 | BS13: 0 | BT13: 0 | BU13: 0 | BV13: 0 | BW13: 0 | BX13: 0 | BY13: 0 | BZ13: 0 | CA13: 0 | CB13: 0 | CC13: 0 | CD13: 0 | CE13: 0 | CF13: 0 | CG13: 0 | CH13: 0 | CI13: 0 | CJ13: 0 | CK13: 0 | CL13: 0 | CM13: 0 | CN13: 0 | CO13: 0 | CP13: 0 | CQ13: 0 | CR13: 0 | CS13: 0 | CT13: 0 | CU13: 0 | CV13: 0 | CW13: 0 | CX13: 0 | CY13: 0 | CZ13: 0 | DA13: 0 | DB13: 0 | DC13: 0 | DD13: 0 | DE13: 0 | DF13: 0
... A124: East Ayrshire Licensing Board | B124: Local Government | C124: 2 | D124: 0 | E124: 0 | F124: 0 | G124: 0 | H124: 2 | I124: 0 | J124: 0 | K124: 0 | L124: 0 | M124: 0 | N124: 2 | O124: 0 | P124: 0 | Q124: 0 | R124: 0 | S124: 0 | T124: 0 | U124: 0 | V124: 0 | W124: 0 | X124: 0 | Y124: 0 | Z124: 0 | AA124: 0 | AB124: 0 | AC124: 0 | AD124: 0 | AE124: 0 | AF124: 0 | AG124: 0 | AH124: 0 | AI124: 0 | AJ124: 0 | AK124: 0 | AL124: 0 | AM124: 0 | AN124: 0 | AO124: 0 | AP124: 0 | AQ124: 0 | AR124: 0 | AS124: 0 | AT124: 0 | AU124: 0 | AV124: 0 | AW124: 0 | AX124: 0 | AY124: 0 | AZ124: 0 | BA124: 0 | BB124: 0 | BC124: 0 | BD124: 0 | BE124: 0 | BF124: 0 | BG124: 0 | BH124: 0 | BI124: 0 | BJ124: 0 | BK124: 0 | BL124: 0 | BM124: 0 | BN124: 0 | BO124: 0 | BP124: 0 | BQ124: 0 | BR124: 0 | BS124: 0 | BT124: 0 | BU124: 0 | BV124: 0 | BW124: 0 | BX124: 0 | BY124: 0 | BZ124: 0 | CA124: 0 | CB124: 0 | CC124: 0 | CD124: 0 | CE124: 0 | CF124: 0 | CG124: 0 | CH124: 0 | CI124: 0 | CJ124: 0 | CK124: 0 | CL124: 0 | CM124: 0 | CN124: 0 | CO124: 0 | CP124: 0 | CQ124: 0 | CR124: 0 | CS124: 0 | CT124: 0 | CU124: 0 | CV124: 0 | CW124: 0 | CX124: 0 | CY124: 0 | CZ124: 0 | DA124: 0 | DB124: 0 | DC124: 0 | DD124: 0 | DE124: 0 | DF124: 0
A125: East Dunbartonshire Council and Licensing Board | B125: Local Government | C125: 293 | D125: 9 | E125: 1 | F125: 0 | G125: 0 | H125: 276 | I125: 16 | J125: 1 | K125: 0 | L125: 0 | M125: 1 | N125: 207 | O125: 9 | P125: 52 | Q125: 9 | R125: 0 | S125: 32 | T125: 0 | U125: 0 | V125: 0 | W125: 0 | X125: 32 | AA125: 0 | AB125: 0 | AC125: 0 | AD125: 20 | AE125: 4 | AF125: 1 | AG125: 4 | AH125: 0 | AI125: 39 | AJ125: 9 | AK125: 6 | AL125: 2 | AM125: 1 | AN125: 5 | AO125: 2 | AP125: 2 | AQ125: 1 | AR125: 1 | AS125: 0 | AT125: 0 | AU125: 1 | AV125: 0 | AW125: 7 | AX125: 0 | AY125: 2 | AZ125: 0 | BA125: 0 | BB125: 2 | BC125: 0 | BD125: 0 | BE125: 0 | BF125: 0 | BG125: 0 | BH125: 0 | BI125: 0 | BJ125: 0 | BK125: 0 | BL125: 1 | BM125: 0 | BN125: 0 | BO125: 0 | BP125: 0 | BQ125: 0 | BR125: 2 | BS125: 0 | BT125: 0 | BU125: 0 | BV125: 0 | BW125: 0 | BX125: 0 | BY125: 0 | BZ125: 0 | CA125: 0 | CB125: 0 | CC125: 0 | CD125: 0 | CE125: 0 | CF125: 0 | CG125: 0 | CH125: 0 | CI125: 0 | CJ125: 0 | CK125: 0 | CL125: 0 | CM125: 20 | CN125: 0 | CO125: 0 | CP125: 0 | CQ125: 0 | CR125: 0 | CS125: 0 | CT125: 0 | CU125: 0 | CV125: 0 | CW125: 0 | CX125: 0 | CY125: 0 | CZ125: 0 | DA125: 0 | DB125: 0 | DC125: 0 | DD125: 0 | DE125: 0 | DF125: 0
A126: East Dunbartonshire Integration Joint Board | B126: Health and Social Care | C126: 1 | D126: 0 | E126: 0 | F126: 0 | G126: 0 | H126: 1 | I126: 0 | J126: 0 | K126: 0 | L126: 0 | M126: 0 | N126: 0 | O126: 0 | P126: 0 | Q126: 1 | R126: 0 | S126: 0 | T126: 0 | U126: 0 | V126: 0 | W126: 0 | X126: 0 | Y126: 0 | Z126: 0 | AA126: 0 | AB126: 0 | AC126: 0 | AD126: 0 | AE126: 0 | AF126: 0 | AG126: 0 | AH126: 0 | AI126: 0 | AJ126: 0 | AK126: 0 | AL126: 0 | AM126: 0 | AN126: 0 | AO126: 0 | AP126: 0 | AQ126: 0 | AR126: 0 | AS126: 0 | AT126: 0 | AU126: 0 | AV126: 0 | AW126: 0 | AX126: 0 | AY126: 0 | AZ126: 0 | BA126: 0 | BB126: 0 | BC126: 0 | BD126: 0 | BE126: 0 | BF126: 0 | BG126: 0 | BH126: 0 | BI126: 0 | BJ126: 0 | BK126: 0 | BL126: 0 | BM126: 0 | BN126: 0 | BO126: 0 | BP126: 0 | BQ126: 0 | BR126: 0 | BS126: 0 | BT126: 0 | BU126: 0 | BV126: 0 | BW126: 0 | BX126: 0 | BY126: 0 | BZ126: 0 | CA126: 0 | CB126: 0 | CC126: 0 | CD126: 0 | CE126: 0 | CF126: 0 | CG126: 0 | CH126: 0 | CI126: 0 | CJ126: 0 | CK126: 0 | CL126: 0 | CM126: 0 | CN126: 0 | CO126: 0 | CP126: 0 | CQ126: 0 | CR126: 0 | CS126: 0 | CT126: 0 | CU126: 0 | CV126: 0 | CW126: 0 | CX126: 0 | CY126: 0 | CZ126: 0 | DA126: 0 | DB126: 0 | DC126: 0 | DD126: 0 | DE126: 0 | DF126: 0
A127: East Dunbartonshire Leisure and Culture Trust | B127: Leisure and Culture | C127: 4 | D127: 0 | E127: 0 | F127: 0 | G127: 0 | H127: 4 | I127: 0 | J127: 0 | K127: 0 | L127: 0 | M127: 0 | N127: 2 | O127: 0 | P127: 2 | Q127: 0 | R127: 0 | S127: 0 | T127: 0 | U127: 0 | V127: 0 | W127: 0 | X127: 0 | Y127: 0 | Z127: 0 | AA127: 0 | AB127: 0 | AC127: 0 | AD127: 0 | AE127: 0 | AF127: 0 | AG127: 0 | AH127: 0 | AI127: 0 | AJ127: 0 | AK127: 0 | AL127: 0 | AM127: 0 | AN127: 0 | AO127: 0 | AP127: 0 | AQ127: 0 | AR127: 0 | AS127: 0 | AT127: 0 | AU127: 0 | AV127: 0 | AW127: 0 | AX127: 0 | AY127: 0 | AZ127: 0 | BA127: 0 | BB127: 0 | BC127: 0 | BD127: 0 | BE127: 0 | BF127: 0 | BG127: 0 | BH127: 0 | BI127: 0 | BJ127: 0 | BK127: 0 | BL127: 0 | BM127: 0 | BN127: 0 | BO127: 0 | BP127: 0 | BQ127: 0 | BR127: 0 | BS127: 0 | BT127: 0 | BU127: 0 | BV127: 0 | BW127: 0 | BX127: 0 | BY127: 0 | BZ127: 0 | CA127: 0 | CB127: 0 | CC127: 0 | CD127: 0 | CE127: 0 | CF127: 0 | CG127: 0 | CH127: 0 | CI127: 0 | CJ127: 0 | CK127: 0 | CL127: 0 | CM127: 0 | CN127: 0 | CO127: 0 | CP127: 0 | CQ127: 0 | CR127: 0 | CS127: 0 | CT127: 0 | CU127: 0 | CV127: 0 | CW127: 0 | CX127: 0 | CY127: 0 | CZ127: 0 | DA127: 0 | DB127: 0 | DC127: 0 | DD127: 0 | DE127: 0 | DF127: 0
A128: East Kilbride and District Housing Association Ltd | B128: Registered Social Landlords | C128: 2 | D128: 0 | E128: 0 | F128: 0 | G128: 0 | H128: 2 | I128: 0 | J128: 0 | K128: 0 | L128: 0 | M128: 0 | N128: 2 | O128: 0 | P128: 0 | Q128: 0 | R128: 0 | S128: 0 | T128: 0 | U128: 0 | V128: 0 | W128: 0 | X128: 0 | Y128: 0 | Z128: 0 | AA128: 0 | AB128: 0 | AC128: 0 | AD128: 0 | AE128: 0 | AF128: 0 | AG128: 0 | AH128: 0 | AI128: 0 | AJ128: 0 | AK128: 0 | AL128: 0 | AM128: 0 | AN128: 0 | AO128: 0 | AP128: 0 | AQ128: 0 | AR128: 0 | AS128: 0 | AT128: 0 | AU128: 0 | AV128: 0 | AW128: 0 | AX128: 0 | AY128: 0 | AZ128: 0 | BA128: 0 | BB128: 0 | BC128: 0 | BD128: 0 | BE128: 0 | BF128: 0 | BG128: 0 | BH128: 0 | BI128: 0 | BJ128: 0 | BK128: 0 | BL128: 0 | BM128: 0 | BN128: 0 | BO128: 0 | BP128: 0 | BQ128: 0 | BR128: 0 | BS128: 0 | BT128: 0 | BU128: 0 | BV128: 0 | BW128: 0 | BX128: 0 | BY128: 0 | BZ128: 0 | CA128: 0 | CB128: 0 | CC128: 0 | CD128: 0 | CE128: 0 | CF128: 0 | CG128: 0 | CH128: 0 | CI128: 0 | CJ128: 0 | CK128: 0 | CL128: 0 | CM128: 0 | CN128: 0 | CO128: 0 | CP128: 0 | CQ128: 0 | CR128: 0 | CS128: 0 | CT128: 0 | CU128: 0 | CV128: 0 | CW128: 0 | CX128: 0 | CY128: 0 | CZ128: 0 | DA128: 0 | DB128: 0 | DC128: 0 | DD128: 0 | DE128: 0 | DF128: 0
A129: East Lothian Council | B129: Local Government | C129: 240 | D129: 14 | E129: 3 | F129: 4 | G129: 0 | H129: 227 | I129: 0 | J129: 0 | K129: 0 | L129: 0 | M129: 0 | N129: 113 | O129: 0 | P129: 101 | Q129: 6 | R129: 1 | S129: 116 | T129: 4 | U129: 5 | V129: 59 | W129: 7 | X129: 61 | Y129: 0 | Z129: 0 | AA129: 0 | AB129: 1 | AC129: 0 | AD129: 20 | AE129: 3 | AF129: 14 | AG129: 16 | AH129: 0 | AI129: 47 | AJ129: 5 | AK129: 5 | AL129: 0 | AM129: 0 | AN129: 4 | AO129: 1 | AP129: 0 | AQ129: 16 | AR129: 15 | AS129: 1 | AT129: 0 | AU129: 15 | AV129: 1 | AW129: 16 | AX129: 0 | AY129: 0 | AZ129: 0 | BA129: 0 | BB129: 0 | BC129: 0 | BD129: 0 | BE129: 0 | BF129: 0 | BG129: 0 | BH129: 0 | BI129: 0 | BJ129: 0 | BK129: 1 | BL129: 1 | BM129: 1 | BN129: 0 | BO129: 0 | BP129: 0 | BQ129: 0 | BR129: 0 | BS129: 0 | BT129: 0 | BU129: 0 | BV129: 0 | BW129: 0 | BX129: 0 | BY129: 0 | BZ129: 0 | CA129: 0 | CB129: 0 | CC129: 0 | CD129: 0 | CE129: 0 | CF129: 0 | CG129: 0 | CH129: 0 | CI129: 1 | CJ129: 0 | CK129: 0 | CL129: 0 | CM129: 16 | CN129: 0 | CO129: 0 | CP129: 0 | CQ129: 0 | CR129: 0 | CS129: 0 | CT129: 2 | CU129: 0 | CV129: 0 | CW129: 0 | CX129: 0 | CY129: 1 | CZ129: 0 | DA129: 0 | DB129: 0 | DC129: 0 | DD129: 1 | DE129: 10 | DF129: 0
A130: East Lothian Housing Association Ltd | B130: Registered Social Landlords | C130: 1 | D130: 0 | E130: 0 | F130: 0 | G130: 0 | H130: 1 | I130: 0 | J130: 0 | K130: 0 | L130: 0 | M130: 0 | N130: 1 | O130: 0 | P130: 0 | Q130: 0 | R130: 0 | S130: 0 | T130: 0 | U130: 0 | V130: 0 | W130: 0 | X130: 0 | Y130: 0 | Z130: 0 | AA130: 0 | AB130: 0 | AC130: 0 | AD130: 0 | AE130: 0 | AF130: 0 | AG130: 0 | AH130: 0 | AI130: 0 | AJ130: 0 | AK130: 0 | AL130: 0 | AM130: 0 | AN130: 0 | AO130: 0 | AP130: 0 | AQ130: 0 | AR130: 0 | AS130: 0 | AT130: 0 | AU130: 0 | AV130: 0 | AW130: 0 | AX130: 0 | AY130: 0 | AZ130: 0 | BA130: 0 | BB130: 0 | BC130: 0 | BD130: 0 | BE130: 0 | BF130: 0 | BG130: 0 | BH130: 0 | BI130: 0 | BJ130: 0 | BK130: 0 | BL130: 0 | BM130: 0 | BN130: 0 | BO130: 0 | BP130: 0 | BQ130: 0 | BR130: 0 | BS130: 0 | BT130: 0 | BU130: 0 | BV130: 0 | BW130: 0 | BX130: 0 | BY130: 0 | BZ130: 0 | CA130: 0 | CB130: 0 | CC130: 0 | CD130: 0 | CE130: 0 | CF130: 0 | CG130: 0 | CH130: 0 | CI130: 0 | CJ130: 0 | CK130: 0 | CL130: 0 | CM130: 0 | CN130: 0 | CO130: 0 | CP130: 0 | CQ130: 0 | CR130: 0 | CS130: 0 | CT130: 0 | CU130: 0 | CV130: 0 | CW130: 0 | CX130: 0 | CY130: 0 | CZ130: 0 | DA130: 0 | DB130: 0 | DC130: 0 | DD130: 0 | DE130: 0 | DF130: 0
A131: East Lothian Licensing Board | B131: Local Government | C131: 0 | D131: 0 | E131: 0 | F131: 0 | G131: 0 | H131: 0 | I131: 0 | J131: 0 | K131: 0 | L131: 0 | M131: 0 | N131: 0 | O131: 0 | P131: 0 | Q131: 0 | R131: 0 | S131: 0 | T131: 0 | U131: 0 | V131: 0 | W131: 0 | X131: 0 | Y131: 0 | Z131: 0 | AA131: 0 | AB131: 0 | AC131: 0 | AD131: 0 | AE131: 0 | AF131: 0 | AG131: 0 | AH131: 0 | AI131: 1 | AJ131: 0 | AK131: 0 | AL131: 0 | AM131: 0 | AN131: 0 | AO131: 0 | AP131: 0 | AQ131: 0 | AR131: 0 | AS131: 0 | AT131: 0 | AU131: 0 | AV131: 0 | AW131: 0 | AX131: 0 | AY131: 0 | AZ131: 0 | BA131: 0 | BB131: 0 | BC131: 0 | BD131: 0 | BE131: 0 | BF131: 0 | BG131: 0 | BH131: 0 | BI131: 0 | BJ131: 0 | BK131: 0 | BL131: 0 | BM131: 0 | BN131: 0 | BO131: 0 | BP131: 0 | BQ131: 0 | BR131: 0 | BS131: 0 | BT131: 0 | BU131: 0 | BV131: 0 | BW131: 0 | BX131: 0 | BY131: 0 | BZ131: 0 | CA131: 0 | CB131: 0 | CC131: 0 | CD131: 0 | CE131: 0 | CF131: 0 | CG131: 0 | CH131: 0 | CI131: 0 | CJ131: 0 | CK131: 0 | CL131: 0 | CM131: 0 | CN131: 0 | CO131: 0 | CP131: 0 | CQ131: 0 | CR131: 0 | CS131: 0 | CT131: 0 | CU131: 0 | CV131: 0 | CW131: 0 | CX131: 0 | CY131: 0 | CZ131: 0 | DA131: 0 | DB131: 0 | DC131: 0 | DD131: 0 | DE131: 0 | DF131: 0
A132: East Park School | B132: Other | C132: 1 | D132: 0 | E132: 0 | F132: 0 | G132: 0 | H132: 1 | I132: 0 | J132: 0 | K132: 0 | L132: 0 | M132: 0 | N132: 0 | O132: 0 | P132: 0 | Q132: 1 | R132: 0 | S132: 0 | T132: 0 | U132: 0 | V132: 0 | W132: 0 | X132: 0 | Y132: 0 | Z132: 0 | AA132: 0 | AB132: 0 | AC132: 0 | AD132: 0 | AE132: 0 | AF132: 0 | AG132: 0 | AH132: 0 | AI132: 0 | AJ132: 0 | AK132: 0 | AL132: 0 | AM132: 0 | AN132: 0 | AO132: 0 | AP132: 0 | AQ132: 0 | AR132: 0 | AS132: 0 | AT132: 0 | AU132: 0 | AV132: 0 | AW132: 0 | AX132: 0 | AY132: 0 | AZ132: 0 | BA132: 0 | BB132: 0 | BC132: 0 | BD132: 0 | BE132: 0 | BF132: 0 | BG132: 0 | BH132: 0 | BI132: 0 | BJ132: 0 | BK132: 0 | BL132: 0 | BM132: 0 | BN132: 0 | BO132: 0 | BP132: 0 | BQ132: 0 | BR132: 0 | BS132: 0 | BT132: 0 | BU132: 0 | BV132: 0 | BW132: 0 | BX132: 0 | BY132: 0 | BZ132: 0 | CA132: 0 | CB132: 0 | CC132: 0 | CD132: 0 | CE132: 0 | CF132: 0 | CG132: 0 | CH132: 0 | CI132: 0 | CJ132: 0 | CK132: 0 | CL132: 0 | CM132: 0 | CN132: 0 | CO132: 0 | CP132: 0 | CQ132: 0 | CR132: 0 | CS132: 0 | CT132: 0 | CU132: 0 | CV132: 0 | CW132: 0 | CX132: 0 | CY132: 0 | CZ132: 0 | DA132: 0 | DB132: 0 | DC132: 0 | DD132: 0 | DE132: 0 | DF132: 0
A133: East Renfrewshire Council and Licensing Board | B133: Local Government | C133: 247 | D133: 3 | E133: 0 | F133: 0 | G133: 0 | H133: 218 | I133: 20 | J133: 9 | K133: 2 | L133: 0 | M133: 0 | N133: 182 | O133: 15 | P133: 33 | Q133: 31 | R133: 1 | S133: 112 | T133: 2 | U133: 0 | V133: 0 | W133: 0 | X133: 105 | Y133: 7 | Z133: 0 | AA133: 0 | AB133: 0 | AC133: 0 | AD133: 95 | AE133: 10 | AF133: 3 | AG133: 1 | AH133: 0 | AI133: 0 | AJ133: 3 | AK133: 2 | AL133: 1 | AM133: 0 | AN133: 3 | AO133: 0 | AP133: 0 | AQ133: 0 | AR133: 0 | AS133: 0 | AT133: 0 | AU133: 0 | AV133: 0 | AW133: 8 | AX133: 0 | AY133: 0 | AZ133: 0 | BA133: 0 | BB133: 4 | BC133: 0 | BD133: 0 | BE133: 0 | BF133: 0 | BG133: 0 | BH133: 0 | BI133: 0 | BJ133: 0 | BK133: 0 | BL133: 0 | BM133: 0 | BN133: 0 | BO133: 0 | BP133: 0 | BQ133: 0 | BR133: 0 | BS133: 0 | BT133: 0 | BU133: 0 | BV133: 0 | BW133: 0 | BX133: 0 | BY133: 0 | BZ133: 1 | CA133: 0 | CB133: 0 | CC133: 0 | CD133: 0 | CE133: 0 | CF133: 0 | CG133: 0 | CH133: 0 | CI133: 0 | CJ133: 0 | CK133: 0 | CL133: 1 | CM133: 7 | CN133: 0 | CO133: 0 | CP133: 1 | CQ133: 2 | CR133: 0 | CS133: 0 | CT133: 1 | CU133: 0 | CV133: 0 | CW133: 0 | CX133: 0 | CY133: 0 | CZ133: 0 | DA133: 0 | DB133: 0 | DC133: 0 | DD133: 0 | DE133: 0 | DF133: 0
A134: East Renfrewshire Integration Joint Board | B134: Health and Social Care | C134: 1 | D134: 0 | E134: 0 | F134: 0 | G134: 0 | H134: 1 | I134: 0 | J134: 0 | K134: 0 | L134: 0 | M134: 0 | N134: 0 | O134: 0 | P134: 0 | Q134: 1 | R134: 0 | S134: 0 | T134: 0 | U134: 0 | V134: 0 | W134: 0 | X134: 0 | Y134: 0 | Z134: 0 | AA134: 0 | AB134: 0 | AC134: 0 | AD134: 0 | AE134: 0 | AF134: 0 | AG134: 0 | AH134: 0 | AI134: 0 | AJ134: 0 | AK134: 0 | AL134: 0 | AM134: 0 | AN134: 0 | AO134: 0 | AP134: 0 | AQ134: 0 | AR134: 0 | AS134: 0 | AT134: 0 | AU134: 0 | AV134: 0 | AW134: 0 | AX134: 0 | AY134: 0 | AZ134: 0 | BA134: 0 | BB134: 0 | BC134: 0 | BD134: 0 | BE134: 0 | BF134: 0 | BG134: 0 | BH134: 0 | BI134: 0 | BJ134: 0 | BK134: 0 | BL134: 0 | BM134: 0 | BN134: 0 | BO134: 0 | BP134: 0 | BQ134: 0 | BR134: 0 | BS134: 0 | BT134: 0 | BU134: 0 | BV134: 0 | BW134: 0 | BX134: 0 | BY134: 0 | BZ134: 0 | CA134: 0 | CB134: 0 | CC134: 0 | CD134: 0 | CE134: 0 | CF134: 0 | CG134: 0 | CH134: 0 | CI134: 0 | CJ134: 0 | CK134: 0 | CL134: 0 | CM134: 0 | CN134: 0 | CO134: 0 | CP134: 0 | CQ134: 0 | CR134: 0 | CS134: 0 | CT134: 0 | CU134: 0 | CV134: 0 | CW134: 0 | CX134: 0 | CY134: 0 | CZ134: 0 | DA134: 0 | DB134: 0 | DC134: 0 | DD134: 0 | DE134: 0 | DF134: 0
A135: Easthall Park Housing Cooperative Ltd | B135: Registered Social Landlords | C135: 0 | D135: 0 | E135: 0 | F135: 0 | G135: 0 | H135: 0 | I135: 0 | J135: 0 | K135: 0 | L135: 0 | M135: 0 | N135: 0 | O135: 0 | P135: 0 | Q135: 0 | R135: 0 | S135: 0 | T135: 0 | U135: 0 | V135: 0 | W135: 0 | X135: 0 | Y135: 0 | Z135: 0 | AA135: 0 | AB135: 0 | AC135: 0 | AD135: 0 | AE135: 0 | AF135: 0 | AG135: 0 | AH135: 0 | AI135: 0 | AJ135: 0 | AK135: 0 | AL135: 0 | AM135: 0 | AN135: 0 | AO135: 0 | AP135: 0 | AQ135: 0 | AR135: 0 | AS135: 0 | AT135: 0 | AU135: 0 | AV135: 0 | AW135: 0 | AX135: 0 | AY135: 0 | AZ135: 0 | BA135: 0 | BB135: 0 | BC135: 0 | BD135: 0 | BE135: 0 | BF135: 0 | BG135: 0 | BH135: 0 | BI135: 0 | BJ135: 0 | BK135: 0 | BL135: 0 | BM135: 0 | BN135: 0 | BO135: 0 | BP135: 0 | BQ135: 0 | BR135: 0 | BS135: 0 | BT135: 0 | BU135: 0 | BV135: 0 | BW135: 0 | BX135: 0 | BY135: 0 | BZ135: 0 | CA135: 0 | CB135: 0 | CC135: 0 | CD135: 0 | CE135: 0 | CF135: 0 | CG135: 0 | CH135: 0 | CI135: 0 | CJ135: 0 | CK135: 0 | CL135: 0 | CM135: 0 | CN135: 0 | CO135: 0 | CP135: 0 | CQ135: 0 | CR135: 0 | CS135: 0 | CT135: 0 | CU135: 0 | CV135: 0 | CW135: 0 | CX135: 0 | CY135: 0 | CZ135: 0 | DA135: 0 | DB135: 0 | DC135: 0 | DD135: 0 | DE135: 0 | DF135: 0
A136: Eden Court Highlands | B136: Leisure and Culture | C136: 0 | D136: 0 | E136: 0 | F136: 0 | G136: 0 | H136: 0 | I136: 0 | J136: 0 | K136: 0 | L136: 0 | M136: 0 | N136: 0 | O136: 0 | P136: 0 | Q136: 0 | R136: 0 | S136: 0 | T136: 0 | U136: 0 | V136: 0 | W136: 0 | X136: 0 | Y136: 0 | Z136: 0 | AA136: 0 | AB136: 0 | AC136: 0 | AD136: 0 | AE136: 0 | AF136: 0 | AG136: 0 | AH136: 0 | AI136: 0 | AJ136: 0 | AK136: 0 | AL136: 0 | AM136: 0 | AN136: 0 | AO136: 0 | AP136: 0 | AQ136: 0 | AR136: 0 | AS136: 0 | AT136: 0 | AU136: 0 | AV136: 0 | AW136: 0 | AX136: 0 | AY136: 0 | AZ136: 0 | BA136: 0 | BB136: 0 | BC136: 0 | BD136: 0 | BE136: 0 | BF136: 0 | BG136: 0 | BH136: 0 | BI136: 0 | BJ136: 0 | BK136: 0 | BL136: 0 | BM136: 0 | BN136: 0 | BO136: 0 | BP136: 0 | BQ136: 0 | BR136: 0 | BS136: 0 | BT136: 0 | BU136: 0 | BV136: 0 | BW136: 0 | BX136: 0 | BY136: 0 | BZ136: 0 | CA136: 0 | CB136: 0 | CC136: 0 | CD136: 0 | CE136: 0 | CF136: 0 | CG136: 0 | CH136: 0 | CI136: 0 | CJ136: 0 | CK136: 0 | CL136: 0 | CM136: 0 | CN136: 0 | CO136: 0 | CP136: 0 | CQ136: 0 | CR136: 0 | CS136: 0 | CT136: 0 | CU136: 0 | CV136: 0 | CW136: 0 | CX136: 0 | CY136: 0 | CZ136: 0 | DA136: 0 | DB136: 0 | DC136: 0 | DD136: 0 | DE136: 0 | DF136: 0
A137: Edinburgh College | B137: Higher and Further Education | C137: 9 | D137: 0 | E137: 0 | F137: 0 | G137: 0 | H137: 9 | I137: 0 | J137: 0 | K137: 0 | L137: 0 | M137: 0 | N137: 4 | O137: 1 | P137: 4 | Q137: 0 | R137: 0 | S137: 0 | T137: 0 | U137: 0 | V137: 0 | W137: 0 | X137: 0 | Y137: 0 | Z137: 0 | AA137: 0 | AB137: 0 | AC137: 0 | AD137: 0 | AE137: 0 | AF137: 0 | AG137: 0 | AH137: 0 | AI137: 6 | AJ137: 0 | AK137: 0 | AL137: 0 | AM137: 0 | AN137: 0 | AO137: 0 | AP137: 0 | AQ137: 0 | AR137: 0 | AS137: 0 | AT137: 0 | AU137: 0 | AV137: 0 | AW137: 0 | AX137: 0 | AY137: 0 | AZ137: 0 | BA137: 0 | BB137: 0 | BC137: 0 | BD137: 0 | BE137: 0 | BF137: 0 | BG137: 0 | BH137: 0 | BI137: 0 | BJ137: 0 | BK137: 0 | BL137: 0 | BM137: 0 | BN137: 0 | BO137: 0 | BP137: 0 | BQ137: 0 | BR137: 1 | BS137: 0 | BT137: 0 | BU137: 0 | BV137: 0 | BW137: 0 | BX137: 0 | BY137: 0 | BZ137: 0 | CA137: 0 | CB137: 0 | CC137: 0 | CD137: 0 | CE137: 0 | CF137: 0 | CG137: 0 | CH137: 0 | CI137: 0 | CJ137: 0 | CK137: 0 | CL137: 0 | CM137: 2 | CN137: 0 | CO137: 0 | CP137: 0 | CQ137: 0 | CR137: 0 | CS137: 0 | CT137: 0 | CU137: 0 | CV137: 0 | CW137: 0 | CX137: 0 | CY137: 0 | CZ137: 0 | DA137: 0 | DB137: 0 | DC137: 0 | DD137: 0 | DE137: 0 | DF137: 0
... A269: NHS Greater Glasgow & Clyde | B269: Health and Social Care | C269: 336 | D269: 7 | E269: 3 | F269: 0 | G269: 0 | H269: 208 | I269: 75 | J269: 8 | K269: 8 | L269: 0 | M269: 4 | N269: 98 | O269: 11 | P269: 130 | Q269: 32 | R269: 0 | S269: 5 | T269: 0 | U269: 0 | V269: 0 | W269: 0 | X269: 5 | Y269: 0 | Z269: 0 | AA269: 0 | AB269: 0 | AC269: 0 | AD269: 0 | AE269: 1 | AF269: 2 | AG269: 2 | AH269: 0 | AI269: 2831 | AJ269: 5 | AK269: 2 | AL269: 6 | AM269: 0 | AN269: 2 | AO269: 6 | AP269: 0 | AQ269: 1 | AR269: 1 | AS269: 0 | AT269: 0 | AU269: 1 | AV269: 0 | AW269: 11 | AX269: 0 | AY269: 0 | AZ269: 0 | BA269: 0 | BB269: 0 | BC269: 0 | BD269: 0 | BE269: 0 | BF269: 0 | BG269: 0 | BH269: 0 | BI269: 0 | BJ269: 0 | BK269: 0 | BL269: 0 | BM269: 0 | BN269: 0 | BO269: 0 | BP269: 0 | BQ269: 0 | BR269: 5 | BS269: 0 | BT269: 0 | BU269: 0 | BV269: 0 | BW269: 0 | BX269: 0 | BY269: 0 | BZ269: 0 | CA269: 0 | CB269: 0 | CC269: 0 | CD269: 0 | CE269: 0 | CF269: 0 | CG269: 0 | CH269: 0 | CI269: 0 | CJ269: 0 | CK269: 0 | CL269: 0 | CM269: 48 | CN269: 0 | CO269: 1 | CP269: 1 | CQ269: 0 | CR269: 0 | CS269: 0 | CT269: 0 | CU269: 0 | CV269: 1 | CW269: 0 | CX269: 0 | CY269: 0 | CZ269: 0 | DA269: 0 | DB269: 0 | DC269: 0 | DD269: 0 | DE269: 0 | DF269: 0
A270: NHS Highland | B270: Health and Social Care | C270: 255 | D270: 0 | E270: 1 | F270: 0 | G270: 0 | H270: 246 | I270: 9 | J270: 0 | K270: 9 | L270: 0 | M270: 1 | N270: 139 | O270: 38 | P270: 72 | Q270: 17 | R270: 0 | S270: 4 | T270: 0 | U270: 0 | V270: 0 | W270: 0 | X270: 2 | Z270: 0 | AA270: 2 | AB270: 0 | AC270: 1 | AD270: 2 | AE270: 1 | AF270: 1 | AG270: 1 | AH270: 0 | AI270: 0 | AJ270: 3 | AK270: 2 | AL270: 1 | AM270: 0 | AN270: 2 | AO270: 0 | AP270: 1 | AQ270: 0 | AR270: 0 | AS270: 0 | AT270: 0 | AU270: 0 | AV270: 0 | AW270: 11 | AX270: 0 | AY270: 0 | AZ270: 0 | BA270: 0 | BB270: 0 | BC270: 0 | BD270: 0 | BE270: 0 | BF270: 0 | BG270: 0 | BH270: 0 | BI270: 0 | BJ270: 0 | BK270: 0 | BL270: 0 | BM270: 0 | BN270: 0 | BO270: 0 | BP270: 0 | BQ270: 0 | BR270: 1 | BS270: 0 | BT270: 0 | BU270: 0 | BV270: 0 | BW270: 0 | BX270: 0 | BY270: 0 | BZ270: 0 | CA270: 0 | CB270: 0 | CC270: 0 | CD270: 0 | CE270: 0 | CF270: 0 | CG270: 0 | CH270: 0 | CI270: 0 | CJ270: 0 | CK270: 0 | CL270: 0 | CM270: 28 | CN270: 0 | CO270: 0 | CP270: 0 | CQ270: 0 | CR270: 0 | CS270: 0 | CT270: 0 | CU270: 0 | CV270: 0 | CW270: 0 | CX270: 0 | CY270: 0 | CZ270: 0 | DA270: 0 | DB270: 0 | DC270: 0 | DD270: 0 | DE270: 0 | DF270: 0
A271: NHS Lanarkshire | B271: Health and Social Care | C271: 246 | D271: 0 | E271: 0 | F271: 0 | G271: 0 | H271: 237 | I271: 24 | J271: 0 | K271: 68 | L271: 0 | M271: 1 | N271: 237 | O271: 5 | P271: 16 | Q271: 77 | R271: 0 | S271: 1 | T271: 0 | U271: 0 | V271: 0 | W271: 0 | X271: 1 | Y271: 0 | Z271: 0 | AA271: 0 | AB271: 1 | AC271: 0 | AD271: 0 | AE271: 0 | AF271: 0 | AG271: 0 | AH271: 0 | AI271: 0 | AJ271: 3 | AK271: 2 | AL271: 1 | AM271: 0 | AN271: 3 | AO271: 0 | AP271: 0 | AQ271: 0 | AR271: 0 | AS271: 0 | AT271: 0 | AU271: 0 | AV271: 0 | AW271: 14 | AX271: 0 | AY271: 0 | AZ271: 0 | BA271: 0 | BB271: 0 | BC271: 0 | BD271: 0 | BE271: 0 | BF271: 0 | BG271: 0 | BH271: 0 | BI271: 0 | BJ271: 0 | BK271: 0 | BL271: 0 | BM271: 0 | BN271: 0 | BO271: 0 | BP271: 0 | BQ271: 0 | BR271: 3 | BS271: 0 | BT271: 0 | BU271: 0 | BV271: 0 | BW271: 0 | BX271: 0 | BY271: 0 | BZ271: 2 | CA271: 0 | CB271: 0 | CC271: 0 | CD271: 0 | CE271: 0 | CF271: 0 | CG271: 0 | CH271: 0 | CI271: 0 | CJ271: 0 | CK271: 0 | CL271: 9 | CM271: 23 | CN271: 0 | CO271: 3 | CP271: 0 | CQ271: 1 | CR271: 0 | CS271: 0 | CT271: 0 | CU271: 0 | CV271: 0 | CW271: 0 | CX271: 0 | CY271: 0 | CZ271: 0 | DA271: 0 | DB271: 0 | DC271: 0 | DD271: 0 | DE271: 0 | DF271: 0
A272: NHS Lothian | B272: Health and Social Care | C272: 287 | D272: 2 | E272: 4 | F272: 0 | G272: 0 | H272: 240 | I272: 33 | J272: 14 | K272: 76 | L272: 0 | M272: 1 | N272: 125 | O272: 61 | P272: 92 | Q272: 29 | R272: 0 | S272: 2 | T272: 0 | U272: 0 | V272: 0 | W272: 0 | X272: 1 | Y272: 1 | Z272: 0 | AA272: 1 | AB272: 1 | AC272: 1 | AD272: 1 | AE272: 0 | AF272: 1 | AG272: 0 | AH272: 0 | AI272: 11 | AJ272: 11 | AK272: 9 | AL272: 2 | AM272: 0 | AN272: 6 | AO272: 4 | AP272: 0 | AQ272: 0 | AR272: 0 | AS272: 0 | AT272: 0 | AU272: 0 | AV272: 0 | AW272: 23 | AX272: 0 | AY272: 0 | AZ272: 0 | BA272: 0 | BB272: 1 | BC272: 0 | BD272: 0 | BE272: 0 | BF272: 0 | BG272: 0 | BH272: 0 | BI272: 0 | BJ272: 1 | BK272: 1 | BL272: 2 | BM272: 1 | BN272: 0 | BO272: 0 | BP272: 0 | BQ272: 0 | BR272: 0 | BS272: 0 | BT272: 0 | BU272: 0 | BV272: 0 | BW272: 0 | BX272: 0 | BY272: 0 | BZ272: 1 | CA272: 0 | CB272: 0 | CC272: 0 | CD272: 0 | CE272: 0 | CF272: 1 | CG272: 0 | CH272: 0 | CI272: 0 | CJ272: 0 | CK272: 0 | CL272: 6 | CM272: 67 | CN272: 0 | CO272: 1 | CP272: 0 | CQ272: 1 | CR272: 0 | CS272: 0 | CT272: 0 | CU272: 0 | CV272: 1 | CW272: 0 | CX272: 0 | CY272: 0 | CZ272: 0 | DA272: 0 | DB272: 0 | DC272: 0 | DD272: 0 | DE272: 1 | DF272: 0
A273: NHS National Services Scotland | B273: Health and Social Care | C273: 109 | D273: 2 | E273: 2 | F273: 0 | G273: 0 | H273: 89 | I273: 1 | J273: 0 | K273: 0 | L273: 0 | M273: 2 | N273: 19 | O273: 4 | P273: 14 | Q273: 56 | R273: 2 | S273: 0 | T273: 0 | U273: 0 | V273: 0 | W273: 0 | X273: 0 | Y273: 0 | Z273: 0 | AA273: 0 | AB273: 0 | AC273: 0 | AD273: 0 | AE273: 0 | AF273: 0 | AG273: 0 | AH273: 0 | AI273: 22 | AJ273: 1 | AK273: 0 | AL273: 0 | AM273: 0 | AN273: 0 | AO273: 0 | AP273: 0 | AQ273: 0 | AR273: 0 | AS273: 0 | AT273: 0 | AU273: 0 | AV273: 0 | AW273: 4 | AX273: 1 | AY273: 0 | AZ273: 0 | BA273: 0 | BB273: 0 | BC273: 0 | BD273: 0 | BE273: 0 | BF273: 0 | BG273: 0 | BH273: 0 | BI273: 0 | BJ273: 0 | BK273: 0 | BL273: 0 | BM273: 0 | BN273: 0 | BO273: 0 | BP273: 0 | BQ273: 0 | BR273: 1 | BS273: 0 | BT273: 0 | BU273: 0 | BV273: 0 | BW273: 0 | BX273: 0 | BY273: 0 | BZ273: 0 | CA273: 0 | CB273: 0 | CC273: 0 | CD273: 0 | CE273: 0 | CF273: 0 | CG273: 0 | CH273: 0 | CI273: 0 | CJ273: 0 | CK273: 0 | CL273: 20 | CM273: 13 | CN273: 0 | CO273: 0 | CP273: 0 | CQ273: 0 | CR273: 0 | CS273: 0 | CT273: 0 | CU273: 0 | CV273: 0 | CW273: 0 | CX273: 0 | CY273: 0 | CZ273: 0 | DA273: 0 | DB273: 0 | DC273: 0 | DD273: 0 | DE273: 0 | DF273: 0
A274: NHS Orkney | B274: Health and Social Care | C274: 192 | D274: 0 | E274: 2 | F274: 0 | G274: 0 | H274: 177 | I274: 8 | J274: 5 | K274: 12 | L274: 0 | M274: 0 | N274: 91 | O274: 32 | P274: 62 | Q274: 21 | R274: 0 | S274: 0 | T274: 0 | U274: 0 | V274: 0 | W274: 0 | X274: 0 | Y274: 0 | Z274: 0 | AA274: 0 | AB274: 0 | AC274: 0 | AD274: 0 | AE274: 0 | AF274: 0 | AG274: 0 | AH274: 0 | AI274: 68 | AJ274: 3 | AK274: 3 | AL274: 0 | AM274: 0 | AN274: 3 | AO274: 0 | AP274: 0 | AQ274: 0 | AR274: 0 | AS274: 0 | AT274: 0 | AU274: 0 | AV274: 0 | AW274: 9 | AX274: 0 | AY274: 0 | AZ274: 0 | BA274: 0 | BB274: 2 | BC274: 0 | BD274: 0 | BE274: 0 | BF274: 0 | BG274: 0 | BH274: 0 | BI274: 0 | BJ274: 0 | BK274: 0 | BL274: 0 | BM274: 0 | BN274: 0 | BO274: 0 | BP274: 0 | BQ274: 0 | BR274: 0 | BS274: 0 | BT274: 0 | BU274: 0 | BV274: 0 | BW274: 0 | BX274: 0 | BY274: 0 | BZ274: 2 | CA274: 0 | CB274: 0 | CC274: 0 | CD274: 0 | CE274: 0 | CF274: 0 | CG274: 0 | CH274: 0 | CI274: 0 | CJ274: 0 | CK274: 0 | CL274: 0 | CM274: 27 | CN274: 0 | CO274: 0 | CP274: 0 | CQ274: 0 | CR274: 0 | CS274: 0 | CT274: 0 | CU274: 0 | CV274: 0 | CW274: 0 | CX274: 0 | CY274: 0 | CZ274: 0 | DA274: 0 | DB274: 0 | DC274: 0 | DD274: 0 | DE274: 0 | DF274: 0
A275: NHS Shetland | B275: Health and Social Care | C275: 181 | D275: 2 | E275: 1 | F275: 0 | G275: 0 | H275: 152 | I275: 27 | J275: 4 | K275: 1 | L275: 0 | M275: 4 | N275: 119 | O275: 9 | P275: 29 | Q275: 18 | R275: 0 | S275: 4 | T275: 0 | U275: 0 | V275: 0 | W275: 0 | X275: 3 | Y275: 1 | Z275: 0 | AA275: 0 | AB275: 0 | AC275: 0 | AD275: 2 | AE275: 0 | AF275: 2 | AG275: 0 | AH275: 0 | AI275: 44 | AJ275: 2 | AK275: 0 | AL275: 2 | AM275: 0 | AN275: 2 | AO275: 0 | AP275: 0 | AQ275: 0 | AR275: 0 | AS275: 0 | AT275: 0 | AU275: 0 | AV275: 0 | AW275: 13 | AX275: 0 | AY275: 0 | AZ275: 0 | BA275: 0 | BB275: 2 | BC275: 0 | BD275: 0 | BE275: 0 | BF275: 0 | BG275: 0 | BH275: 0 | BI275: 0 | BJ275: 0 | BK275: 0 | BL275: 0 | BM275: 0 | BN275: 0 | BO275: 0 | BP275: 0 | BQ275: 0 | BR275: 0 | BS275: 0 | BT275: 0 | BU275: 0 | BV275: 0 | BW275: 0 | BX275: 0 | BY275: 0 | BZ275: 0 | CA275: 0 | CB275: 0 | CC275: 0 | CD275: 0 | CE275: 0 | CF275: 0 | CG275: 0 | CH275: 0 | CI275: 1 | CJ275: 0 | CK275: 0 | CL275: 0 | CM275: 4 | CN275: 0 | CO275: 0 | CP275: 0 | CQ275: 0 | CR275: 0 | CS275: 0 | CT275: 0 | CU275: 0 | CV275: 0 | CW275: 0 | CX275: 0 | CY275: 0 | CZ275: 0 | DA275: 0 | DB275: 0 | DC275: 0 | DD275: 0 | DE275: 0 | DF275: 0
A276: NHS Tayside | B276: Health and Social Care | C276: 255 | D276: 6 | E276: 1 | F276: 0 | G276: 0 | H276: 262 | I276: 26 | J276: 0 | K276: 6 | L276: 0 | M276: 1 | N276: 109 | O276: 54 | P276: 96 | Q276: 43 | R276: 0 | S276: 1 | T276: 0 | U276: 0 | V276: 0 | W276: 0 | X276: 4 | Y276: 0 | Z276: 0 | AA276: 0 | AB276: 0 | AC276: 0 | AD276: 3 | AE276: 1 | AF276: 0 | AG276: 0 | AH276: 0 | AI276: 0 | AJ276: 4 | AK276: 4 | AL276: 0 | AM276: 0 | AN276: 4 | AO276: 0 | AP276: 0 | AQ276: 0 | AR276: 0 | AS276: 0 | AT276: 0 | AU276: 0 | AV276: 0 | AW276: 22 | AX276: 0 | AY276: 0 | AZ276: 0 | BA276: 0 | BB276: 1 | BC276: 0 | BD276: 0 | BE276: 0 | BF276: 0 | BG276: 0 | BH276: 0 | BI276: 0 | BJ276: 0 | BK276: 0 | BL276: 0 | BM276: 0 | BN276: 0 | BO276: 0 | BP276: 0 | BQ276: 0 | BR276: 6 | BS276: 0 | BT276: 0 | BU276: 0 | BV276: 0 | BW276: 0 | BX276: 0 | BY276: 0 | BZ276: 0 | CA276: 0 | CB276: 0 | CC276: 0 | CD276: 0 | CE276: 0 | CF276: 0 | CG276: 0 | CH276: 0 | CI276: 0 | CJ276: 0 | CK276: 0 | CL276: 0 | CM276: 34 | CN276: 0 | CO276: 0 | CP276: 2 | CQ276: 0 | CR276: 0 | CS276: 0 | CT276: 0 | CU276: 0 | CV276: 0 | CW276: 0 | CX276: 0 | CY276: 0 | CZ276: 1 | DA276: 0 | DB276: 0 | DC276: 0 | DD276: 0 | DE276: 0 | DF276: 0
A277: NHS Western Isles | B277: Health and Social Care | C277: 191 | D277: 2 | E277: 1 | F277: 2 | G277: 0 | H277: 178 | I277: 6 | J277: 4 | K277: 2 | L277: 0 | M277: 1 | N277: 183 | O277: 0 | P277: 1 | Q277: 1 | R277: 0 | S277: 0 | T277: 0 | U277: 0 | V277: 0 | W277: 0 | X277: 0 | Y277: 0 | Z277: 0 | AA277: 0 | AB277: 0 | AC277: 0 | AD277: 0 | AE277: 0 | AF277: 0 | AG277: 0 | AH277: 0 | AI277: 38 | AJ277: 0 | AK277: 0 | AL277: 0 | AM277: 0 | AN277: 0 | AO277: 0 | AP277: 0 | AQ277: 0 | AR277: 0 | AS277: 0 | AT277: 0 | AU277: 0 | AV277: 0 | AW277: 1 | AX277: 0 | AY277: 0 | AZ277: 0 | BA277: 0 | BB277: 2 | BC277: 0 | BD277: 0 | BE277: 0 | BF277: 0 | BG277: 0 | BH277: 0 | BI277: 0 | BJ277: 0 | BK277: 0 | BL277: 0 | BM277: 0 | BN277: 0 | BO277: 0 | BP277: 0 | BQ277: 0 | BR277: 0 | BS277: 0 | BT277: 0 | BU277: 0 | BV277: 0 | BW277: 0 | BX277: 0 | BY277: 0 | BZ277: 0 | CA277: 0 | CB277: 0 | CC277: 0 | CD277: 0 | CE277: 0 | CF277: 0 | CG277: 0 | CH277: 0 | CI277: 0 | CJ277: 0 | CK277: 0 | CL277: 0 | CM277: 9 | CN277: 0 | CO277: 0 | CP277: 0 | CQ277: 0 | CR277: 0 | CS277: 0 | CT277: 0 | CU277: 0 | CV277: 0 | CW277: 0 | CX277: 0 | CY277: 0 | CZ277: 0 | DA277: 0 | DB277: 0 | DC277: 0 | DD277: 0 | DE277: 0 | DF277: 0
A278: North Ayrshire Council and Licensing Board | B278: Local Government | C278: 308 | D278: 7 | E278: 0 | F278: 0 | G278: 0 | H278: 291 | I278: 14 | J278: 3 | K278: 4 | L278: 0 | M278: 0 | N278: 144 | O278: 14 | P278: 81 | Q278: 41 | R278: 0 | S278: 67 | T278: 0 | U278: 0 | V278: 0 | W278: 0 | X278: 66 | Y278: 1 | Z278: 0 | AA278: 0 | AB278: 0 | AC278: 0 | AD278: 30 | AE278: 2 | AF278: 15 | AG278: 19 | AH278: 0 | AI278: 89 | AJ278: 6 | AK278: 5 | AL278: 1 | AM278: 0 | AN278: 5 | AO278: 1 | AP278: 0 | AQ278: 0 | AR278: 0 | AS278: 0 | AT278: 0 | AU278: 0 | AV278: 0 | AW278: 10 | AX278: 0 | AY278: 0 | AZ278: 0 | BA278: 0 | BB278: 1 | BC278: 0 | BD278: 0 | BE278: 0 | BF278: 0 | BG278: 0 | BH278: 0 | BI278: 0 | BJ278: 0 | BK278: 0 | BL278: 0 | BM278: 0 | BN278: 0 | BO278: 0 | BP278: 0 | BQ278: 0 | BR278: 2 | BS278: 0 | BT278: 0 | BU278: 0 | BV278: 0 | BW278: 0 | BX278: 0 | BY278: 0 | BZ278: 0 | CA278: 0 | CB278: 0 | CC278: 0 | CD278: 0 | CE278: 0 | CF278: 0 | CG278: 0 | CH278: 0 | CI278: 0 | CJ278: 0 | CK278: 0 | CL278: 0 | CM278: 20 | CN278: 0 | CO278: 0 | CP278: 0 | CQ278: 0 | CR278: 0 | CS278: 0 | CT278: 0 | CU278: 0 | CV278: 0 | CW278: 0 | CX278: 0 | CY278: 0 | CZ278: 1 | DA278: 0 | DB278: 0 | DC278: 0 | DD278: 0 | DE278: 0 | DF278: 0
A279: North Ayrshire Integration Joint Board | B279: Health and Social Care | C279: 0 | D279: 0 | E279: 0 | F279: 0 | G279: 0 | H279: 0 | I279: 0 | J279: 0 | K279: 0 | L279: 0 | M279: 0 | N279: 0 | O279: 0 | P279: 0 | Q279: 0 | R279: 0 | S279: 0 | T279: 0 | U279: 0 | V279: 0 | W279: 0 | X279: 0 | Y279: 0 | Z279: 0 | AA279: 0 | AB279: 0 | AC279: 0 | AD279: 0 | AE279: 0 | AF279: 0 | AG279: 0 | AH279: 0 | AI279: 0 | AJ279: 0 | AK279: 0 | AL279: 0 | AM279: 0 | AN279: 0 | AO279: 0 | AP279: 0 | AQ279: 0 | AR279: 0 | AS279: 0 | AT279: 0 | AU279: 0 | AV279: 0 | AW279: 0 | AX279: 0 | AY279: 0 | AZ279: 0 | BA279: 0 | BB279: 0 | BC279: 0 | BD279: 0 | BE279: 0 | BF279: 0 | BG279: 0 | BH279: 0 | BI279: 0 | BJ279: 0 | BK279: 0 | BL279: 0 | BM279: 0 | BN279: 0 | BO279: 0 | BP279: 0 | BQ279: 0 | BR279: 0 | BS279: 0 | BT279: 0 | BU279: 0 | BV279: 0 | BW279: 0 | BX279: 0 | BY279: 0 | BZ279: 0 | CA279: 0 | CB279: 0 | CC279: 0 | CD279: 0 | CE279: 0 | CF279: 0 | CG279: 0 | CH279: 0 | CI279: 0 | CJ279: 0 | CK279: 0 | CL279: 0 | CM279: 0 | CN279: 0 | CO279: 0 | CP279: 0 | CQ279: 0 | CR279: 0 | CS279: 0 | CT279: 0 | CU279: 0 | CV279: 0 | CW279: 0 | CX279: 0 | CY279: 0 | CZ279: 0 | DA279: 0 | DB279: 0 | DC279: 0 | DD279: 0 | DE279: 0 | DF279: 0
A280: North Ayrshire Leisure Ltd | B280: Leisure and Culture | C280: 1 | D280: 0 | E280: 0 | F280: 0 | G280: 0 | H280: 1 | I280: 0 | J280: 0 | K280: 0 | L280: 0 | M280: 0 | N280: 1 | O280: 0 | P280: 0 | Q280: 0 | R280: 0 | S280: 0 | T280: 0 | U280: 0 | V280: 0 | W280: 0 | X280: 0 | Y280: 0 | Z280: 0 | AA280: 0 | AB280: 0 | AC280: 0 | AD280: 0 | AE280: 0 | AF280: 0 | AG280: 0 | AH280: 0 | AI280: 1 | AJ280: 0 | AK280: 0 | AL280: 0 | AM280: 0 | AN280: 0 | AO280: 0 | AP280: 0 | AQ280: 0 | AR280: 0 | AS280: 0 | AT280: 0 | AU280: 0 | AV280: 0 | AW280: 0 | AX280: 0 | AY280: 0 | AZ280: 0 | BA280: 0 | BB280: 0 | BC280: 0 | BD280: 0 | BE280: 0 | BF280: 0 | BG280: 0 | BH280: 0 | BI280: 0 | BJ280: 0 | BK280: 0 | BL280: 0 | BM280: 0 | BN280: 0 | BO280: 0 | BP280: 0 | BQ280: 0 | BR280: 0 | BS280: 0 | BT280: 0 | BU280: 0 | BV280: 0 | BW280: 0 | BX280: 0 | BY280: 0 | BZ280: 0 | CA280: 0 | CB280: 0 | CC280: 0 | CD280: 0 | CE280: 0 | CF280: 0 | CG280: 0 | CH280: 0 | CI280: 0 | CJ280: 0 | CK280: 0 | CL280: 0 | CM280: 0 | CN280: 0 | CO280: 0 | CP280: 0 | CQ280: 0 | CR280: 0 | CS280: 0 | CT280: 0 | CU280: 0 | CV280: 0 | CW280: 0 | CX280: 0 | CY280: 0 | CZ280: 0 | DA280: 0 | DB280: 0 | DC280: 0 | DD280: 0 | DE280: 0 | DF280: 0
A281: North East Scotland College | B281: Higher and Further Education | C281: 6 | D281: 0 | E281: 0 | F281: 0 | G281: 0 | H281: 5 | I281: 0 | J281: 0 | K281: 0 | L281: 0 | M281: 0 | N281: 5 | O281: 0 | P281: 0 | Q281: 0 | R281: 0 | S281: 0 | T281: 0 | U281: 0 | V281: 0 | W281: 0 | X281: 0 | Y281: 0 | Z281: 0 | AA281: 0 | AB281: 0 | AC281: 0 | AD281: 0 | AE281: 0 | AF281: 0 | AG281: 0 | AH281: 0 | AI281: 0 | AJ281: 0 | AK281: 0 | AL281: 0 | AM281: 0 | AN281: 0 | AO281: 0 | AP281: 0 | AQ281: 0 | AR281: 0 | AS281: 0 | AT281: 0 | AU281: 0 | AV281: 0 | AW281: 0 | AX281: 0 | AY281: 0 | AZ281: 0 | BA281: 0 | BB281: 0 | BC281: 0 | BD281: 0 | BE281: 0 | BF281: 0 | BG281: 0 | BH281: 0 | BI281: 0 | BJ281: 0 | BK281: 0 | BL281: 0 | BM281: 0 | BN281: 0 | BO281: 0 | BP281: 0 | BQ281: 0 | BR281: 0 | BS281: 0 | BT281: 0 | BU281: 0 | BV281: 0 | BW281: 0 | BX281: 0 | BY281: 0 | BZ281: 0 | CA281: 0 | CB281: 0 | CC281: 0 | CD281: 0 | CE281: 0 | CF281: 0 | CG281: 0 | CH281: 0 | CI281: 0 | CJ281: 0 | CK281: 0 | CL281: 0 | CM281: 0 | CN281: 0 | CO281: 0 | CP281: 0 | CQ281: 0 | CR281: 0 | CS281: 0 | CT281: 0 | CU281: 0 | CV281: 0 | CW281: 0 | CX281: 0 | CY281: 0 | CZ281: 0 | DA281: 0 | DB281: 0 | DC281: 0 | DD281: 0 | DE281: 0 | DF281: 0
A282: North Glasgow Housing Association Ltd | B282: Registered Social Landlords | C282: 1 | D282: 0 | E282: 0 | F282: 0 | G282: 0 | H282: 1 | I282: 0 | J282: 0 | K282: 0 | L282: 0 | M282: 0 | N282: 1 | O282: 0 | P282: 0 | Q282: 0 | R282: 0 | S282: 1 | T282: 0 | U282: 0 | V282: 0 | W282: 0 | X282: 0 | Y282: 0 | Z282: 0 | AA282: 0 | AB282: 0 | AC282: 0 | AD282: 0 | AE282: 0 | AF282: 0 | AG282: 0 | AH282: 0 | AI282: 2 | AJ282: 0 | AK282: 0 | AL282: 0 | AM282: 0 | AN282: 0 | AO282: 0 | AP282: 0 | AQ282: 0 | AR282: 0 | AS282: 0 | AT282: 0 | AU282: 0 | AV282: 0 | AW282: 0 | AX282: 0 | AY282: 0 | AZ282: 0 | BA282: 0 | BB282: 0 | BC282: 0 | BD282: 0 | BE282: 0 | BF282: 0 | BG282: 0 | BH282: 0 | BI282: 0 | BJ282: 0 | BK282: 0 | BL282: 0 | BM282: 0 | BN282: 0 | BO282: 0 | BP282: 0 | BQ282: 0 | BR282: 0 | BS282: 0 | BT282: 0 | BU282: 0 | BV282: 0 | BW282: 0 | BX282: 0 | BY282: 0 | BZ282: 0 | CA282: 0 | CB282: 0 | CC282: 0 | CD282: 0 | CE282: 0 | CF282: 0 | CG282: 0 | CH282: 0 | CI282: 0 | CJ282: 0 | CK282: 0 | CL282: 0 | CM282: 0 | CN282: 0 | CO282: 0 | CP282: 0 | CQ282: 1 | CR282: 0 | CS282: 0 | CT282: 0 | CU282: 0 | CV282: 0 | CW282: 0 | CX282: 0 | CY282: 0 | CZ282: 0 | DA282: 0 | DB282: 0 | DC282: 0 | DD282: 0 | DE282: 0 | DF282: 0
... A429: University of Edinburgh | B429: Higher and Further Education | C429: 181 | D429: 1 | E429: 0 | F429: 1 | G429: 0 | H429: 158 | I429: 12 | J429: 2 | K429: 50 | L429: 2 | M429: 0 | N429: 27 | O429: 32 | P429: 95 | Q429: 14 | R429: 1 | S429: 6 | T429: 0 | U429: 0 | V429: 0 | W429: 0 | X429: 4 | Y429: 0 | Z429: 0 | AA429: 0 | AB429: 1 | AC429: 1 | AD429: 2 | AE429: 1 | AF429: 0 | AG429: 1 | AH429: 0 | AI429: 21 | AJ429: 7 | AK429: 8 | AL429: 0 | AM429: 1 | AN429: 5 | AO429: 1 | AP429: 1 | AQ429: 1 | AR429: 1 | AS429: 0 | AT429: 0 | AU429: 1 | AV429: 0 | AW429: 17 | AX429: 2 | AY429: 0 | AZ429: 0 | BA429: 0 | BB429: 1 | BC429: 0 | BD429: 0 | BE429: 0 | BF429: 0 | BG429: 0 | BH429: 0 | BI429: 0 | BJ429: 3 | BK429: 3 | BL429: 5 | BM429: 0 | BN429: 0 | BO429: 0 | BP429: 0 | BQ429: 0 | BR429: 14 | BS429: 0 | BT429: 0 | BU429: 0 | BV429: 0 | BW429: 0 | BX429: 0 | BY429: 0 | BZ429: 2 | CA429: 0 | CB429: 0 | CC429: 0 | CD429: 0 | CE429: 0 | CF429: 0 | CG429: 0 | CH429: 0 | CI429: 1 | CJ429: 0 | CK429: 0 | CL429: 0 | CM429: 35 | CN429: 0 | CO429: 0 | CP429: 1 | CQ429: 0 | CR429: 0 | CS429: 0 | CT429: 0 | CU429: 0 | CV429: 0 | CW429: 0 | CX429: 0 | CY429: 0 | CZ429: 0 | DA429: 0 | DB429: 0 | DC429: 0 | DD429: 0 | DE429: 0 | DF429: 0
A430: University of Glasgow | B430: Higher and Further Education | C430: 119 | D430: 2 | E430: 0 | F430: 0 | G430: 0 | H430: 81 | I430: 19 | J430: 17 | K430: 6 | L430: 0 | M430: 0 | N430: 54 | O430: 0 | P430: 40 | Q430: 6 | R430: 1 | S430: 0 | T430: 0 | U430: 0 | V430: 0 | W430: 0 | X430: 0 | Y430: 0 | Z430: 0 | AA430: 0 | AB430: 0 | AC430: 0 | AD430: 0 | AE430: 0 | AF430: 0 | AG430: 0 | AH430: 0 | AI430: 12 | AJ430: 4 | AK430: 3 | AL430: 1 | AM430: 0 | AN430: 4 | AO430: 0 | AP430: 0 | AQ430: 0 | AR430: 0 | AS430: 0 | AT430: 0 | AU430: 0 | AV430: 0 | AW430: 13 | AX430: 0 | AY430: 0 | AZ430: 0 | BA430: 0 | BB430: 1 | BC430: 0 | BE430: 0 | BF430: 0 | BG430: 0 | BH430: 0 | BI430: 0 | BJ430: 1 | BK430: 0 | BL430: 0 | BM430: 0 | BN430: 0 | BO430: 0 | BP430: 0 | BQ430: 0 | BR430: 6 | BS430: 0 | BT430: 0 | BU430: 0 | BV430: 0 | BW430: 0 | BX430: 0 | BY430: 0 | BZ430: 0 | CA430: 0 | CB430: 0 | CC430: 0 | CD430: 0 | CE430: 0 | CF430: 0 | CG430: 0 | CH430: 0 | CI430: 0 | CJ430: 0 | CK430: 0 | CL430: 0 | CM430: 10 | CN430: 0 | CO430: 0 | CP430: 2 | CQ430: 0 | CR430: 0 | CS430: 0 | CT430: 0 | CU430: 0 | CV430: 0 | CW430: 0 | CX430: 0 | CY430: 0 | CZ430: 0 | DA430: 0 | DB430: 0 | DC430: 0 | DD430: 0 | DE430: 0 | DF430: 1
A431: University of St Andrews | B431: Higher and Further Education | C431: 142 | D431: 5 | E431: 2 | F431: 0 | G431: 0 | H431: 127 | I431: 2 | J431: 0 | K431: 8 | L431: 0 | M431: 1 | N431: 27 | O431: 9 | P431: 78 | Q431: 14 | R431: 0 | S431: 7 | T431: 0 | U431: 0 | V431: 0 | W431: 0 | X431: 6 | Y431: 0 | Z431: 0 | AA431: 0 | AB431: 0 | AC431: 0 | AD431: 0 | AE431: 1 | AF431: 5 | AG431: 0 | AH431: 0 | AI431: 2 | AJ431: 1 | AK431: 1 | AL431: 0 | AM431: 0 | AN431: 1 | AO431: 0 | AP431: 0 | AQ431: 0 | AR431: 0 | AS431: 0 | AT431: 0 | AU431: 0 | AV431: 0 | AW431: 3 | AX431: 12 | AY431: 0 | AZ431: 0 | BA431: 0 | BB431: 0 | BC431: 0 | BD431: 0 | BE431: 0 | BF431: 0 | BG431: 0 | BH431: 0 | BI431: 0 | BJ431: 0 | BK431: 1 | BL431: 8 | BM431: 0 | BN431: 0 | BO431: 0 | BP431: 0 | BQ431: 0 | BR431: 2 | BS431: 0 | BT431: 0 | BU431: 0 | BV431: 0 | BW431: 0 | BX431: 0 | BY431: 0 | BZ431: 0 | CA431: 0 | CB431: 0 | CC431: 0 | CD431: 0 | CE431: 0 | CF431: 0 | CG431: 0 | CH431: 0 | CI431: 0 | CJ431: 0 | CK431: 0 | CL431: 2 | CM431: 21 | CN431: 0 | CO431: 0 | CP431: 0 | CQ431: 5 | CR431: 0 | CS431: 0 | CT431: 0 | CU431: 0 | CV431: 0 | CW431: 0 | CX431: 0 | CY431: 0 | CZ431: 1 | DA431: 0 | DB431: 0 | DC431: 0 | DD431: 0 | DE431: 0 | DF431: 0
A432: University of Stirling | B432: Higher and Further Education | C432: 67 | D432: 4 | E432: 1 | F432: 1 | G432: 0 | H432: 63 | I432: 4 | J432: 0 | K432: 0 | L432: 0 | M432: 0 | N432: 47 | O432: 1 | P432: 8 | Q432: 6 | R432: 1 | S432: 2 | T432: 0 | U432: 0 | V432: 0 | W432: 0 | X432: 2 | Y432: 0 | Z432: 0 | AA432: 0 | AB432: 0 | AC432: 0 | AD432: 2 | AE432: 0 | AF432: 0 | AG432: 0 | AH432: 0 | AI432: 8 | AJ432: 1 | AK432: 1 | AL432: 0 | AM432: 0 | AN432: 1 | AO432: 0 | AP432: 0 | AQ432: 0 | AR432: 0 | AS432: 0 | AT432: 0 | AU432: 0 | AV432: 0 | AW432: 0 | AX432: 0 | AY432: 0 | AZ432: 0 | BA432: 0 | BB432: 0 | BC432: 0 | BD432: 0 | BE432: 0 | BF432: 0 | BG432: 0 | BH432: 0 | BI432: 0 | BJ432: 0 | BK432: 0 | BL432: 1 | BM432: 0 | BN432: 0 | BO432: 0 | BP432: 0 | BQ432: 0 | BR432: 3 | BS432: 0 | BT432: 0 | BU432: 0 | BV432: 0 | BW432: 0 | BX432: 0 | BY432: 0 | BZ432: 1 | CA432: 1 | CB432: 0 | CC432: 0 | CD432: 0 | CE432: 0 | CF432: 0 | CG432: 0 | CH432: 0 | CI432: 0 | CJ432: 0 | CK432: 0 | CL432: 0 | CM432: 3 | CN432: 0 | CO432: 0 | CP432: 0 | CQ432: 0 | CR432: 0 | CS432: 0 | CT432: 0 | CU432: 0 | CV432: 0 | CW432: 0 | CX432: 0 | CY432: 0 | CZ432: 0 | DA432: 0 | DB432: 0 | DC432: 0 | DD432: 0 | DE432: 0 | DF432: 0
A433: University of Strathclyde | B433: Higher and Further Education | C433: 91 | D433: 2 | E433: 0 | F433: 0 | G433: 0 | H433: 95 | I433: 2 | J433: 0 | K433: 3 | L433: 0 | M433: 0 | N433: 51 | O433: 5 | P433: 35 | Q433: 6 | R433: 0 | S433: 0 | T433: 0 | U433: 0 | V433: 0 | W433: 0 | X433: 0 | Y433: 0 | Z433: 0 | AA433: 0 | AB433: 0 | AC433: 0 | AD433: 0 | AE433: 0 | AF433: 0 | AG433: 0 | AH433: 0 | AI433: 7 | AJ433: 2 | AK433: 2 | AL433: 0 | AM433: 0 | AN433: 2 | AO433: 0 | AP433: 0 | AQ433: 0 | AR433: 0 | AS433: 0 | AT433: 0 | AU433: 0 | AV433: 0 | AW433: 5 | AX433: 0 | AY433: 0 | AZ433: 0 | BA433: 0 | BB433: 0 | BC433: 0 | BD433: 0 | BE433: 0 | BF433: 0 | BG433: 0 | BH433: 0 | BI433: 0 | BJ433: 0 | BK433: 0 | BL433: 0 | BM433: 0 | BN433: 0 | BO433: 0 | BP433: 0 | BQ433: 0 | BR433: 6 | BS433: 0 | BT433: 0 | BU433: 0 | BV433: 0 | BW433: 0 | BX433: 0 | BY433: 0 | BZ433: 0 | CA433: 0 | CB433: 0 | CC433: 0 | CD433: 0 | CE433: 0 | CF433: 0 | CG433: 0 | CH433: 0 | CI433: 2 | CJ433: 0 | CK433: 0 | CL433: 0 | CM433: 3 | CN433: 0 | CO433: 0 | CP433: 0 | CQ433: 0 | CR433: 0 | CS433: 0 | CT433: 0 | CU433: 0 | CV433: 0 | CW433: 0 | CX433: 0 | CY433: 0 | CZ433: 0 | DA433: 0 | DB433: 0 | DC433: 0 | DD433: 0 | DE433: 0 | DF433: 0
A434: University of the Highlands and Islands | B434: Higher and Further Education | C434: 36 | D434: 0 | E434: 0 | F434: 0 | G434: 0 | H434: 29 | I434: 0 | J434: 0 | K434: 1 | L434: 0 | M434: 0 | N434: 19 | O434: 1 | P434: 7 | Q434: 7 | R434: 1 | S434: 3 | T434: 0 | U434: 0 | V434: 0 | W434: 0 | X434: 3 | Y434: 0 | Z434: 0 | AA434: 0 | AB434: 0 | AC434: 0 | AD434: 1 | AE434: 0 | AF434: 2 | AG434: 0 | AH434: 0 | AI434: 3 | AJ434: 0 | AK434: 0 | AL434: 0 | AM434: 0 | AN434: 0 | AO434: 0 | AP434: 0 | AQ434: 0 | AR434: 0 | AS434: 0 | AT434: 0 | AU434: 0 | AV434: 0 | AW434: 0 | AX434: 0 | AY434: 0 | AZ434: 0 | BA434: 0 | BB434: 0 | BC434: 0 | BD434: 0 | BE434: 0 | BF434: 0 | BG434: 0 | BH434: 0 | BI434: 0 | BJ434: 0 | BK434: 0 | BL434: 0 | BM434: 0 | BN434: 0 | BO434: 0 | BP434: 0 | BQ434: 0 | BR434: 0 | BS434: 0 | BT434: 0 | BU434: 0 | BV434: 0 | BW434: 0 | BX434: 0 | BY434: 0 | BZ434: 0 | CA434: 0 | CB434: 0 | CC434: 0 | CD434: 0 | CE434: 0 | CF434: 0 | CG434: 0 | CH434: 0 | CI434: 0 | CJ434: 0 | CK434: 0 | CL434: 0 | CM434: 2 | CN434: 0 | CO434: 0 | CP434: 0 | CQ434: 0 | CR434: 0 | CS434: 0 | CT434: 0 | CU434: 0 | CV434: 0 | CW434: 0 | CX434: 0 | CY434: 0 | CZ434: 0 | DA434: 0 | DB434: 0 | DC434: 0 | DD434: 0 | DE434: 0 | DF434: 0
A435: Upkeep Shettleston Community Enterprises Ltd | B435: Registered Social Landlords | C435: 0 | D435: 0 | E435: 0 | F435: 0 | G435: 0 | H435: 0 | I435: 0 | J435: 0 | K435: 0 | L435: 0 | M435: 0 | N435: 0 | O435: 0 | P435: 0 | Q435: 0 | R435: 0 | S435: 0 | T435: 0 | U435: 0 | V435: 0 | W435: 0 | X435: 0 | Y435: 0 | Z435: 0 | AA435: 0 | AB435: 0 | AC435: 0 | AD435: 0 | AE435: 0 | AF435: 0 | AG435: 0 | AH435: 0 | AI435: 0 | AJ435: 0 | AK435: 0 | AL435: 0 | AM435: 0 | AN435: 0 | AO435: 0 | AP435: 0 | AQ435: 0 | AR435: 0 | AS435: 0 | AT435: 0 | AU435: 0 | AV435: 0 | AW435: 0 | AX435: 0 | AY435: 0 | AZ435: 0 | BA435: 0 | BB435: 0 | BC435: 0 | BD435: 0 | BE435: 0 | BF435: 0 | BG435: 0 | BH435: 0 | BI435: 0 | BJ435: 0 | BK435: 0 | BL435: 0 | BM435: 0 | BN435: 0 | BO435: 0 | BP435: 0 | BQ435: 0 | BR435: 0 | BS435: 0 | BT435: 0 | BU435: 0 | BV435: 0 | BW435: 0 | BX435: 0 | BY435: 0 | BZ435: 0 | CA435: 0 | CB435: 0 | CC435: 0 | CD435: 0 | CE435: 0 | CF435: 0 | CG435: 0 | CH435: 0 | CI435: 0 | CJ435: 0 | CK435: 0 | CL435: 0 | CM435: 0 | CN435: 0 | CO435: 0 | CP435: 0 | CQ435: 0 | CR435: 0 | CS435: 0 | CT435: 0 | CU435: 0 | CV435: 0 | CW435: 0 | CX435: 0 | CY435: 0 | CZ435: 0 | DA435: 0 | DB435: 0 | DC435: 0 | DD435: 0 | DE435: 0 | DF435: 0
A436: VisitScotland | B436: Other | C436: 4 | D436: 0 | E436: 0 | F436: 0 | G436: 0 | H436: 4 | I436: 1 | J436: 0 | K436: 0 | L436: 0 | M436: 0 | N436: 2 | O436: 0 | P436: 3 | Q436: 0 | R436: 0 | S436: 0 | T436: 0 | U436: 0 | V436: 0 | W436: 0 | X436: 0 | Y436: 0 | Z436: 0 | AA436: 0 | AB436: 0 | AC436: 0 | AD436: 0 | AE436: 0 | AF436: 0 | AG436: 0 | AH436: 0 | AI436: 0 | AJ436: 0 | AK436: 0 | AL436: 0 | AM436: 0 | AN436: 0 | AO436: 0 | AP436: 0 | AQ436: 0 | AR436: 0 | AS436: 0 | AT436: 0 | AU436: 0 | AV436: 0 | AW436: 0 | AX436: 0 | AY436: 0 | AZ436: 0 | BA436: 0 | BB436: 0 | BC436: 0 | BD436: 0 | BE436: 0 | BF436: 0 | BG436: 0 | BH436: 0 | BI436: 0 | BJ436: 0 | BK436: 0 | BL436: 0 | BM436: 0 | BN436: 0 | BO436: 0 | BP436: 0 | BQ436: 0 | BR436: 0 | BS436: 0 | BT436: 0 | BU436: 0 | BV436: 0 | BW436: 0 | BX436: 0 | BY436: 0 | BZ436: 0 | CA436: 0 | CB436: 0 | CC436: 0 | CD436: 0 | CE436: 0 | CF436: 0 | CG436: 0 | CH436: 0 | CI436: 0 | CJ436: 0 | CK436: 0 | CL436: 0 | CM436: 3 | CN436: 0 | CO436: 0 | CP436: 0 | CQ436: 0 | CR436: 0 | CS436: 0 | CT436: 0 | CU436: 0 | CV436: 0 | CW436: 0 | CX436: 0 | CY436: 0 | CZ436: 0 | DA436: 0 | DB436: 0 | DC436: 0 | DD436: 0 | DE436: 0 | DF436: 0
A437: VSA | B437: Other | C437: 0 | D437: 0 | E437: 0 | F437: 0 | G437: 0 | H437: 0 | I437: 0 | J437: 0 | K437: 0 | L437: 0 | M437: 0 | N437: 0 | O437: 0 | P437: 0 | Q437: 0 | R437: 0 | S437: 0 | T437: 0 | U437: 0 | V437: 0 | W437: 0 | X437: 0 | Y437: 0 | Z437: 0 | AA437: 0 | AB437: 0 | AC437: 0 | AD437: 0 | AE437: 0 | AF437: 0 | AG437: 0 | AH437: 0 | AI437: 0 | AJ437: 0 | AK437: 0 | AL437: 0 | AM437: 0 | AN437: 0 | AO437: 0 | AP437: 0 | AQ437: 0 | AR437: 0 | AS437: 0 | AT437: 0 | AU437: 0 | AV437: 0 | AW437: 0 | AX437: 0 | AY437: 0 | AZ437: 0 | BA437: 0 | BB437: 0 | BC437: 0 | BD437: 0 | BE437: 0 | BF437: 0 | BG437: 0 | BH437: 0 | BI437: 0 | BJ437: 0 | BK437: 0 | BL437: 0 | BM437: 0 | BN437: 0 | BO437: 0 | BP437: 0 | BQ437: 0 | BR437: 0 | BS437: 0 | BT437: 0 | BU437: 0 | BV437: 0 | BW437: 0 | BX437: 0 | BY437: 0 | BZ437: 0 | CA437: 0 | CB437: 0 | CC437: 0 | CD437: 0 | CE437: 0 | CF437: 0 | CG437: 0 | CH437: 0 | CI437: 0 | CJ437: 0 | CK437: 0 | CL437: 0 | CM437: 0 | CN437: 0 | CO437: 0 | CP437: 0 | CQ437: 0 | CR437: 0 | CS437: 0 | CT437: 0 | CU437: 0 | CV437: 0 | CW437: 0 | CX437: 0 | CY437: 0 | CZ437: 0 | DA437: 0 | DB437: 0 | DC437: 0 | DD437: 0 | DE437: 0 | DF437: 0
A438: Water Industry Commission for Scotland | B438: Other | C438: 0 | D438: 0 | E438: 0 | F438: 0 | G438: 0 | H438: 0 | I438: 0 | J438: 0 | K438: 0 | L438: 0 | M438: 0 | N438: 0 | O438: 0 | P438: 0 | Q438: 0 | R438: 0 | S438: 1 | T438: 0 | U438: 0 | V438: 0 | W438: 0 | X438: 1 | Y438: 0 | Z438: 0 | AA438: 0 | AB438: 0 | AC438: 0 | AD438: 0 | AE438: 0 | AF438: 0 | AG438: 1 | AH438: 0 | AI438: 0 | AJ438: 0 | AK438: 0 | AL438: 0 | AM438: 0 | AN438: 0 | AO438: 0 | AP438: 0 | AQ438: 0 | AR438: 0 | AS438: 0 | AT438: 0 | AU438: 0 | AV438: 0 | AW438: 0 | AX438: 0 | AY438: 0 | AZ438: 0 | BA438: 0 | BB438: 0 | BC438: 0 | BD438: 0 | BE438: 0 | BF438: 0 | BG438: 0 | BH438: 0 | BI438: 0 | BJ438: 0 | BK438: 0 | BL438: 0 | BM438: 0 | BN438: 0 | BO438: 0 | BP438: 0 | BQ438: 0 | BR438: 0 | BS438: 0 | BT438: 0 | BU438: 0 | BV438: 0 | BW438: 0 | BX438: 0 | BY438: 0 | BZ438: 0 | CA438: 0 | CB438: 0 | CC438: 0 | CD438: 0 | CE438: 0 | CF438: 0 | CG438: 0 | CH438: 0 | CI438: 0 | CJ438: 0 | CK438: 0 | CL438: 0 | CM438: 0 | CN438: 0 | CO438: 0 | CP438: 0 | CQ438: 0 | CR438: 0 | CS438: 0 | CT438: 0 | CU438: 0 | CV438: 0 | CW438: 0 | CX438: 0 | CY438: 0 | CZ438: 0 | DA438: 0 | DB438: 0 | DC438: 0 | DD438: 0 | DE438: 0 | DF438: 0
A439: Wellhouse Housing Association Ltd | B439: Registered Social Landlords | C439: 1 | D439: 0 | E439: 0 | F439: 0 | G439: 0 | H439: 1 | I439: 0 | J439: 0 | K439: 0 | L439: 0 | M439: 0 | N439: 1 | O439: 0 | P439: 0 | Q439: 0 | R439: 0 | S439: 0 | T439: 0 | U439: 0 | V439: 0 | W439: 0 | X439: 0 | Y439: 0 | Z439: 0 | AA439: 0 | AB439: 0 | AC439: 0 | AD439: 0 | AE439: 0 | AF439: 0 | AG439: 0 | AH439: 0 | AI439: 0 | AJ439: 0 | AK439: 0 | AL439: 0 | AM439: 0 | AN439: 0 | AO439: 0 | AP439: 0 | AQ439: 0 | AR439: 0 | AS439: 0 | AT439: 0 | AU439: 0 | AV439: 0 | AW439: 0 | AX439: 0 | AY439: 0 | AZ439: 0 | BA439: 0 | BB439: 0 | BC439: 0 | BD439: 0 | BE439: 0 | BF439: 0 | BG439: 0 | BH439: 0 | BI439: 0 | BJ439: 0 | BK439: 0 | BL439: 0 | BM439: 0 | BN439: 0 | BO439: 0 | BP439: 0 | BQ439: 0 | BR439: 0 | BS439: 0 | BT439: 0 | BU439: 0 | BV439: 0 | BW439: 0 | BX439: 0 | BY439: 0 | BZ439: 0 | CA439: 0 | CB439: 0 | CC439: 0 | CD439: 0 | CE439: 0 | CF439: 0 | CG439: 0 | CH439: 0 | CI439: 0 | CJ439: 0 | CK439: 0 | CL439: 0 | CM439: 0 | CN439: 0 | CO439: 0 | CP439: 0 | CQ439: 0 | CR439: 0 | CS439: 0 | CT439: 0 | CU439: 0 | CV439: 0 | CW439: 0 | CX439: 0 | CY439: 0 | CZ439: 0 | DA439: 0 | DB439: 0 | DC439: 0 | DD439: 0 | DE439: 0 | DF439: 0
A440: West Dunbartonshire Integration Joint Board | B440: Health and Social Care | C440: 0 | D440: 0 | E440: 0 | F440: 0 | G440: 0 | H440: 0 | I440: 0 | J440: 0 | K440: 0 | L440: 0 | M440: 0 | N440: 0 | O440: 0 | P440: 0 | Q440: 0 | R440: 0 | S440: 0 | T440: 0 | U440: 0 | V440: 0 | W440: 0 | X440: 0 | Y440: 0 | Z440: 0 | AA440: 0 | AB440: 0 | AC440: 0 | AD440: 0 | AE440: 0 | AF440: 0 | AG440: 0 | AH440: 0 | AI440: 0 | AJ440: 0 | AK440: 0 | AL440: 0 | AM440: 0 | AN440: 0 | AO440: 0 | AP440: 0 | AQ440: 0 | AR440: 0 | AS440: 0 | AT440: 0 | AU440: 0 | AV440: 0 | AW440: 0 | AX440: 0 | AY440: 0 | AZ440: 0 | BA440: 0 | BB440: 0 | BC440: 0 | BD440: 0 | BE440: 0 | BF440: 0 | BG440: 0 | BH440: 0 | BI440: 0 | BJ440: 0 | BK440: 0 | BL440: 0 | BM440: 0 | BN440: 0 | BO440: 0 | BP440: 0 | BQ440: 0 | BR440: 0 | BS440: 0 | BT440: 0 | BU440: 0 | BV440: 0 | BW440: 0 | BX440: 0 | BY440: 0 | BZ440: 0 | CA440: 0 | CB440: 0 | CC440: 0 | CD440: 0 | CE440: 0 | CF440: 0 | CG440: 0 | CH440: 0 | CI440: 0 | CJ440: 0 | CK440: 0 | CL440: 0 | CM440: 0 | CN440: 0 | CO440: 0 | CP440: 0 | CQ440: 0 | CR440: 0 | CS440: 0 | CT440: 0 | CU440: 0 | CV440: 0 | CW440: 0 | CX440: 0 | CY440: 0 | CZ440: 0 | DA440: 0 | DB440: 0 | DC440: 0 | DD440: 0 | DE440: 0 | DF440: 0
A441: West Dunbartonshire Leisure | B441: Leisure and Culture | C441: 1 | D441: 0 | E441: 0 | F441: 0 | G441: 0 | H441: 0 | I441: 0 | J441: 0 | K441: 0 | L441: 0 | M441: 0 | N441: 0 | O441: 0 | P441: 0 | Q441: 0 | R441: 0 | S441: 1 | T441: 0 | U441: 0 | V441: 0 | W441: 0 | X441: 0 | Y441: 0 | Z441: 0 | AA441: 0 | AB441: 0 | AC441: 0 | AD441: 0 | AE441: 0 | AF441: 0 | AG441: 0 | AH441: 0 | AI441: 0 | AJ441: 0 | AK441: 0 | AL441: 0 | AM441: 0 | AN441: 0 | AO441: 0 | AP441: 0 | AQ441: 0 | AR441: 0 | AS441: 0 | AT441: 0 | AU441: 0 | AV441: 0 | AW441: 0 | AX441: 0 | AY441: 0 | AZ441: 0 | BA441: 0 | BB441: 0 | BC441: 0 | BD441: 0 | BE441: 0 | BF441: 0 | BG441: 0 | BH441: 0 | BI441: 0 | BJ441: 0 | BK441: 0 | BL441: 0 | BM441: 0 | BN441: 0 | BO441: 0 | BP441: 0 | BQ441: 0 | BR441: 0 | BS441: 0 | BT441: 0 | BU441: 0 | BV441: 0 | BW441: 0 | BX441: 0 | BY441: 0 | BZ441: 0 | CA441: 0 | CB441: 0 | CC441: 0 | CD441: 0 | CE441: 0 | CF441: 0 | CG441: 0 | CH441: 0 | CI441: 0 | CJ441: 0 | CK441: 0 | CL441: 0 | CM441: 0 | CN441: 0 | CO441: 0 | CP441: 0 | CQ441: 0 | CR441: 0 | CS441: 0 | CT441: 0 | CU441: 0 | CV441: 0 | CW441: 0 | CX441: 0 | CY441: 0 | CZ441: 0 | DA441: 0 | DB441: 0 | DC441: 0 | DD441: 0 | DE441: 0 | DF441: 0
A442: West Granton Housing Co-operative Ltd | B442: Registered Social Landlords | C442: 1 | D442: 0 | E442: 0 | F442: 0 | G442: 0 | H442: 1 | I442: 0 | J442: 0 | K442: 0 | L442: 0 | M442: 0 | N442: 1 | O442: 0 | P442: 0 | Q442: 0 | R442: 0 | S442: 0 | T442: 0 | U442: 0 | V442: 0 | W442: 0 | X442: 0 | Y442: 0 | Z442: 0 | AA442: 0 | AB442: 0 | AC442: 0 | AD442: 0 | AE442: 0 | AF442: 0 | AG442: 0 | AH442: 0 | AI442: 0 | AJ442: 0 | AK442: 0 | AL442: 0 | AM442: 0 | AN442: 0 | AO442: 0 | AP442: 0 | AQ442: 0 | AR442: 0 | AS442: 0 | AT442: 0 | AU442: 0 | AV442: 0 | AW442: 0 | AX442: 0 | AY442: 0 | AZ442: 0 | BA442: 0 | BB442: 0 | BC442: 0 | BD442: 0 | BE442: 0 | BF442: 0 | BG442: 0 | BH442: 0 | BI442: 0 | BJ442: 0 | BK442: 0 | BL442: 0 | BM442: 0 | BN442: 0 | BO442: 0 | BP442: 0 | BQ442: 0 | BR442: 0 | BS442: 0 | BT442: 0 | BU442: 0 | BV442: 0 | BW442: 0 | BX442: 0 | BY442: 0 | BZ442: 0 | CA442: 0 | CB442: 0 | CC442: 0 | CD442: 0 | CE442: 0 | CF442: 0 | CG442: 0 | CH442: 0 | CI442: 0 | CJ442: 0 | CK442: 0 | CL442: 0 | CM442: 0 | CN442: 0 | CO442: 0 | CP442: 0 | CQ442: 0 | CR442: 0 | CS442: 0 | CT442: 0 | CU442: 0 | CV442: 0 | CW442: 0 | CX442: 0 | CY442: 0 | CZ442: 0 | DA442: 0 | DB442: 0 | DC442: 0 | DD442: 0 | DE442: 0 | DF442: 0
... A461: Yorkhill Housing Association Ltd | B461: Registered Social Landlords | C461: 1 | D461: 0 | E461: 0 | F461: 0 | G461: 0 | H461: 1 | I461: 0 | J461: 0 | K461: 0 | L461: 0 | M461: 0 | N461: 1 | O461: 0 | P461: 0 | Q461: 0 | R461: 0 | S461: 0 | T461: 0 | U461: 0 | V461: 0 | W461: 0 | X461: 0 | Y461: 0 | Z461: 0 | AA461: 0 | AB461: 0 | AC461: 0 | AD461: 0 | AE461: 0 | AF461: 0 | AG461: 0 | AH461: 0 | AI461: 1 | AJ461: 0 | AK461: 0 | AL461: 0 | AM461: 0 | AN461: 0 | AO461: 0 | AP461: 0 | AQ461: 0 | AR461: 0 | AS461: 0 | AT461: 0 | AU461: 0 | AV461: 0 | AW461: 0 | AX461: 0 | AY461: 0 | AZ461: 0 | BA461: 0 | BB461: 0 | BC461: 0 | BD461: 0 | BE461: 0 | BF461: 0 | BG461: 0 | BH461: 0 | BI461: 0 | BJ461: 0 | BK461: 0 | BL461: 0 | BM461: 0 | BN461: 0 | BO461: 0 | BP461: 0 | BQ461: 0 | BR461: 0 | BS461: 0 | BT461: 0 | BU461: 0 | BV461: 0 | BW461: 0 | BX461: 0 | BY461: 0 | BZ461: 0 | CA461: 0 | CB461: 0 | CC461: 0 | CD461: 0 | CE461: 0 | CF461: 0 | CG461: 0 | CH461: 0 | CI461: 0 | CJ461: 0 | CK461: 0 | CL461: 0 | CM461: 0 | CN461: 0 | CO461: 0 | CP461: 0 | CQ461: 0 | CR461: 0 | CS461: 0 | CT461: 0 | CU461: 0 | CV461: 0 | CW461: 0 | CX461: 0 | CY461: 0 | CZ461: 0 | DA461: 0 | DB461: 0 | DC461: 0 | DD461: 0 | DE461: 0 | DF461: 0

Sheet Q2 Jul-Sep 23-24
A1: Public Authority | B1: Sector | C1: FOISA requests | D1: FOISA closed - unclear | E1: FOISA closed - withdrawn | F1: FOISA fees notice | G1: FOISA fees paid | H1: FOISA response on time | I1: FOISA response late | J1: FOISA failure to respond | K1: FOISA refused cost | L1: FOISA vexatious | M1: FOISA repeated | N1: FOISA full release | O1: FOISA none released | P1: FOISA some released | Q1: FOISA none held | R1: FOISA no confirm/deny | S1: EIR requests | T1: EIR closed - unclear | U1: EIR closed - withdrawn | V1: EIR - fees notice | W1: EIR - fees paid | X1: EIR - Response on time | Y1: EIR - response late | Z1: EIR - failure to respond | AA1: EIR - timescale extended | AB1: EIR refused - cost | AC1: EIR - manifestly unreasonable | AD1: EIR - full release | AE1: EIR - none released | AF1: EIR - some released | AG1: EIR - none held | AH1: EIR - no confirm/deny | AI1: Subject Access Requests | AJ1: FOISA reviews | AK1: FOISA review - on time | AL1: FOISA reviews - late response | AM1: FOISA reviews - failure to respond | AN1: FOISA reviews - wholly/partially upheld | AO1: FOISA review - substituted decision | AP1: FOISA review - decision reached | AQ1: EIR reviews | AR1: EIR review - on time | AS1: EIR review - late response | AT1: EIR review - failure to respond | AU1: EIR review - upheld | AV1: EIR review - not upheld | AW1: FOI: Otherwise accessible | AX1: FOI: Publication scheme | AY1: FOI: Disclosure prohibited: enactment | AZ1: FOI: Disclosure prohibited: EU obligation | BA1: FOI: Disclosure prohibited: contempt of court | BB1: FOI: Future publication: 12 weeks | BC1: FOI: Future publication: programme of research | BD1: FOI: Substantial prejudice to UK relations | BE1: FOI: Formulation/development of government policy | BF1: FOI: Ministerial communications | BG1: FOI: Advice by Law Officers | BH1: FOI: Operation of Ministerial private office | BI1: FOI: Substantial prejudice to collective responsibility of Scottish Ministers | BJ1: FOI: Substantial inhibition to free and frank provision of advice | BK1: FOI: Substantial inhibition to free and frank exchange of views | BL1: FOI: Substantial prejudice to effective conduct of public affairs | BM1: FOI: National security | BN1: FOI: Substantial prejudice to defence | BO1: FOI: Substantial prejudice to international relations | BP1: FOI: Confidential information obtained from abroad | BQ1: FOI: Trade secret | BR1: FOI: Substantial prejudice to commercial interests | BS1: FOI: Substantial prejudice to the economic interests of the UK | BT1: FOI: Substantial prejudice to the financial interests of a UK administration | BU1: FOI: Information held for the purposes of a criminal investigation | BV1: FOI: Information held for ongoing Fatal Accident Inquiry | BW1: FOI: Information held regarding cause of death | BX1: FOI: Information relating to the obtaining of information from confidential sources | BY1: FOI: Information held for purposes of civil proceedings arising out of investigations | BZ1: FOI: Substantial prejudice to prevention or detection of crime | CA1: FOI: Substantial prejudice to apprehension or prosecution of offenders | CB1: FOI: Substantial prejudice to administration of justice | CC1: FOI: Substantial prejudice to assessment or collection of tax or duty | CD1: FOI: Substantial prejudice to operation of immigration controls | CE1: FOI: Substantial prejudice to maintenance of security and good order in prisons | CF1: FOI: Substantial prejudice to the exercise by a public authority for any of its functions | CG1: FOI: Substantial prejudice to civil proceedings brought by an authority | CH1: FOI: Confidentiality of communications | CI1: FOI: Actionable breach of confidence | CJ1: FOI: Court records | CK1: FOI: Court records: inquiry or arbitration | CL1: FOI: Personal data of the applicant | CM1: FOI: Third party personal data | CN1: FOI: Personal census information | CO1: FOI: Deceased person’s health record | CP1: FOI: Endangerment to health or safety | CQ1: FOI: Environmental information | CR1: FOI: Substantial prejudice to audit function | CS1: FOI: Communications with the Royal Family and honours | CT1: EIR: Material in the course of completion | CU1: EIR: Internal communications | CV1: EIR: Substantial prejudice to international relations, public safety, etc. | CW1: EIR: Substantial prejudice to course of justice | CX1: EIR: Substantial prejudice to intellectual property rights | CY1: EIR: Substantial prejudice to confidentiality of proceedings | CZ1: EIR: Substantial prejudice to confidentiality of commercial industrial information | DA1: EIR: Substantial prejudice to the interests of a third party | DB1: EIR: Substantial prejudice to the protection of the environment | DC1: EIR: Neither confirm nor deny whether environmental information is held | DD1: EIR: Personal data of applicant | DE1: EIR: Third party personal data. | DF1: EIR: Neither confirm nor deny whether personal data held
A2: Aberdeen City Council | B2: Local Government | C2: 325 | D2: 24 | E2: 1 | F2: 0 | G2: 0 | H2: 246 | I2: 34 | J2: 20 | K2: 8 | L2: 0 | M2: 4 | N2: 115 | O2: 15 | P2: 110 | Q2: 28 | R2: 0 | S2: 103 | T2: 7 | U2: 0 | V2: 0 | W2: 0 | X2: 85 | Y2: 4 | Z2: 7 | AA2: 0 | AB2: 5 | AC2: 0 | AD2: 28 | AE2: 7 | AF2: 33 | AG2: 16 | AH2: 0 | AI2: 4 | AJ2: 6 | AK2: 6 | AL2: 0 | AM2: 0 | AN2: 1 | AO2: 3 | AP2: 2 | AQ2: 1 | AR2: 1 | AS2: 0 | AT2: 0 | AU2: 0 | AV2: 1 | AW2: 16 | AX2: 14 | AY2: 2 | AZ2: 0 | BA2: 0 | BB2: 0 | BC2: 0 | BD2: 0 | BE2: 0 | BF2: 0 | BG2: 0 | BH2: 0 | BI2: 0 | BJ2: 0 | BK2: 0 | BL2: 0 | BM2: 0 | BN2: 0 | BO2: 0 | BP2: 0 | BQ2: 0 | BR2: 2 | BS2: 0 | BT2: 0 | BU2: 1 | BV2: 0 | BW2: 0 | BX2: 0 | BY2: 0 | BZ2: 6 | CA2: 1 | CB2: 0 | CC2: 0 | CD2: 0 | CE2: 0 | CF2: 0 | CG2: 0 | CH2: 0 | CI2: 0 | CJ2: 0 | CK2: 0 | CL2: 4 | CM2: 20 | CN2: 0 | CO2: 0 | CP2: 0 | CQ2: 103 | CR2: 0 | CS2: 0 | CT2: 0 | CU2: 0 | CV2: 0 | CW2: 0 | CX2: 0 | CY2: 0 | CZ2: 0 | DA2: 1 | DB2: 0 | DC2: 0 | DD2: 0 | DE2: 9 | DF2: 0
A3: Aberdeen City Integration Joint Board | B3: Health and Social Care | C3: 0 | D3: 0 | E3: 0 | F3: 0 | G3: 0 | H3: 0 | I3: 0 | J3: 0 | K3: 0 | L3: 0 | M3: 0 | N3: 0 | O3: 0 | P3: 0 | Q3: 0 | R3: 0 | S3: 0 | T3: 0 | U3: 0 | V3: 0 | W3: 0 | X3: 0 | Y3: 0 | Z3: 0 | AA3: 0 | AB3: 0 | AC3: 0 | AD3: 0 | AE3: 0 | AF3: 0 | AG3: 0 | AH3: 0 | AI3: 0 | AJ3: 0 | AK3: 0 | AL3: 0 | AM3: 0 | AN3: 0 | AO3: 0 | AP3: 0 | AQ3: 0 | AR3: 0 | AS3: 0 | AT3: 0 | AU3: 0 | AV3: 0 | AW3: 0 | AX3: 0 | AY3: 0 | AZ3: 0 | BA3: 0 | BB3: 0 | BC3: 0 | BD3: 0 | BE3: 0 | BF3: 0 | BG3: 0 | BH3: 0 | BI3: 0 | BJ3: 0 | BK3: 0 | BL3: 0 | BM3: 0 | BN3: 0 | BO3: 0 | BP3: 0 | BQ3: 0 | BR3: 0 | BS3: 0 | BT3: 0 | BU3: 0 | BV3: 0 | BW3: 0 | BX3: 0 | BY3: 0 | BZ3: 0 | CA3: 0 | CB3: 0 | CC3: 0 | CD3: 0 | CE3: 0 | CF3: 0 | CG3: 0 | CH3: 0 | CI3: 0 | CJ3: 0 | CK3: 0 | CL3: 0 | CM3: 0 | CN3: 0 | CO3: 0 | CP3: 0 | CQ3: 0 | CR3: 0 | CS3: 0 | CT3: 0 | CU3: 0 | CV3: 0 | CW3: 0 | CX3: 0 | CY3: 0 | CZ3: 0 | DA3: 0 | DB3: 0 | DC3: 0 | DD3: 0 | DE3: 0 | DF3: 0
A4: Aberdeen City Licensing Board | B4: Local Government | C4: 7 | D4: 0 | E4: 0 | F4: 0 | G4: 0 | H4: 7 | I4: 0 | J4: 0 | K4: 0 | L4: 0 | M4: 0 | N4: 7 | O4: 0 | P4: 0 | Q4: 0 | R4: 0 | S4: 0 | T4: 0 | U4: 0 | V4: 0 | W4: 0 | X4: 0 | Y4: 0 | Z4: 0 | AA4: 0 | AB4: 0 | AC4: 0 | AD4: 0 | AE4: 0 | AF4: 0 | AG4: 0 | AH4: 0 | AI4: 0 | AJ4: 7 | AK4: 7 | AL4: 0 | AM4: 0 | AN4: 0 | AO4: 0 | AP4: 0 | AQ4: 0 | AR4: 0 | AS4: 0 | AT4: 0 | AU4: 0 | AV4: 0 | AW4: 0 | AX4: 0 | AY4: 0 | AZ4: 0 | BA4: 0 | BB4: 0 | BC4: 0 | BD4: 0 | BE4: 0 | BF4: 0 | BG4: 0 | BH4: 0 | BI4: 0 | BJ4: 0 | BK4: 0 | BL4: 0 | BM4: 0 | BN4: 0 | BO4: 0 | BP4: 0 | BQ4: 0 | BR4: 0 | BS4: 0 | BT4: 0 | BU4: 0 | BV4: 0 | BW4: 0 | BX4: 0 | BY4: 0 | BZ4: 0 | CA4: 0 | CB4: 0 | CC4: 0 | CD4: 0 | CE4: 0 | CF4: 0 | CG4: 0 | CH4: 0 | CI4: 0 | CJ4: 0 | CK4: 0 | CL4: 0 | CM4: 0 | CN4: 0 | CO4: 0 | CP4: 0 | CQ4: 0 | CR4: 0 | CS4: 0 | CT4: 0 | CU4: 0 | CV4: 0 | CW4: 0 | CX4: 0 | CY4: 0 | CZ4: 0 | DA4: 0 | DB4: 0 | DC4: 0 | DD4: 0 | DE4: 0 | DF4: 0
A5: Aberdeen Performing Arts | B5: Leisure and Culture | C5: 0 | D5: 0 | E5: 0 | F5: 0 | G5: 0 | H5: 0 | I5: 0 | J5: 0 | K5: 0 | L5: 0 | M5: 0 | N5: 0 | O5: 0 | P5: 0 | Q5: 0 | R5: 0 | S5: 0 | T5: 0 | U5: 0 | V5: 0 | W5: 0 | X5: 0 | Y5: 0 | Z5: 0 | AA5: 0 | AB5: 0 | AC5: 0 | AD5: 0 | AE5: 0 | AF5: 0 | AG5: 0 | AH5: 0 | AI5: 0 | AJ5: 0 | AK5: 0 | AL5: 0 | AM5: 0 | AN5: 0 | AO5: 0 | AP5: 0 | AQ5: 0 | AR5: 0 | AS5: 0 | AT5: 0 | AU5: 0 | AV5: 0 | AW5: 0 | AX5: 0 | AY5: 0 | AZ5: 0 | BA5: 0 | BB5: 0 | BC5: 0 | BD5: 0 | BE5: 0 | BF5: 0 | BG5: 0 | BH5: 0 | BI5: 0 | BJ5: 0 | BK5: 0 | BL5: 0 | BM5: 0 | BN5: 0 | BO5: 0 | BP5: 0 | BQ5: 0 | BR5: 0 | BS5: 0 | BT5: 0 | BU5: 0 | BV5: 0 | BW5: 0 | BX5: 0 | BY5: 0 | BZ5: 0 | CA5: 0 | CB5: 0 | CC5: 0 | CD5: 0 | CE5: 0 | CF5: 0 | CG5: 0 | CH5: 0 | CI5: 0 | CJ5: 0 | CK5: 0 | CL5: 0 | CM5: 0 | CN5: 0 | CO5: 0 | CP5: 0 | CQ5: 0 | CR5: 0 | CS5: 0 | CT5: 0 | CU5: 0 | CV5: 0 | CW5: 0 | CX5: 0 | CY5: 0 | CZ5: 0 | DA5: 0 | DB5: 0 | DC5: 0 | DD5: 0 | DE5: 0 | DF5: 0
A6: Aberdeenshire Council and Licensing Board | B6: Local Government | C6: 374 | D6: 0 | E6: 2 | F6: 0 | G6: 0 | H6: 336 | I6: 32 | J6: 5 | K6: 5 | L6: 0 | M6: 14 | N6: 293 | O6: 7 | P6: 1 | Q6: 43 | R6: 1 | S6: 57 | T6: 0 | U6: 0 | V6: 15 | W6: 0 | X6: 43 | Y6: 4 | Z6: 0 | AA6: 0 | AB6: 0 | AC6: 0 | AD6: 40 | AE6: 0 | AF6: 0 | AG6: 7 | AH6: 0 | AI6: 72 | AJ6: 5 | AK6: 5 | AL6: 0 | AM6: 0 | AN6: 4 | AO6: 0 | AP6: 1 | AQ6: 0 | AR6: 0 | AS6: 0 | AT6: 0 | AU6: 0 | AV6: 0 | AW6: 1 | AX6: 0 | AY6: 0 | AZ6: 0 | BA6: 0 | BB6: 0 | BC6: 0 | BD6: 0 | BE6: 0 | BF6: 0 | BG6: 0 | BH6: 0 | BI6: 0 | BJ6: 0 | BK6: 0 | BL6: 0 | BM6: 0 | BN6: 0 | BO6: 0 | BP6: 0 | BQ6: 0 | BR6: 0 | BS6: 0 | BT6: 0 | BU6: 0 | BV6: 0 | BW6: 0 | BX6: 0 | BY6: 0 | BZ6: 7 | CA6: 0 | CB6: 0 | CC6: 0 | CD6: 0 | CE6: 0 | CF6: 0 | CG6: 0 | CH6: 1 | CI6: 6 | CJ6: 0 | CK6: 0 | CL6: 0 | CM6: 11 | CN6: 0 | CO6: 0 | CP6: 0 | CQ6: 0 | CR6: 0 | CS6: 0 | CT6: 0 | CU6: 0 | CV6: 0 | CW6: 0 | CX6: 0 | CY6: 0 | CZ6: 0 | DA6: 0 | DB6: 0 | DC6: 0 | DD6: 0 | DE6: 0 | DF6: 0
A7: Aberdeenshire Integration Joint Board | B7: Health and Social Care | C7: 1 | D7: 0 | E7: 0 | F7: 0 | G7: 0 | H7: 1 | I7: 0 | J7: 0 | K7: 0 | L7: 0 | M7: 0 | N7: 0 | O7: 0 | P7: 0 | Q7: 1 | R7: 0 | S7: 0 | T7: 0 | U7: 0 | V7: 0 | W7: 0 | X7: 0 | Y7: 0 | Z7: 0 | AA7: 0 | AB7: 0 | AC7: 0 | AD7: 0 | AE7: 0 | AF7: 0 | AG7: 0 | AH7: 0 | AI7: 0 | AJ7: 0 | AK7: 0 | AL7: 0 | AM7: 0 | AN7: 0 | AO7: 0 | AP7: 0 | AQ7: 0 | AR7: 0 | AS7: 0 | AT7: 0 | AU7: 0 | AV7: 0 | AW7: 0 | AX7: 0 | AY7: 0 | AZ7: 0 | BA7: 0 | BB7: 0 | BC7: 0 | BD7: 0 | BE7: 0 | BF7: 0 | BG7: 0 | BH7: 0 | BI7: 0 | BJ7: 0 | BK7: 0 | BL7: 0 | BM7: 0 | BN7: 0 | BO7: 0 | BP7: 0 | BQ7: 0 | BR7: 0 | BS7: 0 | BT7: 0 | BU7: 0 | BV7: 0 | BW7: 0 | BX7: 0 | BY7: 0 | BZ7: 0 | CA7: 0 | CB7: 0 | CC7: 0 | CD7: 0 | CE7: 0 | CF7: 0 | CG7: 0 | CH7: 0 | CI7: 0 | CJ7: 0 | CK7: 0 | CL7: 0 | CM7: 0 | CN7: 0 | CO7: 0 | CP7: 0 | CQ7: 0 | CR7: 0 | CS7: 0 | CT7: 0 | CU7: 0 | CV7: 0 | CW7: 0 | CX7: 0 | CY7: 0 | CZ7: 0 | DA7: 0 | DB7: 0 | DC7: 0 | DD7: 0 | DE7: 0 | DF7: 0
A8: Abertay Housing Association Ltd | B8: Registered Social Landlords | C8: 3 | D8: 0 | E8: 0 | F8: 0 | G8: 0 | H8: 3 | I8: 0 | J8: 0 | K8: 0 | L8: 0 | M8: 0 | N8: 2 | O8: 0 | P8: 1 | Q8: 0 | R8: 0 | S8: 1 | T8: 0 | U8: 0 | V8: 0 | W8: 0 | X8: 1 | Y8: 0 | Z8: 0 | AA8: 0 | AB8: 0 | AC8: 0 | AD8: 1 | AE8: 0 | AF8: 0 | AG8: 0 | AH8: 0 | AI8: 2 | AJ8: 0 | AK8: 0 | AL8: 0 | AM8: 0 | AN8: 0 | AO8: 0 | AP8: 0 | AQ8: 0 | AR8: 0 | AS8: 0 | AT8: 0 | AU8: 0 | AV8: 0 | AW8: 0 | AX8: 0 | AY8: 0 | AZ8: 0 | BA8: 0 | BB8: 0 | BC8: 0 | BD8: 0 | BE8: 0 | BF8: 0 | BG8: 0 | BH8: 0 | BI8: 0 | BJ8: 0 | BK8: 0 | BL8: 0 | BM8: 0 | BN8: 0 | BO8: 0 | BP8: 0 | BQ8: 0 | BR8: 0 | BS8: 0 | BT8: 0 | BU8: 0 | BV8: 0 | BW8: 0 | BX8: 0 | BY8: 0 | BZ8: 0 | CA8: 0 | CB8: 0 | CC8: 0 | CD8: 0 | CE8: 0 | CF8: 0 | CG8: 0 | CH8: 0 | CI8: 0 | CJ8: 0 | CK8: 0 | CL8: 0 | CM8: 0 | CN8: 0 | CO8: 0 | CP8: 0 | CQ8: 0 | CR8: 0 | CS8: 0 | CT8: 0 | CU8: 0 | CV8: 0 | CW8: 0 | CX8: 0 | CY8: 0 | CZ8: 0 | DA8: 0 | DB8: 0 | DC8: 0 | DD8: 0 | DE8: 0 | DF8: 0
A9: Abronhill Housing Association Ltd | B9: Registered Social Landlords | C9: 1 | D9: 0 | E9: 0 | F9: 0 | G9: 0 | H9: 1 | I9: 0 | J9: 0 | K9: 0 | L9: 0 | M9: 0 | N9: 1 | O9: 0 | P9: 0 | Q9: 0 | R9: 0 | S9: 0 | T9: 0 | U9: 0 | V9: 0 | W9: 0 | X9: 0 | Y9: 0 | Z9: 0 | AA9: 0 | AB9: 0 | AC9: 0 | AD9: 0 | AE9: 0 | AF9: 0 | AG9: 0 | AH9: 0 | AI9: 0 | AJ9: 0 | AK9: 0 | AL9: 0 | AM9: 0 | AN9: 0 | AO9: 0 | AP9: 0 | AQ9: 0 | AR9: 0 | AS9: 0 | AT9: 0 | AU9: 0 | AV9: 0 | AW9: 0 | AX9: 0 | AY9: 0 | AZ9: 0 | BA9: 0 | BB9: 0 | BC9: 0 | BD9: 0 | BE9: 0 | BF9: 0 | BG9: 0 | BH9: 0 | BI9: 0 | BJ9: 0 | BK9: 0 | BL9: 0 | BM9: 0 | BN9: 0 | BO9: 0 | BP9: 0 | BQ9: 0 | BR9: 0 | BS9: 0 | BT9: 0 | BU9: 0 | BV9: 0 | BW9: 0 | BX9: 0 | BY9: 0 | BZ9: 0 | CA9: 0 | CB9: 0 | CC9: 0 | CD9: 0 | CE9: 0 | CF9: 0 | CG9: 0 | CH9: 0 | CI9: 0 | CJ9: 0 | CK9: 0 | CL9: 0 | CM9: 0 | CN9: 0 | CO9: 0 | CP9: 0 | CQ9: 0 | CR9: 0 | CS9: 0 | CT9: 0 | CU9: 0 | CV9: 0 | CW9: 0 | CX9: 0 | CY9: 0 | CZ9: 0 | DA9: 0 | DB9: 0 | DC9: 0 | DD9: 0 | DE9: 0 | DF9: 0
A10: Accounts Commission for Scotland | B10: Other | C10: 0 | D10: 0 | E10: 0 | F10: 0 | G10: 0 | H10: 0 | I10: 0 | J10: 0 | K10: 0 | L10: 0 | M10: 0 | N10: 0 | O10: 0 | P10: 0 | Q10: 0 | R10: 0 | S10: 0 | T10: 0 | U10: 0 | V10: 0 | W10: 0 | X10: 0 | Y10: 0 | Z10: 0 | AA10: 0 | AB10: 0 | AC10: 0 | AD10: 0 | AE10: 0 | AF10: 0 | AG10: 0 | AH10: 0 | AI10: 0 | AJ10: 0 | AK10: 0 | AL10: 0 | AM10: 0 | AN10: 0 | AO10: 0 | AP10: 0 | AQ10: 0 | AR10: 0 | AS10: 0 | AT10: 0 | AU10: 0 | AV10: 0 | AW10: 0 | AX10: 0 | AY10: 0 | AZ10: 0 | BA10: 0 | BB10: 0 | BC10: 0 | BD10: 0 | BE10: 0 | BF10: 0 | BG10: 0 | BH10: 0 | BI10: 0 | BJ10: 0 | BK10: 0 | BL10: 0 | BM10: 0 | BN10: 0 | BO10: 0 | BP10: 0 | BQ10: 0 | BR10: 0 | BS10: 0 | BT10: 0 | BU10: 0 | BV10: 0 | BW10: 0 | BX10: 0 | BY10: 0 | BZ10: 0 | CA10: 0 | CB10: 0 | CC10: 0 | CD10: 0 | CE10: 0 | CF10: 0 | CG10: 0 | CH10: 0 | CI10: 0 | CJ10: 0 | CK10: 0 | CL10: 0 | CM10: 0 | CN10: 0 | CO10: 0 | CP10: 0 | CQ10: 0 | CR10: 0 | CS10: 0 | CT10: 0 | CU10: 0 | CV10: 0 | CW10: 0 | CX10: 0 | CY10: 0 | CZ10: 0 | DA10: 0 | DB10: 0 | DC10: 0 | DD10: 0 | DE10: 0 | DF10: 0
A11: Active Stirling | B11: Leisure and Culture | C11: 2 | D11: 0 | E11: 0 | F11: 0 | G11: 0 | H11: 1 | I11: 1 | J11: 0 | K11: 0 | L11: 0 | M11: 0 | N11: 2 | O11: 0 | P11: 0 | Q11: 0 | R11: 0 | S11: 0 | T11: 0 | U11: 0 | V11: 0 | W11: 0 | X11: 0 | Y11: 0 | Z11: 0 | AA11: 0 | AB11: 0 | AC11: 0 | AD11: 0 | AE11: 0 | AF11: 0 | AG11: 0 | AH11: 0 | AI11: 0 | AJ11: 0 | AK11: 0 | AL11: 0 | AM11: 0 | AN11: 0 | AO11: 0 | AP11: 0 | AQ11: 0 | AR11: 0 | AS11: 0 | AT11: 0 | AU11: 0 | AV11: 0 | AW11: 0 | AX11: 0 | AY11: 0 | AZ11: 0 | BA11: 0 | BB11: 0 | BC11: 0 | BD11: 0 | BE11: 0 | BF11: 0 | BG11: 0 | BH11: 0 | BI11: 0 | BJ11: 0 | BK11: 0 | BL11: 0 | BM11: 0 | BN11: 0 | BO11: 0 | BP11: 0 | BQ11: 0 | BR11: 0 | BS11: 0 | BT11: 0 | BU11: 0 | BV11: 0 | BW11: 0 | BX11: 0 | BY11: 0 | BZ11: 0 | CA11: 0 | CB11: 0 | CC11: 0 | CD11: 0 | CE11: 0 | CF11: 0 | CG11: 0 | CH11: 0 | CI11: 0 | CJ11: 0 | CK11: 0 | CL11: 0 | CM11: 0 | CN11: 0 | CO11: 0 | CP11: 0 | CQ11: 0 | CR11: 0 | CS11: 0 | CT11: 0 | CU11: 0 | CV11: 0 | CW11: 0 | CX11: 0 | CY11: 0 | CZ11: 0 | DA11: 0 | DB11: 0 | DC11: 0 | DD11: 0 | DE11: 0 | DF11: 0
A12: Addiewell Prison Limited | B12: Police, Justice and Fire | C12: 0 | D12: 0 | E12: 0 | F12: 0 | G12: 0 | H12: 0 | I12: 0 | J12: 0 | K12: 0 | L12: 0 | M12: 0 | N12: 0 | O12: 0 | P12: 0 | Q12: 0 | R12: 0 | S12: 0 | T12: 0 | U12: 0 | V12: 0 | W12: 0 | X12: 0 | Y12: 0 | Z12: 0 | AA12: 0 | AB12: 0 | AC12: 0 | AD12: 0 | AE12: 0 | AF12: 0 | AG12: 0 | AH12: 0 | AI12: 0 | AJ12: 0 | AK12: 0 | AL12: 0 | AM12: 0 | AN12: 0 | AO12: 0 | AP12: 0 | AQ12: 0 | AR12: 0 | AS12: 0 | AT12: 0 | AU12: 0 | AV12: 0 | AW12: 0 | AX12: 0 | AY12: 0 | AZ12: 0 | BA12: 0 | BB12: 0 | BC12: 0 | BD12: 0 | BE12: 0 | BF12: 0 | BG12: 0 | BH12: 0 | BI12: 0 | BJ12: 0 | BK12: 0 | BL12: 0 | BM12: 0 | BN12: 0 | BO12: 0 | BP12: 0 | BQ12: 0 | BR12: 0 | BS12: 0 | BT12: 0 | BU12: 0 | BV12: 0 | BW12: 0 | BX12: 0 | BY12: 0 | BZ12: 0 | CA12: 0 | CB12: 0 | CC12: 0 | CD12: 0 | CE12: 0 | CF12: 0 | CG12: 0 | CH12: 0 | CI12: 0 | CJ12: 0 | CK12: 0 | CL12: 0 | CM12: 0 | CN12: 0 | CO12: 0 | CP12: 0 | CQ12: 0 | CR12: 0 | CS12: 0 | CT12: 0 | CU12: 0 | CV12: 0 | CW12: 0 | CX12: 0 | CY12: 0 | CZ12: 0 | DA12: 0 | DB12: 0 | DC12: 0 | DD12: 0 | DE12: 0 | DF12: 0
A13: Almond Enterprises Ltd | B13: Registered Social Landlords | C13: 0 | D13: 0 | E13: 0 | F13: 0 | G13: 0 | H13: 0 | I13: 0 | J13: 0 | K13: 0 | L13: 0 | M13: 0 | N13: 0 | O13: 0 | P13: 0 | Q13: 0 | R13: 0 | S13: 0 | T13: 0 | U13: 0 | V13: 0 | W13: 0 | X13: 0 | Y13: 0 | Z13: 0 | AA13: 0 | AB13: 0 | AC13: 0 | AD13: 0 | AE13: 0 | AF13: 0 | AG13: 0 | AH13: 0 | AI13: 0 | AJ13: 0 | AK13: 0 | AL13: 0 | AM13: 0 | AN13: 0 | AO13: 0 | AP13: 0 | AQ13: 0 | AR13: 0 | AS13: 0 | AT13: 0 | AU13: 0 | AV13: 0 | AW13: 0 | AX13: 0 | AY13: 0 | AZ13: 0 | BA13: 0 | BB13: 0 | BC13: 0 | BD13: 0 | BE13: 0 | BF13: 0 | BG13: 0 | BH13: 0 | BI13: 0 | BJ13: 0 | BK13: 0 | BL13: 0 | BM13: 0 | BN13: 0 | BO13: 0 | BP13: 0 | BQ13: 0 | BR13: 0 | BS13: 0 | BT13: 0 | BU13: 0 | BV13: 0 | BW13: 0 | BX13: 0 | BY13: 0 | BZ13: 0 | CA13: 0 | CB13: 0 | CC13: 0 | CD13: 0 | CE13: 0 | CF13: 0 | CG13: 0 | CH13: 0 | CI13: 0 | CJ13: 0 | CK13: 0 | CL13: 0 | CM13: 0 | CN13: 0 | CO13: 0 | CP13: 0 | CQ13: 0 | CR13: 0 | CS13: 0 | CT13: 0 | CU13: 0 | CV13: 0 | CW13: 0 | CX13: 0 | CY13: 0 | CZ13: 0 | DA13: 0 | DB13: 0 | DC13: 0 | DD13: 0 | DE13: 0 | DF13: 0
... A454: Yorkhill Housing Association Ltd | B454: Registered Social Landlords | C454: 1 | D454: 0 | E454: 0 | F454: 0 | G454: 0 | H454: 1 | I454: 0 | J454: 0 | K454: 0 | L454: 0 | M454: 0 | N454: 1 | O454: 0 | P454: 0 | Q454: 0 | R454: 0 | S454: 1 | T454: 0 | U454: 0 | V454: 0 | W454: 0 | X454: 1 | Y454: 0 | Z454: 0 | AA454: 0 | AB454: 0 | AC454: 0 | AD454: 1 | AE454: 0 | AF454: 0 | AG454: 0 | AH454: 0 | AI454: 1 | AJ454: 0 | AK454: 0 | AL454: 0 | AM454: 0 | AN454: 0 | AO454: 0 | AP454: 0 | AQ454: 0 | AR454: 0 | AS454: 0 | AT454: 0 | AU454: 0 | AV454: 0 | AW454: 0 | AX454: 0 | AY454: 0 | AZ454: 0 | BA454: 0 | BB454: 0 | BC454: 0 | BD454: 0 | BE454: 0 | BF454: 0 | BG454: 0 | BH454: 0 | BI454: 0 | BJ454: 0 | BK454: 0 | BL454: 0 | BM454: 0 | BN454: 0 | BO454: 0 | BP454: 0 | BQ454: 0 | BR454: 0 | BS454: 0 | BT454: 0 | BU454: 0 | BV454: 0 | BW454: 0 | BX454: 0 | BY454: 0 | BZ454: 0 | CA454: 0 | CB454: 0 | CC454: 0 | CD454: 0 | CE454: 0 | CF454: 0 | CG454: 0 | CH454: 0 | CI454: 0 | CJ454: 0 | CK454: 0 | CL454: 0 | CM454: 0 | CN454: 0 | CO454: 0 | CP454: 0 | CQ454: 0 | CR454: 0 | CS454: 0 | CT454: 0 | CU454: 0 | CV454: 0 | CW454: 0 | CX454: 0 | CY454: 0 | CZ454: 0 | DA454: 0 | DB454: 0 | DC454: 0 | DD454: 0 | DE454: 0 | DF454: 0

Sheet Q3 Oct-Dec 23-24
A1: Public Authority | B1: Sector | C1: FOISA requests | D1: FOISA closed - unclear | E1: FOISA closed - withdrawn | F1: FOISA fees notice | G1: FOISA fees paid | H1: FOISA response on time | I1: FOISA response late | J1: FOISA failure to respond | K1: FOISA refused cost | L1: FOISA vexatious | M1: FOISA repeated | N1: FOISA full release | O1: FOISA none released | P1: FOISA some released | Q1: FOISA none held | R1: FOISA no confirm/deny | S1: EIR requests | T1: EIR closed - unclear | U1: EIR closed - withdrawn | V1: EIR - fees notice | W1: EIR - fees paid | X1: EIR - Response on time | Y1: EIR - response late | Z1: EIR - failure to respond | AA1: EIR - timescale extended | AB1: EIR refused - cost | AC1: EIR - manifestly unreasonable | AD1: EIR - full release | AE1: EIR - none released | AF1: EIR - some released | AG1: EIR - none held | AH1: EIR - no confirm/deny | AI1: Subject Access Requests | AJ1: FOISA reviews | AK1: FOISA review - on time | AL1: FOISA reviews - late response | AM1: FOISA reviews - failure to respond | AN1: FOISA reviews - wholly/partially upheld | AO1: FOISA review - substituted decision | AP1: FOISA review - decision reached | AQ1: EIR reviews | AR1: EIR review - on time | AS1: EIR review - late response | AT1: EIR review - failure to respond | AU1: EIR review - upheld | AV1: EIR review - not upheld | AW1: FOI: Otherwise accessible | AX1: FOI: Publication scheme | AY1: FOI: Disclosure prohibited: enactment | AZ1: FOI: Disclosure prohibited: EU obligation | BA1: FOI: Disclosure prohibited: contempt of court | BB1: FOI: Future publication: 12 weeks | BC1: FOI: Future publication: programme of research | BD1: FOI: Substantial prejudice to UK relations | BE1: FOI: Formulation/development of government policy | BF1: FOI: Ministerial communications | BG1: FOI: Advice by Law Officers | BH1: FOI: Operation of Ministerial private office | BI1: FOI: Substantial prejudice to collective responsibility of Scottish Ministers | BJ1: FOI: Substantial inhibition to free and frank provision of advice | BK1: FOI: Substantial inhibition to free and frank exchange of views | BL1: FOI: Substantial prejudice to effective conduct of public affairs | BM1: FOI: National security | BN1: FOI: Substantial prejudice to defence | BO1: FOI: Substantial prejudice to international relations | BP1: FOI: Confidential information obtained from abroad | BQ1: FOI: Trade secret | BR1: FOI: Substantial prejudice to commercial interests | BS1: FOI: Substantial prejudice to the economic interests of the UK | BT1: FOI: Substantial prejudice to the financial interests of a UK administration | BU1: FOI: Information held for the purposes of a criminal investigation | BV1: FOI: Information held for ongoing Fatal Accident Inquiry | BW1: FOI: Information held regarding cause of death | BX1: FOI: Information relating to the obtaining of information from confidential sources | BY1: FOI: Information held for purposes of civil proceedings arising out of investigations | BZ1: FOI: Substantial prejudice to prevention or detection of crime | CA1: FOI: Substantial prejudice to apprehension or prosecution of offenders | CB1: FOI: Substantial prejudice to administration of justice | CC1: FOI: Substantial prejudice to assessment or collection of tax or duty | CD1: FOI: Substantial prejudice to operation of immigration controls | CE1: FOI: Substantial prejudice to maintenance of security and good order in prisons | CF1: FOI: Substantial prejudice to the exercise by a public authority for any of its functions | CG1: FOI: Substantial prejudice to civil proceedings brought by an authority | CH1: FOI: Confidentiality of communications | CI1: FOI: Actionable breach of confidence | CJ1: FOI: Court records | CK1: FOI: Court records: inquiry or arbitration | CL1: FOI: Personal data of the applicant | CM1: FOI: Third party personal data | CN1: FOI: Personal census information | CO1: FOI: Deceased person’s health record | CP1: FOI: Endangerment to health or safety | CQ1: FOI: Environmental information | CR1: FOI: Substantial prejudice to audit function | CS1: FOI: Communications with the Royal Family and honours | CT1: EIR: Material in the course of completion | CU1: EIR: Internal communications | CV1: EIR: Substantial prejudice to international relations, public safety, etc. | CW1: EIR: Substantial prejudice to course of justice | CX1: EIR: Substantial prejudice to intellectual property rights | CY1: EIR: Substantial prejudice to confidentiality of proceedings | CZ1: EIR: Substantial prejudice to confidentiality of commercial industrial information | DA1: EIR: Substantial prejudice to the interests of a third party | DB1: EIR: Substantial prejudice to the protection of the environment | DC1: EIR: Neither confirm nor deny whether environmental information is held | DD1: EIR: Personal data of applicant | DE1: EIR: Third party personal data. | DF1: EIR: Neither confirm nor deny whether personal data held
A2: Aberdeen City Council | B2: Local Government | C2: 302 | D2: 24 | E2: 0 | F2: 0 | G2: 0 | H2: 227 | I2: 27 | J2: 24 | K2: 9 | L2: 0 | M2: 2 | N2: 94 | O2: 36 | P2: 78 | Q2: 35 | R2: 0 | S2: 89 | T2: 8 | U2: 0 | V2: 0 | W2: 0 | X2: 71 | Y2: 3 | Z2: 6 | AA2: 1 | AB2: 0 | AC2: 0 | AD2: 19 | AE2: 14 | AF2: 35 | AG2: 6 | AH2: 0 | AI2: 9 | AJ2: 9 | AK2: 4 | AL2: 3 | AM2: 2 | AN2: 3 | AO2: 0 | AP2: 3 | AQ2: 2 | AR2: 2 | AS2: 0 | AT2: 0 | AU2: 1 | AV2: 1 | AW2: 35 | AX2: 2 | AY2: 1 | AZ2: 0 | BA2: 0 | BB2: 1 | BC2: 0 | BD2: 0 | BE2: 0 | BF2: 0 | BG2: 0 | BH2: 0 | BI2: 0 | BJ2: 0 | BK2: 0 | BL2: 0 | BM2: 0 | BN2: 0 | BO2: 0 | BP2: 0 | BQ2: 0 | BR2: 2 | BS2: 0 | BT2: 0 | BU2: 0 | BV2: 0 | BW2: 0 | BX2: 0 | BY2: 0 | BZ2: 1 | CA2: 0 | CB2: 0 | CC2: 0 | CD2: 0 | CE2: 0 | CF2: 0 | CG2: 0 | CH2: 0 | CI2: 1 | CJ2: 0 | CK2: 0 | CL2: 9 | CM2: 29 | CN2: 0 | CO2: 0 | CP2: 0 | CQ2: 0 | CR2: 0 | CS2: 0 | CT2: 0 | CU2: 1 | CV2: 0 | CW2: 1 | CX2: 0 | CY2: 0 | CZ2: 1 | DA2: 0 | DB2: 0 | DC2: 0 | DD2: 0 | DE2: 11 | DF2: 0
A3: Aberdeen City Integration Joint Board | B3: Health and Social Care | C3: 10 | D3: 0 | E3: 0 | F3: 0 | G3: 0 | H3: 10 | I3: 0 | J3: 0 | K3: 0 | L3: 0 | M3: 0 | N3: 10 | O3: 0 | P3: 0 | Q3: 0 | R3: 0 | S3: 0 | T3: 0 | U3: 0 | V3: 0 | W3: 0 | X3: 0 | Y3: 0 | Z3: 0 | AA3: 0 | AB3: 0 | AC3: 0 | AD3: 0 | AE3: 0 | AF3: 0 | AG3: 0 | AH3: 0 | AI3: 0 | AJ3: 0 | AK3: 0 | AL3: 0 | AM3: 0 | AN3: 0 | AO3: 0 | AP3: 0 | AQ3: 0 | AR3: 0 | AS3: 0 | AT3: 0 | AU3: 0 | AV3: 0 | AW3: 0 | AX3: 0 | AY3: 0 | AZ3: 0 | BA3: 0 | BB3: 0 | BC3: 0 | BD3: 0 | BE3: 0 | BF3: 0 | BG3: 0 | BH3: 0 | BI3: 0 | BJ3: 0 | BK3: 0 | BL3: 0 | BM3: 0 | BN3: 0 | BO3: 0 | BP3: 0 | BQ3: 0 | BR3: 0 | BS3: 0 | BT3: 0 | BU3: 0 | BV3: 0 | BW3: 0 | BX3: 0 | BY3: 0 | BZ3: 0 | CA3: 0 | CB3: 0 | CC3: 0 | CD3: 0 | CE3: 0 | CF3: 0 | CG3: 0 | CH3: 0 | CI3: 0 | CJ3: 0 | CK3: 0 | CL3: 0 | CM3: 0 | CN3: 0 | CO3: 0 | CP3: 0 | CQ3: 0 | CR3: 0 | CS3: 0 | CT3: 0 | CU3: 0 | CV3: 0 | CW3: 0 | CX3: 0 | CY3: 0 | CZ3: 0 | DA3: 0 | DB3: 0 | DC3: 0 | DD3: 0 | DE3: 0 | DF3: 0
A4: Aberdeen Performing Arts | B4: Leisure and Culture | C4: 0 | D4: 0 | E4: 0 | F4: 0 | G4: 0 | H4: 0 | I4: 0 | J4: 0 | K4: 0 | L4: 0 | M4: 0 | N4: 0 | O4: 0 | P4: 0 | Q4: 0 | R4: 0 | S4: 0 | T4: 0 | U4: 0 | V4: 0 | W4: 0 | X4: 0 | Y4: 0 | Z4: 0 | AA4: 0 | AB4: 0 | AC4: 0 | AD4: 0 | AE4: 0 | AF4: 0 | AG4: 0 | AH4: 0 | AI4: 0 | AJ4: 0 | AK4: 0 | AL4: 0 | AM4: 0 | AN4: 0 | AO4: 0 | AP4: 0 | AQ4: 0 | AR4: 0 | AS4: 0 | AT4: 0 | AU4: 0 | AV4: 0 | AW4: 0 | AX4: 0 | AY4: 0 | AZ4: 0 | BA4: 0 | BB4: 0 | BC4: 0 | BD4: 0 | BE4: 0 | BF4: 0 | BG4: 0 | BH4: 0 | BI4: 0 | BJ4: 0 | BK4: 0 | BL4: 0 | BM4: 0 | BN4: 0 | BO4: 0 | BP4: 0 | BQ4: 0 | BR4: 0 | BS4: 0 | BT4: 0 | BU4: 0 | BV4: 0 | BW4: 0 | BX4: 0 | BY4: 0 | BZ4: 0 | CA4: 0 | CB4: 0 | CC4: 0 | CD4: 0 | CE4: 0 | CF4: 0 | CG4: 0 | CH4: 0 | CI4: 0 | CJ4: 0 | CK4: 0 | CL4: 0 | CM4: 0 | CN4: 0 | CO4: 0 | CP4: 0 | CQ4: 0 | CR4: 0 | CS4: 0 | CT4: 0 | CU4: 0 | CV4: 0 | CW4: 0 | CX4: 0 | CY4: 0 | CZ4: 0 | DA4: 0 | DB4: 0 | DC4: 0 | DD4: 0 | DE4: 0 | DF4: 0
A5: Aberdeenshire Council and Licensing Board | B5: Local Government | C5: 348 | D5: 1 | E5: 6 | F5: 0 | G5: 0 | H5: 308 | I5: 16 | J5: 7 | K5: 4 | L5: 0 | M5: 8 | N5: 266 | O5: 10 | P5: 2 | Q5: 25 | R5: 0 | S5: 61 | T5: 0 | U5: 0 | V5: 13 | W5: 3 | X5: 54 | Y5: 4 | Z5: 0 | AA5: 0 | AB5: 0 | AC5: 0 | AD5: 45 | AE5: 1 | AF5: 0 | AG5: 12 | AH5: 0 | AI5: 61 | AJ5: 4 | AK5: 3 | AL5: 0 | AM5: 1 | AN5: 3 | AO5: 0 | AP5: 0 | AQ5: 1 | AR5: 1 | AS5: 0 | AT5: 0 | AU5: 1 | AV5: 0 | AW5: 1 | AX5: 0 | AY5: 0 | AZ5: 0 | BA5: 0 | BB5: 0 | BC5: 0 | BD5: 0 | BE5: 0 | BF5: 0 | BG5: 0 | BH5: 0 | BI5: 0 | BJ5: 0 | BK5: 0 | BL5: 0 | BM5: 0 | BN5: 0 | BO5: 0 | BP5: 0 | BQ5: 0 | BR5: 0 | BS5: 0 | BT5: 0 | BU5: 0 | BV5: 0 | BW5: 0 | BX5: 0 | BY5: 0 | BZ5: 7 | CA5: 0 | CB5: 0 | CC5: 0 | CD5: 0 | CE5: 0 | CF5: 0 | CG5: 0 | CH5: 1 | CI5: 6 | CJ5: 0 | CK5: 0 | CL5: 0 | CM5: 11 | CN5: 0 | CO5: 0 | CP5: 0 | CQ5: 0 | CR5: 0 | CS5: 0 | CT5: 0 | CU5: 0 | CV5: 0 | CW5: 0 | CX5: 0 | CY5: 0 | CZ5: 0 | DA5: 0 | DB5: 0 | DC5: 0 | DD5: 0 | DE5: 0 | DF5: 0
A6: Aberdeenshire Integration Joint Board | B6: Health and Social Care | C6: 1 | D6: 0 | E6: 0 | F6: 0 | G6: 0 | H6: 1 | I6: 0 | J6: 0 | K6: 0 | L6: 0 | M6: 0 | N6: 1 | O6: 0 | P6: 0 | Q6: 0 | R6: 0 | S6: 0 | T6: 0 | U6: 0 | V6: 0 | W6: 0 | X6: 0 | Y6: 0 | Z6: 0 | AA6: 0 | AB6: 0 | AC6: 0 | AD6: 0 | AE6: 0 | AF6: 0 | AG6: 0 | AH6: 0 | AI6: 0 | AJ6: 0 | AK6: 0 | AL6: 0 | AM6: 0 | AN6: 0 | AO6: 0 | AP6: 0 | AQ6: 0 | AR6: 0 | AS6: 0 | AT6: 0 | AU6: 0 | AV6: 0 | AW6: 0 | AX6: 0 | AY6: 0 | AZ6: 0 | BA6: 0 | BB6: 0 | BC6: 0 | BD6: 0 | BE6: 0 | BF6: 0 | BG6: 0 | BH6: 0 | BI6: 0 | BJ6: 0 | BK6: 0 | BL6: 0 | BM6: 0 | BN6: 0 | BO6: 0 | BP6: 0 | BQ6: 0 | BR6: 0 | BS6: 0 | BT6: 0 | BU6: 0 | BV6: 0 | BW6: 0 | BX6: 0 | BY6: 0 | BZ6: 0 | CA6: 0 | CB6: 0 | CC6: 0 | CD6: 0 | CE6: 0 | CF6: 0 | CG6: 0 | CH6: 0 | CI6: 0 | CJ6: 0 | CK6: 0 | CL6: 0 | CM6: 0 | CN6: 0 | CO6: 0 | CP6: 0 | CQ6: 0 | CR6: 0 | CS6: 0 | CT6: 0 | CU6: 0 | CV6: 0 | CW6: 0 | CX6: 0 | CY6: 0 | CZ6: 0 | DA6: 0 | DB6: 0 | DC6: 0 | DD6: 0 | DE6: 0 | DF6: 0
A7: Abertay Housing Association Ltd | B7: Registered Social Landlords | C7: 0 | D7: 0 | E7: 0 | F7: 0 | G7: 0 | H7: 0 | I7: 0 | J7: 0 | K7: 0 | L7: 0 | M7: 0 | N7: 0 | O7: 0 | P7: 0 | Q7: 0 | R7: 0 | S7: 0 | T7: 0 | U7: 0 | V7: 0 | W7: 0 | X7: 0 | Y7: 0 | Z7: 0 | AA7: 0 | AB7: 0 | AC7: 0 | AD7: 0 | AE7: 0 | AF7: 0 | AG7: 0 | AH7: 0 | AI7: 2 | AJ7: 0 | AK7: 0 | AL7: 0 | AM7: 0 | AN7: 0 | AO7: 0 | AP7: 0 | AQ7: 0 | AR7: 0 | AS7: 0 | AT7: 0 | AU7: 0 | AV7: 0 | AW7: 0 | AX7: 0 | AY7: 0 | AZ7: 0 | BA7: 0 | BB7: 0 | BC7: 0 | BD7: 0 | BE7: 0 | BF7: 0 | BG7: 0 | BH7: 0 | BI7: 0 | BJ7: 0 | BK7: 0 | BL7: 0 | BM7: 0 | BN7: 0 | BO7: 0 | BP7: 0 | BQ7: 0 | BR7: 0 | BS7: 0 | BT7: 0 | BU7: 0 | BV7: 0 | BW7: 0 | BX7: 0 | BY7: 0 | BZ7: 0 | CA7: 0 | CB7: 0 | CC7: 0 | CD7: 0 | CE7: 0 | CF7: 0 | CG7: 0 | CH7: 0 | CI7: 0 | CJ7: 0 | CK7: 0 | CL7: 0 | CM7: 0 | CN7: 0 | CO7: 0 | CP7: 0 | CQ7: 0 | CR7: 0 | CS7: 0 | CT7: 0 | CU7: 0 | CV7: 0 | CW7: 0 | CX7: 0 | CY7: 0 | CZ7: 0 | DA7: 0 | DB7: 0 | DC7: 0 | DD7: 0 | DE7: 0 | DF7: 0
A8: Abertay University | B8: Higher and Further Education | C8: 31 | D8: 3 | E8: 1 | F8: 0 | G8: 0 | H8: 31 | I8: 11 | J8: 0 | K8: 1 | L8: 0 | M8: 0 | N8: 21 | O8: 2 | P8: 14 | Q8: 5 | R8: 0 | S8: 4 | T8: 0 | U8: 0 | V8: 0 | W8: 0 | X8: 1 | Y8: 2 | Z8: 0 | AA8: 0 | AB8: 0 | AC8: 0 | AD8: 3 | AE8: 0 | AF8: 0 | AG8: 0 | AH8: 0 | AI8: 1 | AJ8: 0 | AK8: 0 | AL8: 0 | AM8: 0 | AN8: 0 | AO8: 0 | AP8: 0 | AQ8: 0 | AR8: 0 | AS8: 0 | AT8: 0 | AU8: 0 | AV8: 0 | AW8: 0 | AX8: 0 | AY8: 0 | AZ8: 0 | BA8: 0 | BB8: 1 | BC8: 0 | BD8: 0 | BE8: 0 | BF8: 0 | BG8: 0 | BH8: 0 | BI8: 0 | BJ8: 0 | BK8: 0 | BL8: 0 | BM8: 0 | BN8: 0 | BO8: 0 | BP8: 0 | BQ8: 0 | BR8: 3 | BS8: 0 | BT8: 0 | BU8: 0 | BV8: 0 | BW8: 0 | BX8: 0 | BY8: 0 | BZ8: 0 | CA8: 0 | CB8: 0 | CC8: 0 | CD8: 0 | CE8: 0 | CF8: 0 | CG8: 0 | CH8: 0 | CI8: 0 | CJ8: 0 | CK8: 0 | CL8: 0 | CM8: 7 | CN8: 0 | CO8: 0 | CP8: 0 | CQ8: 0 | CR8: 0 | CS8: 0 | CT8: 0 | CU8: 0 | CV8: 0 | CW8: 0 | CX8: 0 | CY8: 0 | CZ8: 0 | DA8: 0 | DB8: 0 | DC8: 0 | DD8: 0 | DE8: 0 | DF8: 0
A9: Abronhill Housing Association Ltd | B9: Registered Social Landlords | C9: 2 | D9: 0 | E9: 0 | F9: 0 | G9: 0 | H9: 2 | I9: 0 | J9: 0 | K9: 0 | L9: 0 | M9: 0 | N9: 1 | O9: 0 | P9: 0 | Q9: 1 | R9: 0 | S9: 0 | T9: 0 | U9: 0 | V9: 0 | W9: 0 | X9: 0 | Y9: 0 | Z9: 0 | AA9: 0 | AB9: 0 | AC9: 0 | AD9: 0 | AE9: 0 | AF9: 0 | AG9: 0 | AH9: 0 | AI9: 0 | AJ9: 0 | AK9: 0 | AL9: 0 | AM9: 0 | AN9: 0 | AO9: 0 | AP9: 0 | AQ9: 0 | AR9: 0 | AS9: 0 | AT9: 0 | AU9: 0 | AV9: 0 | AW9: 0 | AX9: 0 | AY9: 0 | AZ9: 0 | BA9: 0 | BB9: 0 | BC9: 0 | BD9: 0 | BE9: 0 | BF9: 0 | BG9: 0 | BH9: 0 | BI9: 0 | BJ9: 0 | BK9: 0 | BL9: 0 | BM9: 0 | BN9: 0 | BO9: 0 | BP9: 0 | BQ9: 0 | BR9: 0 | BS9: 0 | BT9: 0 | BU9: 0 | BV9: 0 | BW9: 0 | BX9: 0 | BY9: 0 | BZ9: 0 | CA9: 0 | CB9: 0 | CC9: 0 | CD9: 0 | CE9: 0 | CF9: 0 | CG9: 0 | CH9: 0 | CI9: 0 | CJ9: 0 | CK9: 0 | CL9: 0 | CM9: 0 | CN9: 0 | CO9: 0 | CP9: 0 | CQ9: 0 | CR9: 0 | CS9: 0 | CT9: 0 | CU9: 0 | CV9: 0 | CW9: 0 | CX9: 0 | CY9: 0 | CZ9: 0 | DA9: 0 | DB9: 0 | DC9: 0 | DD9: 0 | DE9: 0 | DF9: 0
A10: Accounts Commission for Scotland | B10: Other | C10: 1 | D10: 0 | E10: 0 | F10: 0 | G10: 0 | H10: 1 | I10: 0 | J10: 0 | K10: 0 | L10: 0 | M10: 0 | N10: 1 | O10: 0 | P10: 0 | Q10: 0 | R10: 0 | S10: 0 | T10: 0 | U10: 0 | V10: 0 | W10: 0 | X10: 0 | Y10: 0 | Z10: 0 | AA10: 0 | AB10: 0 | AC10: 0 | AD10: 0 | AE10: 0 | AF10: 0 | AG10: 0 | AH10: 0 | AI10: 0 | AJ10: 0 | AK10: 0 | AL10: 0 | AM10: 0 | AN10: 0 | AO10: 0 | AP10: 0 | AQ10: 0 | AR10: 0 | AS10: 0 | AT10: 0 | AU10: 0 | AV10: 0 | AW10: 0 | AX10: 0 | AY10: 0 | AZ10: 0 | BA10: 0 | BB10: 0 | BC10: 0 | BD10: 0 | BE10: 0 | BF10: 0 | BG10: 0 | BH10: 0 | BI10: 0 | BJ10: 0 | BK10: 0 | BL10: 0 | BM10: 0 | BN10: 0 | BO10: 0 | BP10: 0 | BQ10: 0 | BR10: 0 | BS10: 0 | BT10: 0 | BU10: 0 | BV10: 0 | BW10: 0 | BX10: 0 | BY10: 0 | BZ10: 0 | CA10: 0 | CB10: 0 | CC10: 0 | CD10: 0 | CE10: 0 | CF10: 0 | CG10: 0 | CH10: 0 | CI10: 0 | CJ10: 0 | CK10: 0 | CL10: 0 | CM10: 0 | CN10: 0 | CO10: 0 | CP10: 0 | CQ10: 0 | CR10: 0 | CS10: 0 | CT10: 0 | CU10: 0 | CV10: 0 | CW10: 0 | CX10: 0 | CY10: 0 | CZ10: 0 | DA10: 0 | DB10: 0 | DC10: 0 | DD10: 0 | DE10: 0 | DF10: 0
A11: Active Stirling | B11: Leisure and Culture | C11: 0 | D11: 0 | E11: 0 | F11: 0 | G11: 0 | H11: 0 | I11: 0 | J11: 0 | K11: 0 | L11: 0 | M11: 0 | N11: 0 | O11: 0 | P11: 0 | Q11: 0 | R11: 0 | S11: 0 | T11: 0 | U11: 0 | V11: 0 | W11: 0 | X11: 0 | Y11: 0 | Z11: 0 | AA11: 0 | AB11: 0 | AC11: 0 | AD11: 0 | AE11: 0 | AF11: 0 | AG11: 0 | AH11: 0 | AI11: 0 | AJ11: 0 | AK11: 0 | AL11: 0 | AM11: 0 | AN11: 0 | AO11: 0 | AP11: 0 | AQ11: 0 | AR11: 0 | AS11: 0 | AT11: 0 | AU11: 0 | AV11: 0 | AW11: 0 | AX11: 0 | AY11: 0 | AZ11: 0 | BA11: 0 | BB11: 0 | BC11: 0 | BD11: 0 | BE11: 0 | BF11: 0 | BG11: 0 | BH11: 0 | BI11: 0 | BJ11: 0 | BK11: 0 | BL11: 0 | BM11: 0 | BN11: 0 | BO11: 0 | BP11: 0 | BQ11: 0 | BR11: 0 | BS11: 0 | BT11: 0 | BU11: 0 | BV11: 0 | BW11: 0 | BX11: 0 | BY11: 0 | BZ11: 0 | CA11: 0 | CB11: 0 | CC11: 0 | CD11: 0 | CE11: 0 | CF11: 0 | CG11: 0 | CH11: 0 | CI11: 0 | CJ11: 0 | CK11: 0 | CL11: 0 | CM11: 0 | CN11: 0 | CO11: 0 | CP11: 0 | CQ11: 0 | CR11: 0 | CS11: 0 | CT11: 0 | CU11: 0 | CV11: 0 | CW11: 0 | CX11: 0 | CY11: 0 | CZ11: 0 | DA11: 0 | DB11: 0 | DC11: 0 | DD11: 0 | DE11: 0 | DF11: 0
A12: Addiewell Prison Limited | B12: Police, Justice and Fire | C12: 0 | D12: 0 | E12: 0 | F12: 0 | G12: 0 | H12: 0 | I12: 0 | J12: 0 | K12: 0 | L12: 0 | M12: 0 | N12: 0 | O12: 0 | P12: 0 | Q12: 0 | R12: 0 | S12: 0 | T12: 0 | U12: 0 | V12: 0 | W12: 0 | X12: 0 | Y12: 0 | Z12: 0 | AA12: 0 | AB12: 0 | AC12: 0 | AD12: 0 | AE12: 0 | AF12: 0 | AG12: 0 | AH12: 0 | AI12: 0 | AJ12: 0 | AK12: 0 | AL12: 0 | AM12: 0 | AN12: 0 | AO12: 0 | AP12: 0 | AQ12: 0 | AR12: 0 | AS12: 0 | AT12: 0 | AU12: 0 | AV12: 0 | AW12: 0 | AX12: 0 | AY12: 0 | AZ12: 0 | BA12: 0 | BB12: 0 | BC12: 0 | BD12: 0 | BE12: 0 | BF12: 0 | BG12: 0 | BH12: 0 | BI12: 0 | BJ12: 0 | BK12: 0 | BL12: 0 | BM12: 0 | BN12: 0 | BO12: 0 | BP12: 0 | BQ12: 0 | BR12: 0 | BS12: 0 | BT12: 0 | BU12: 0 | BV12: 0 | BW12: 0 | BX12: 0 | BY12: 0 | BZ12: 0 | CA12: 0 | CB12: 0 | CC12: 0 | CD12: 0 | CE12: 0 | CF12: 0 | CG12: 0 | CH12: 0 | CI12: 0 | CJ12: 0 | CK12: 0 | CL12: 0 | CM12: 0 | CN12: 0 | CO12: 0 | CP12: 0 | CQ12: 0 | CR12: 0 | CS12: 0 | CT12: 0 | CU12: 0 | CV12: 0 | CW12: 0 | CX12: 0 | CY12: 0 | CZ12: 0 | DA12: 0 | DB12: 0 | DC12: 0 | DD12: 0 | DE12: 0 | DF12: 0
A13: Albyn Enterprises Ltd | B13: Registered Social Landlords | C13: 0 | D13: 0 | E13: 0 | F13: 0 | G13: 0 | H13: 0 | I13: 0 | J13: 0 | K13: 0 | L13: 0 | M13: 0 | N13: 0 | O13: 0 | P13: 0 | Q13: 0 | R13: 0 | S13: 0 | T13: 0 | U13: 0 | V13: 0 | W13: 0 | X13: 0 | Y13: 0 | Z13: 0 | AA13: 0 | AB13: 0 | AC13: 0 | AD13: 0 | AE13: 0 | AF13: 0 | AG13: 0 | AH13: 0 | AI13: 0 | AJ13: 0 | AK13: 0 | AL13: 0 | AM13: 0 | AN13: 0 | AO13: 0 | AP13: 0 | AQ13: 0 | AR13: 0 | AS13: 0 | AT13: 0 | AU13: 0 | AV13: 0 | AW13: 0 | AX13: 0 | AY13: 0 | AZ13: 0 | BA13: 0 | BB13: 0 | BC13: 0 | BD13: 0 | BE13: 0 | BF13: 0 | BG13: 0 | BH13: 0 | BI13: 0 | BJ13: 0 | BK13: 0 | BL13: 0 | BM13: 0 | BN13: 0 | BO13: 0 | BP13: 0 | BQ13: 0 | BR13: 0 | BS13: 0 | BT13: 0 | BU13: 0 | BV13: 0 | BW13: 0 | BX13: 0 | BY13: 0 | BZ13: 0 | CA13: 0 | CB13: 0 | CC13: 0 | CD13: 0 | CE13: 0 | CF13: 0 | CG13: 0 | CH13: 0 | CI13: 0 | CJ13: 0 | CK13: 0 | CL13: 0 | CM13: 0 | CN13: 0 | CO13: 0 | CP13: 0 | CQ13: 0 | CR13: 0 | CS13: 0 | CT13: 0 | CU13: 0 | CV13: 0 | CW13: 0 | CX13: 0 | CY13: 0 | CZ13: 0 | DA13: 0 | DB13: 0 | DC13: 0 | DD13: 0 | DE13: 0 | DF13: 0
... A460: Yorkhill Housing Association Ltd | B460: Registered Social Landlords | C460: 0 | D460: 0 | E460: 0 | F460: 0 | G460: 0 | H460: 0 | I460: 0 | J460: 0 | K460: 0 | L460: 0 | M460: 0 | N460: 0 | O460: 0 | P460: 0 | Q460: 0 | R460: 0 | S460: 0 | T460: 0 | U460: 0 | V460: 0 | W460: 0 | X460: 0 | Y460: 0 | Z460: 0 | AA460: 0 | AB460: 0 | AC460: 0 | AD460: 0 | AE460: 0 | AF460: 0 | AG460: 0 | AH460: 0 | AI460: 1 | AJ460: 0 | AK460: 0 | AL460: 0 | AM460: 0 | AN460: 0 | AO460: 0 | AP460: 0 | AQ460: 0 | AR460: 0 | AS460: 0 | AT460: 0 | AU460: 0 | AV460: 0 | AW460: 0 | AX460: 0 | AY460: 0 | AZ460: 0 | BA460: 0 | BB460: 0 | BC460: 0 | BD460: 0 | BE460: 0 | BF460: 0 | BG460: 0 | BH460: 0 | BI460: 0 | BJ460: 0 | BK460: 0 | BL460: 0 | BM460: 0 | BN460: 0 | BO460: 0 | BP460: 0 | BQ460: 0 | BR460: 0 | BS460: 0 | BT460: 0 | BU460: 0 | BV460: 0 | BW460: 0 | BX460: 0 | BY460: 0 | BZ460: 0 | CA460: 0 | CB460: 0 | CC460: 0 | CD460: 0 | CE460: 0 | CF460: 0 | CG460: 0 | CH460: 0 | CI460: 0 | CJ460: 0 | CK460: 0 | CL460: 0 | CM460: 0 | CN460: 0 | CO460: 0 | CP460: 0 | CQ460: 0 | CR460: 0 | CS460: 0 | CT460: 0 | CU460: 0 | CV460: 0 | CW460: 0 | CX460: 0 | CY460: 0 | CZ460: 0 | DA460: 0 | DB460: 0 | DC460: 0 | DD460: 0 | DE460: 0 | DF460: 0

Sheet Q4 Jan-Mar 23-24
A1: Public Authority | B1: Sector | C1: FOISA requests | D1: FOISA closed - unclear | E1: FOISA closed - withdrawn | F1: FOISA fees notice | G1: FOISA fees paid | H1: FOISA response on time | I1: FOISA response late | J1: FOISA failure to respond | K1: FOISA refused cost | L1: FOISA vexatious | M1: FOISA repeated | N1: FOISA full release | O1: FOISA none released | P1: FOISA some released | Q1: FOISA none held | R1: FOISA no confirm/deny | S1: EIR requests | T1: EIR closed - unclear | U1: EIR closed - withdrawn | V1: EIR - fees notice | W1: EIR - fees paid | X1: EIR - Response on time | Y1: EIR - response late | Z1: EIR - failure to respond | AA1: EIR - timescale extended | AB1: EIR refused - cost | AC1: EIR - manifestly unreasonable | AD1: EIR - full release | AE1: EIR - none released | AF1: EIR - some released | AG1: EIR - none held | AH1: EIR - no confirm/deny | AI1: Subject Access Requests | AJ1: FOISA reviews | AK1: FOISA review - on time | AL1: FOISA reviews - late response | AM1: FOISA reviews - failure to respond | AN1: FOISA reviews - wholly/partially upheld | AO1: FOISA review - substituted decision | AP1: FOISA review - decision reached | AQ1: EIR reviews | AR1: EIR review - on time | AS1: EIR review - late response | AT1: EIR review - failure to respond | AU1: EIR review - upheld | AV1: EIR review - not upheld | AW1: FOI: Otherwise accessible | AX1: FOI: Publication scheme | AY1: FOI: Disclosure prohibited: enactment | AZ1: FOI: Disclosure prohibited: EU obligation | BA1: FOI: Disclosure prohibited: contempt of court | BB1: FOI: Future publication: 12 weeks | BC1: FOI: Future publication: programme of research | BD1: FOI: Substantial prejudice to UK relations | BE1: FOI: Formulation/development of government policy | BF1: FOI: Ministerial communications | BG1: FOI: Advice by Law Officers | BH1: FOI: Operation of Ministerial private office | BI1: FOI: Substantial prejudice to collective responsibility of Scottish Ministers | BJ1: FOI: Substantial inhibition to free and frank provision of advice | BK1: FOI: Substantial inhibition to free and frank exchange of views | BL1: FOI: Substantial prejudice to effective conduct of public affairs | BM1: FOI: National security | BN1: FOI: Substantial prejudice to defence | BO1: FOI: Substantial prejudice to international relations | BP1: FOI: Confidential information obtained from abroad | BQ1: FOI: Trade secret | BR1: FOI: Substantial prejudice to commercial interests | BS1: FOI: Substantial prejudice to the economic interests of the UK | BT1: FOI: Substantial prejudice to the financial interests of a UK administration | BU1: FOI: Information held for the purposes of a criminal investigation | BV1: FOI: Information held for ongoing Fatal Accident Inquiry | BW1: FOI: Information held regarding cause of death | BX1: FOI: Information relating to the obtaining of information from confidential sources | BY1: FOI: Information held for purposes of civil proceedings arising out of investigations | BZ1: FOI: Substantial prejudice to prevention or detection of crime | CA1: FOI: Substantial prejudice to apprehension or prosecution of offenders | CB1: FOI: Substantial prejudice to administration of justice | CC1: FOI: Substantial prejudice to assessment or collection of tax or duty | CD1: FOI: Substantial prejudice to operation of immigration controls | CE1: FOI: Substantial prejudice to maintenance of security and good order in prisons | CF1: FOI: Substantial prejudice to the exercise by a public authority for any of its functions | CG1: FOI: Substantial prejudice to civil proceedings brought by an authority | CH1: FOI: Confidentiality of communications | CI1: FOI: Actionable breach of confidence | CJ1: FOI: Court records | CK1: FOI: Court records: inquiry or arbitration | CL1: FOI: Personal data of the applicant | CM1: FOI: Third party personal data | CN1: FOI: Personal census information | CO1: FOI: Deceased person’s health record | CP1: FOI: Endangerment to health or safety | CQ1: FOI: Environmental information | CR1: FOI: Substantial prejudice to audit function | CS1: FOI: Communications with the Royal Family and honours | CT1: EIR: Material in the course of completion | CU1: EIR: Internal communications | CV1: EIR: Substantial prejudice to international relations, public safety, etc. | CW1: EIR: Substantial prejudice to course of justice | CX1: EIR: Substantial prejudice to intellectual property rights | CY1: EIR: Substantial prejudice to confidentiality of proceedings | CZ1: EIR: Substantial prejudice to confidentiality of commercial industrial information | DA1: EIR: Substantial prejudice to the interests of a third party | DB1: EIR: Substantial prejudice to the protection of the environment | DC1: EIR: Neither confirm nor deny whether environmental information is held | DD1: EIR: Personal data of applicant | DE1: EIR: Third party personal data. | DF1: EIR: Neither confirm nor deny whether personal data held
A2: Aberdeen City Council | B2: Local Government | C2: 344 | D2: 27 | E2: 4 | F2: 0 | G2: 0 | H2: 277 | I2: 22 | J2: 14 | K2: 1 | L2: 0 | M2: 8 | N2: 124 | O2: 25 | P2: 108 | Q2: 33 | R2: 0 | S2: 114 | T2: 10 | U2: 4 | V2: 0 | W2: 0 | X2: 91 | Y2: 3 | Z2: 6 | AA2: 0 | AB2: 0 | AC2: 0 | AD2: 30 | AE2: 10 | AF2: 47 | AG2: 7 | AH2: 0 | AI2: 11 | AJ2: 3 | AK2: 3 | AL2: 0 | AM2: 0 | AN2: 1 | AO2: 0 | AP2: 2 | AQ2: 3 | AR2: 2 | AS2: 0 | AT2: 1 | AU2: 1 | AV2: 1 | AW2: 16 | AX2: 16 | AY2: 0 | AZ2: 0 | BA2: 0 | BB2: 0 | BC2: 0 | BD2: 0 | BE2: 0 | BF2: 0 | BG2: 0 | BH2: 0 | BI2: 0 | BJ2: 0 | BK2: 0 | BL2: 0 | BM2: 1 | BN2: 0 | BO2: 0 | BP2: 0 | BQ2: 0 | BR2: 1 | BS2: 0 | BT2: 0 | BU2: 0 | BV2: 0 | BW2: 0 | BX2: 0 | BY2: 0 | BZ2: 2 | CA2: 0 | CB2: 0 | CC2: 0 | CD2: 0 | CE2: 0 | CF2: 0 | CG2: 0 | CH2: 0 | CI2: 1 | CJ2: 1 | CK2: 0 | CL2: 11 | CM2: 23 | CN2: 0 | CO2: 0 | CP2: 0 | CQ2: 114 | CR2: 0 | CS2: 0 | CT2: 0 | CU2: 0 | CV2: 0 | CW2: 0 | CX2: 0 | CY2: 0 | CZ2: 0 | DA2: 0 | DB2: 0 | DC2: 0 | DD2: 0 | DE2: 18 | DF2: 0
A3: Aberdeen City Integration Joint Board | B3: Health and Social Care | C3: 1 | D3: 0 | E3: 0 | F3: 0 | G3: 0 | H3: 0 | I3: 0 | J3: 0 | K3: 0 | L3: 0 | M3: 0 | N3: 0 | O3: 0 | P3: 0 | Q3: 1 | R3: 0 | S3: 0 | T3: 0 | U3: 0 | V3: 0 | W3: 0 | X3: 0 | Y3: 0 | Z3: 0 | AA3: 0 | AB3: 0 | AC3: 0 | AD3: 0 | AE3: 0 | AF3: 0 | AG3: 0 | AH3: 0 | AI3: 0 | AJ3: 0 | AK3: 0 | AL3: 0 | AM3: 0 | AN3: 0 | AO3: 0 | AP3: 0 | AQ3: 0 | AR3: 0 | AS3: 0 | AT3: 0 | AU3: 0 | AV3: 0 | AW3: 0 | AX3: 0 | AY3: 0 | AZ3: 0 | BA3: 0 | BB3: 0 | BC3: 0 | BD3: 0 | BE3: 0 | BF3: 0 | BG3: 0 | BH3: 0 | BI3: 0 | BJ3: 0 | BK3: 0 | BL3: 0 | BM3: 0 | BN3: 0 | BO3: 0 | BP3: 0 | BQ3: 0 | BR3: 0 | BS3: 0 | BT3: 0 | BU3: 0 | BV3: 0 | BW3: 0 | BX3: 0 | BY3: 0 | BZ3: 0 | CA3: 0 | CB3: 0 | CC3: 0 | CD3: 0 | CE3: 0 | CF3: 0 | CG3: 0 | CH3: 0 | CI3: 0 | CJ3: 0 | CK3: 0 | CL3: 0 | CM3: 0 | CN3: 0 | CO3: 0 | CP3: 0 | CQ3: 0 | CR3: 0 | CS3: 0 | CT3: 0 | CU3: 0 | CV3: 0 | CW3: 0 | CX3: 0 | CY3: 0 | CZ3: 0 | DA3: 0 | DB3: 0 | DC3: 0 | DD3: 0 | DE3: 0 | DF3: 0
A4: Aberdeen City Licensing Board | B4: Local Government | C4: 0 | D4: 0 | E4: 0 | F4: 0 | G4: 0 | H4: 0 | I4: 0 | J4: 0 | K4: 0 | L4: 0 | M4: 0 | N4: 0 | O4: 0 | P4: 0 | Q4: 0 | R4: 0 | S4: 0 | T4: 0 | U4: 0 | V4: 0 | W4: 0 | X4: 0 | Y4: 0 | Z4: 0 | AA4: 0 | AB4: 0 | AC4: 0 | AD4: 0 | AE4: 0 | AF4: 0 | AG4: 0 | AH4: 0 | AI4: 0 | AJ4: 0 | AK4: 0 | AL4: 0 | AM4: 0 | AN4: 0 | AO4: 0 | AP4: 0 | AQ4: 0 | AR4: 0 | AS4: 0 | AT4: 0 | AU4: 0 | AV4: 0 | AW4: 0 | AX4: 0 | AY4: 0 | AZ4: 0 | BA4: 0 | BB4: 0 | BC4: 0 | BD4: 0 | BE4: 0 | BF4: 0 | BG4: 0 | BH4: 0 | BI4: 0 | BJ4: 0 | BK4: 0 | BL4: 0 | BM4: 0 | BN4: 0 | BO4: 0 | BP4: 0 | BQ4: 0 | BR4: 0 | BS4: 0 | BT4: 0 | BU4: 0 | BV4: 0 | BW4: 0 | BX4: 0 | BY4: 0 | BZ4: 0 | CA4: 0 | CB4: 0 | CC4: 0 | CD4: 0 | CE4: 0 | CF4: 0 | CG4: 0 | CH4: 0 | CI4: 0 | CJ4: 0 | CK4: 0 | CL4: 0 | CM4: 0 | CN4: 0 | CO4: 0 | CP4: 0 | CQ4: 0 | CR4: 0 | CS4: 0 | CT4: 0 | CU4: 0 | CV4: 0 | CW4: 0 | CX4: 0 | CY4: 0 | CZ4: 0 | DA4: 0 | DB4: 0 | DC4: 0 | DD4: 0 | DE4: 0 | DF4: 0
A5: Aberdeen Performing Arts | B5: Leisure and Culture | C5: 1 | D5: 0 | E5: 0 | F5: 0 | G5: 0 | H5: 1 | I5: 0 | J5: 0 | K5: 0 | L5: 0 | M5: 0 | N5: 0 | O5: 1 | P5: 0 | Q5: 0 | R5: 0 | S5: 0 | T5: 0 | U5: 0 | V5: 0 | W5: 0 | X5: 0 | Y5: 0 | Z5: 0 | AA5: 0 | AB5: 0 | AC5: 0 | AD5: 0 | AE5: 0 | AF5: 0 | AG5: 0 | AH5: 0 | AI5: 0 | AJ5: 0 | AK5: 0 | AL5: 0 | AM5: 0 | AN5: 0 | AO5: 0 | AP5: 0 | AQ5: 0 | AR5: 0 | AS5: 0 | AT5: 0 | AU5: 0 | AV5: 0 | AW5: 0 | AX5: 0 | AY5: 0 | AZ5: 0 | BA5: 0 | BB5: 0 | BC5: 0 | BD5: 0 | BE5: 0 | BF5: 0 | BG5: 0 | BH5: 0 | BI5: 0 | BJ5: 0 | BK5: 0 | BL5: 0 | BM5: 0 | BN5: 0 | BO5: 0 | BP5: 0 | BQ5: 0 | BR5: 0 | BS5: 0 | BT5: 0 | BU5: 0 | BV5: 0 | BW5: 0 | BX5: 0 | BY5: 0 | BZ5: 0 | CA5: 0 | CB5: 0 | CC5: 0 | CD5: 0 | CE5: 0 | CF5: 0 | CG5: 0 | CH5: 0 | CI5: 0 | CJ5: 0 | CK5: 0 | CL5: 0 | CM5: 0 | CN5: 0 | CO5: 0 | CP5: 0 | CQ5: 0 | CR5: 0 | CS5: 0 | CT5: 0 | CU5: 0 | CV5: 0 | CW5: 0 | CX5: 0 | CY5: 0 | CZ5: 0 | DA5: 0 | DB5: 0 | DC5: 0 | DD5: 0 | DE5: 0 | DF5: 0
A6: Aberdeenshire Council and Licensing Board | B6: Local Government | C6: 401 | D6: 1 | E6: 2 | F6: 0 | G6: 0 | H6: 360 | I6: 31 | J6: 4 | K6: 4 | L6: 0 | M6: 13 | N6: 303 | O6: 15 | P6: 11 | Q6: 42 | R6: 0 | S6: 133 | T6: 0 | U6: 0 | V6: 9 | W6: 1 | X6: 119 | Y6: 5 | Z6: 1 | AA6: 0 | AB6: 0 | AC6: 0 | AD6: 94 | AE6: 3 | AF6: 0 | AG6: 27 | AH6: 0 | AI6: 65 | AJ6: 3 | AK6: 0 | AL6: 0 | AM6: 3 | AN6: 0 | AO6: 0 | AP6: 0 | AQ6: 0 | AR6: 0 | AS6: 0 | AT6: 0 | AU6: 0 | AV6: 0 | AW6: 1 | AX6: 0 | AY6: 0 | AZ6: 0 | BA6: 0 | BB6: 0 | BC6: 0 | BD6: 0 | BE6: 0 | BF6: 0 | BG6: 0 | BH6: 0 | BI6: 0 | BJ6: 0 | BK6: 0 | BL6: 0 | BM6: 0 | BN6: 0 | BO6: 0 | BP6: 0 | BQ6: 0 | BR6: 0 | BS6: 0 | BT6: 0 | BU6: 0 | BV6: 0 | BW6: 0 | BX6: 0 | BY6: 0 | BZ6: 7 | CA6: 0 | CB6: 0 | CC6: 0 | CD6: 0 | CE6: 0 | CF6: 0 | CG6: 0 | CH6: 1 | CI6: 6 | CJ6: 0 | CK6: 0 | CL6: 0 | CM6: 11 | CN6: 0 | CO6: 0 | CP6: 0 | CQ6: 0 | CR6: 0 | CS6: 0 | CT6: 0 | CU6: 0 | CV6: 0 | CW6: 0 | CX6: 0 | CY6: 0 | CZ6: 0 | DA6: 0 | DB6: 0 | DC6: 0 | DD6: 0 | DE6: 0 | DF6: 0
A7: Aberdeenshire Integration Joint Board | B7: Health and Social Care | C7: 0 | D7: 0 | E7: 0 | F7: 0 | G7: 0 | H7: 0 | I7: 0 | J7: 0 | K7: 0 | L7: 0 | M7: 0 | N7: 0 | O7: 0 | P7: 0 | Q7: 0 | R7: 0 | S7: 0 | T7: 0 | U7: 0 | V7: 0 | W7: 0 | X7: 0 | Y7: 0 | Z7: 0 | AA7: 0 | AB7: 0 | AC7: 0 | AD7: 0 | AE7: 0 | AF7: 0 | AG7: 0 | AH7: 0 | AI7: 0 | AJ7: 0 | AK7: 0 | AL7: 0 | AM7: 0 | AN7: 0 | AO7: 0 | AP7: 0 | AQ7: 0 | AR7: 0 | AS7: 0 | AT7: 0 | AU7: 0 | AV7: 0 | AW7: 0 | AX7: 0 | AY7: 0 | AZ7: 0 | BA7: 0 | BB7: 0 | BC7: 0 | BD7: 0 | BE7: 0 | BF7: 0 | BG7: 0 | BH7: 0 | BI7: 0 | BJ7: 0 | BK7: 0 | BL7: 0 | BM7: 0 | BN7: 0 | BO7: 0 | BP7: 0 | BQ7: 0 | BR7: 0 | BS7: 0 | BT7: 0 | BU7: 0 | BV7: 0 | BW7: 0 | BX7: 0 | BY7: 0 | BZ7: 0 | CA7: 0 | CB7: 0 | CC7: 0 | CD7: 0 | CE7: 0 | CF7: 0 | CG7: 0 | CH7: 0 | CI7: 0 | CJ7: 0 | CK7: 0 | CL7: 0 | CM7: 0 | CN7: 0 | CO7: 0 | CP7: 0 | CQ7: 0 | CR7: 0 | CS7: 0 | CT7: 0 | CU7: 0 | CV7: 0 | CW7: 0 | CX7: 0 | CY7: 0 | CZ7: 0 | DA7: 0 | DB7: 0 | DC7: 0 | DD7: 0 | DE7: 0 | DF7: 0
A8: Abertay Housing Association Ltd | B8: Registered Social Landlords | C8: 2 | D8: 0 | E8: 0 | F8: 0 | G8: 0 | H8: 2 | I8: 0 | J8: 0 | K8: 0 | L8: 0 | M8: 0 | N8: 2 | O8: 0 | P8: 0 | Q8: 0 | R8: 0 | S8: 0 | T8: 0 | U8: 0 | V8: 0 | W8: 0 | X8: 0 | Y8: 0 | Z8: 0 | AA8: 0 | AB8: 0 | AC8: 0 | AD8: 0 | AE8: 0 | AF8: 0 | AG8: 0 | AH8: 0 | AI8: 1 | AJ8: 0 | AK8: 0 | AL8: 0 | AM8: 0 | AN8: 0 | AO8: 0 | AP8: 0 | AQ8: 0 | AR8: 0 | AS8: 0 | AT8: 0 | AU8: 0 | AV8: 0 | AW8: 0 | AX8: 0 | AY8: 0 | AZ8: 0 | BA8: 0 | BB8: 0 | BC8: 0 | BD8: 0 | BE8: 0 | BF8: 0 | BG8: 0 | BH8: 0 | BI8: 0 | BJ8: 0 | BK8: 0 | BL8: 0 | BM8: 0 | BN8: 0 | BO8: 0 | BP8: 0 | BQ8: 0 | BR8: 0 | BS8: 0 | BT8: 0 | BU8: 0 | BV8: 0 | BW8: 0 | BX8: 0 | BY8: 0 | BZ8: 0 | CA8: 0 | CB8: 0 | CC8: 0 | CD8: 0 | CE8: 0 | CF8: 0 | CG8: 0 | CH8: 0 | CI8: 0 | CJ8: 0 | CK8: 0 | CL8: 0 | CM8: 0 | CN8: 0 | CO8: 0 | CP8: 0 | CQ8: 0 | CR8: 0 | CS8: 0 | CT8: 0 | CU8: 0 | CV8: 0 | CW8: 0 | CX8: 0 | CY8: 0 | CZ8: 0 | DA8: 0 | DB8: 0 | DC8: 0 | DD8: 0 | DE8: 0 | DF8: 0
A9: Abertay University | B9: Higher and Further Education | C9: 53 | D9: 1 | E9: 0 | F9: 0 | G9: 0 | H9: 33 | I9: 11 | J9: 0 | K9: 0 | L9: 0 | M9: 0 | N9: 23 | O9: 0 | P9: 18 | Q9: 3 | R9: 0 | S9: 6 | T9: 0 | U9: 0 | V9: 0 | W9: 0 | X9: 7 | Y9: 0 | Z9: 0 | AA9: 0 | AB9: 0 | AC9: 0 | AD9: 6 | AE9: 0 | AF9: 1 | AG9: 0 | AH9: 0 | AI9: 1 | AJ9: 1 | AK9: 1 | AL9: 0 | AM9: 0 | AN9: 0 | AO9: 1 | AP9: 0 | AQ9: 0 | AR9: 0 | AS9: 0 | AT9: 0 | AU9: 0 | AV9: 0 | AW9: 0 | AX9: 0 | AY9: 0 | AZ9: 0 | BA9: 0 | BB9: 0 | BC9: 0 | BD9: 0 | BE9: 0 | BF9: 0 | BG9: 0 | BH9: 0 | BI9: 0 | BJ9: 0 | BK9: 0 | BL9: 0 | BM9: 0 | BN9: 0 | BO9: 0 | BP9: 0 | BQ9: 0 | BR9: 4 | BS9: 0 | BT9: 0 | BU9: 0 | BV9: 0 | BW9: 0 | BX9: 0 | BY9: 0 | BZ9: 0 | CA9: 0 | CB9: 0 | CC9: 0 | CD9: 0 | CE9: 0 | CF9: 0 | CG9: 0 | CH9: 0 | CI9: 0 | CJ9: 0 | CK9: 0 | CL9: 0 | CM9: 12 | CN9: 0 | CO9: 0 | CP9: 0 | CQ9: 0 | CR9: 0 | CS9: 0 | CT9: 0 | CU9: 0 | CV9: 0 | CW9: 0 | CX9: 0 | CY9: 0 | CZ9: 0 | DA9: 0 | DB9: 0 | DC9: 0 | DD9: 0 | DE9: 0 | DF9: 0
A10: Abronhill Housing Association Ltd | B10: Registered Social Landlords | C10: 1 | D10: 0 | E10: 0 | F10: 0 | G10: 0 | H10: 1 | I10: 0 | J10: 0 | K10: 0 | L10: 0 | M10: 0 | N10: 1 | O10: 0 | P10: 0 | Q10: 0 | R10: 0 | S10: 0 | T10: 0 | U10: 0 | V10: 0 | W10: 0 | X10: 0 | Y10: 0 | Z10: 0 | AA10: 0 | AB10: 0 | AC10: 0 | AD10: 0 | AE10: 0 | AF10: 0 | AG10: 0 | AH10: 0 | AI10: 0 | AJ10: 0 | AK10: 0 | AL10: 0 | AM10: 0 | AN10: 0 | AO10: 0 | AP10: 0 | AQ10: 0 | AR10: 0 | AS10: 0 | AT10: 0 | AU10: 0 | AV10: 0 | AW10: 0 | AX10: 0 | AY10: 0 | AZ10: 0 | BA10: 0 | BB10: 0 | BC10: 0 | BD10: 0 | BE10: 0 | BF10: 0 | BG10: 0 | BH10: 0 | BI10: 0 | BJ10: 0 | BK10: 0 | BL10: 0 | BM10: 0 | BN10: 0 | BO10: 0 | BP10: 0 | BQ10: 0 | BR10: 0 | BS10: 0 | BT10: 0 | BU10: 0 | BV10: 0 | BW10: 0 | BX10: 0 | BY10: 0 | BZ10: 0 | CA10: 0 | CB10: 0 | CC10: 0 | CD10: 0 | CE10: 0 | CF10: 0 | CG10: 0 | CH10: 0 | CI10: 0 | CJ10: 0 | CK10: 0 | CL10: 0 | CM10: 0 | CN10: 0 | CO10: 0 | CP10: 0 | CQ10: 0 | CR10: 0 | CS10: 0 | CT10: 0 | CU10: 0 | CV10: 0 | CW10: 0 | CX10: 0 | CY10: 0 | CZ10: 0 | DA10: 0 | DB10: 0 | DC10: 0 | DD10: 0 | DE10: 0 | DF10: 0
A11: Accounts Commission for Scotland | B11: Other | C11: 0 | D11: 0 | E11: 0 | F11: 0 | G11: 0 | H11: 0 | I11: 0 | J11: 0 | K11: 0 | L11: 0 | M11: 0 | N11: 0 | O11: 0 | P11: 0 | Q11: 0 | R11: 0 | S11: 0 | T11: 0 | U11: 0 | V11: 0 | W11: 0 | X11: 0 | Y11: 0 | Z11: 0 | AA11: 0 | AB11: 0 | AC11: 0 | AD11: 0 | AE11: 0 | AF11: 0 | AG11: 0 | AH11: 0 | AI11: 0 | AJ11: 0 | AK11: 0 | AL11: 0 | AM11: 0 | AN11: 0 | AO11: 0 | AP11: 0 | AQ11: 0 | AR11: 0 | AS11: 0 | AT11: 0 | AU11: 0 | AV11: 0 | AW11: 0 | AX11: 0 | AY11: 0 | AZ11: 0 | BA11: 0 | BB11: 0 | BC11: 0 | BD11: 0 | BE11: 0 | BF11: 0 | BG11: 0 | BH11: 0 | BI11: 0 | BJ11: 0 | BK11: 0 | BL11: 0 | BM11: 0 | BN11: 0 | BO11: 0 | BP11: 0 | BQ11: 0 | BR11: 0 | BS11: 0 | BT11: 0 | BU11: 0 | BV11: 0 | BW11: 0 | BX11: 0 | BY11: 0 | BZ11: 0 | CA11: 0 | CB11: 0 | CC11: 0 | CD11: 0 | CE11: 0 | CF11: 0 | CG11: 0 | CH11: 0 | CI11: 0 | CJ11: 0 | CK11: 0 | CL11: 0 | CM11: 0 | CN11: 0 | CO11: 0 | CP11: 0 | CQ11: 0 | CR11: 0 | CS11: 0 | CT11: 0 | CU11: 0 | CV11: 0 | CW11: 0 | CX11: 0 | CY11: 0 | CZ11: 0 | DA11: 0 | DB11: 0 | DC11: 0 | DD11: 0 | DE11: 0 | DF11: 0
A12: Active Stirling | B12: Leisure and Culture | C12: 0 | D12: 0 | E12: 0 | F12: 0 | G12: 0 | H12: 0 | I12: 0 | J12: 0 | K12: 0 | L12: 0 | M12: 0 | N12: 0 | O12: 0 | P12: 0 | Q12: 0 | R12: 0 | S12: 0 | T12: 0 | U12: 0 | V12: 0 | W12: 0 | X12: 0 | Y12: 0 | Z12: 0 | AA12: 0 | AB12: 0 | AC12: 0 | AD12: 0 | AE12: 0 | AF12: 0 | AG12: 0 | AH12: 0 | AI12: 0 | AJ12: 0 | AK12: 0 | AL12: 0 | AM12: 0 | AN12: 0 | AO12: 0 | AP12: 0 | AQ12: 0 | AR12: 0 | AS12: 0 | AT12: 0 | AU12: 0 | AV12: 0 | AW12: 0 | AX12: 0 | AY12: 0 | AZ12: 0 | BA12: 0 | BB12: 0 | BC12: 0 | BD12: 0 | BE12: 0 | BF12: 0 | BG12: 0 | BH12: 0 | BI12: 0 | BJ12: 0 | BK12: 0 | BL12: 0 | BM12: 0 | BN12: 0 | BO12: 0 | BP12: 0 | BQ12: 0 | BR12: 0 | BS12: 0 | BT12: 0 | BU12: 0 | BV12: 0 | BW12: 0 | BX12: 0 | BY12: 0 | BZ12: 0 | CA12: 0 | CB12: 0 | CC12: 0 | CD12: 0 | CE12: 0 | CF12: 0 | CG12: 0 | CH12: 0 | CI12: 0 | CJ12: 0 | CK12: 0 | CL12: 0 | CM12: 0 | CN12: 0 | CO12: 0 | CP12: 0 | CQ12: 0 | CR12: 0 | CS12: 0 | CT12: 0 | CU12: 0 | CV12: 0 | CW12: 0 | CX12: 0 | CY12: 0 | CZ12: 0 | DA12: 0 | DB12: 0 | DC12: 0 | DD12: 0 | DE12: 0 | DF12: 0
A13: Addiewell Prison Limited | B13: Police, Justice and Fire | C13: 3 | D13: 0 | E13: 0 | F13: 0 | G13: 0 | H13: 3 | I13: 0 | J13: 0 | K13: 0 | L13: 0 | M13: 0 | N13: 1 | O13: 0 | P13: 0 | Q13: 2 | R13: 0 | S13: 0 | T13: 0 | U13: 0 | V13: 0 | W13: 0 | X13: 0 | Y13: 0 | Z13: 0 | AA13: 0 | AB13: 0 | AC13: 0 | AD13: 0 | AE13: 0 | AF13: 0 | AG13: 0 | AH13: 0 | AI13: 0 | AJ13: 0 | AK13: 0 | AL13: 0 | AM13: 0 | AN13: 0 | AO13: 0 | AP13: 0 | AQ13: 0 | AR13: 0 | AS13: 0 | AT13: 0 | AU13: 0 | AV13: 0 | AW13: 0 | AX13: 0 | AY13: 0 | AZ13: 0 | BA13: 0 | BB13: 0 | BC13: 0 | BD13: 0 | BE13: 0 | BF13: 0 | BG13: 0 | BH13: 0 | BI13: 0 | BJ13: 0 | BK13: 0 | BL13: 0 | BM13: 0 | BN13: 0 | BO13: 0 | BP13: 0 | BQ13: 0 | BR13: 0 | BS13: 0 | BT13: 0 | BU13: 0 | BV13: 0 | BW13: 0 | BX13: 0 | BY13: 0 | BZ13: 0 | CA13: 0 | CB13: 0 | CC13: 0 | CD13: 0 | CE13: 0 | CF13: 0 | CG13: 0 | CH13: 0 | CI13: 0 | CJ13: 0 | CK13: 0 | CL13: 0 | CM13: 0 | CN13: 0 | CO13: 0 | CP13: 0 | CQ13: 0 | CR13: 0 | CS13: 0 | CT13: 0 | CU13: 0 | CV13: 0 | CW13: 0 | CX13: 0 | CY13: 0 | CZ13: 0 | DA13: 0 | DB13: 0 | DC13: 0 | DD13: 0 | DE13: 0 | DF13: 0
... A448: Yorkhill Housing Association Ltd | B448: Registered Social Landlords | C448: 0 | D448: 0 | E448: 0 | F448: 0 | G448: 0 | H448: 0 | I448: 0 | J448: 0 | K448: 0 | L448: 0 | M448: 0 | N448: 0 | O448: 0 | P448: 0 | Q448: 0 | R448: 0 | S448: 0 | T448: 0 | U448: 0 | V448: 0 | W448: 0 | X448: 0 | Y448: 0 | Z448: 0 | AA448: 0 | AB448: 0 | AC448: 0 | AD448: 0 | AE448: 0 | AF448: 0 | AG448: 0 | AH448: 0 | AI448: 1 | AJ448: 0 | AK448: 0 | AL448: 0 | AM448: 0 | AN448: 0 | AO448: 0 | AP448: 0 | AQ448: 0 | AR448: 0 | AS448: 0 | AT448: 0 | AU448: 0 | AV448: 0 | AW448: 0 | AX448: 0 | AY448: 0 | AZ448: 0 | BA448: 0 | BB448: 0 | BC448: 0 | BD448: 0 | BE448: 0 | BF448: 0 | BG448: 0 | BH448: 0 | BI448: 0 | BJ448: 0 | BK448: 0 | BL448: 0 | BM448: 0 | BN448: 0 | BO448: 0 | BP448: 0 | BQ448: 0 | BR448: 0 | BS448: 0 | BT448: 0 | BU448: 0 | BV448: 0 | BW448: 0 | BX448: 0 | BY448: 0 | BZ448: 0 | CA448: 0 | CB448: 0 | CC448: 0 | CD448: 0 | CE448: 0 | CF448: 0 | CG448: 0 | CH448: 0 | CI448: 0 | CJ448: 0 | CK448: 0 | CL448: 0 | CM448: 0 | CN448: 0 | CO448: 0 | CP448: 0 | CQ448: 0 | CR448: 0 | CS448: 0 | CT448: 0 | CU448: 0 | CV448: 0 | CW448: 0 | CX448: 0 | CY448: 0 | CZ448: 0 | DA448: 0 | DB448: 0 | DC448: 0 | DD448: 0 | DE448: 0 | DF448: 0

Sheet Annual 2023-24
A1: Public Authority | B1: Sector | C1: FOISA requests | D1: FOISA closed - unclear | E1: FOISA closed - withdrawn | F1: FOISA fees notice | G1: FOISA fees paid | H1: FOISA response on time | I1: FOISA response late | J1: FOISA failure to respond | K1: FOISA refused cost | L1: FOISA vexatious | M1: FOISA repeated | N1: FOISA full release | O1: FOISA none released | P1: FOISA some released | Q1: FOISA none held | R1: FOISA no confirm/deny | S1: EIR requests | T1: EIR closed - unclear | U1: EIR closed - withdrawn | V1: EIR - fees notice | W1: EIR - fees paid | X1: EIR - Response on time | Y1: EIR - response late | Z1: EIR - failure to respond | AA1: EIR - timescale extended | AB1: EIR refused - cost | AC1: EIR - manifestly unreasonable | AD1: EIR - full release | AE1: EIR - none released | AF1: EIR - some released | AG1: EIR - none held | AH1: EIR - no confirm/deny | AI1: Subject Access Requests | AJ1: FOISA reviews | AK1: FOISA review - on time | AL1: FOISA reviews - late response | AM1: FOISA reviews - failure to respond | AN1: FOISA reviews - wholly/partially upheld | AO1: FOISA review - substituted decision | AP1: FOISA review - decision reached | AQ1: EIR reviews | AR1: EIR review - on time | AS1: EIR review - late response | AT1: EIR review - failure to respond | AU1: EIR review - upheld | AV1: EIR review - not upheld | AW1: FOI: Otherwise accessible | AX1: FOI: Publication scheme | AY1: FOI: Disclosure prohibited: enactment | AZ1: FOI: Disclosure prohibited: EU obligation | BA1: FOI: Disclosure prohibited: contempt of court | BB1: FOI: Future publication: 12 weeks | BC1: FOI: Future publication: programme of research | BD1: FOI: Substantial prejudice to UK relations | BE1: FOI: Formulation/development of government policy | BF1: FOI: Ministerial communications | BG1: FOI: Advice by Law Officers | BH1: FOI: Operation of Ministerial private office | BI1: FOI: Substantial prejudice to collective responsibility of Scottish Ministers | BJ1: FOI: Substantial inhibition to free and frank provision of advice | BK1: FOI: Substantial inhibition to free and frank exchange of views | BL1: FOI: Substantial prejudice to effective conduct of public affairs | BM1: FOI: National security | BN1: FOI: Substantial prejudice to defence | BO1: FOI: Substantial prejudice to international relations | BP1: FOI: Confidential information obtained from abroad | BQ1: FOI: Trade secret | BR1: FOI: Substantial prejudice to commercial interests | BS1: FOI: Substantial prejudice to the economic interests of the UK | BT1: FOI: Substantial prejudice to the financial interests of a UK administration | BU1: FOI: Information held for the purposes of a criminal investigation | BV1: FOI: Information held for ongoing Fatal Accident Inquiry | BW1: FOI: Information held regarding cause of death | BX1: FOI: Information relating to the obtaining of information from confidential sources | BY1: FOI: Information held for purposes of civil proceedings arising out of investigations | BZ1: FOI: Substantial prejudice to prevention or detection of crime | CA1: FOI: Substantial prejudice to apprehension or prosecution of offenders | CB1: FOI: Substantial prejudice to administration of justice | CC1: FOI: Substantial prejudice to assessment or collection of tax or duty | CD1: FOI: Substantial prejudice to operation of immigration controls | CE1: FOI: Substantial prejudice to maintenance of security and good order in prisons | CF1: FOI: Substantial prejudice to the exercise by a public authority for any of its functions | CG1: FOI: Substantial prejudice to civil proceedings brought by an authority | CH1: FOI: Confidentiality of communications | CI1: FOI: Actionable breach of confidence | CJ1: FOI: Court records | CK1: FOI: Court records: inquiry or arbitration | CL1: FOI: Personal data of the applicant | CM1: FOI: Third party personal data | CN1: FOI: Personal census information | CO1: FOI: Deceased person’s health record | CP1: FOI: Endangerment to health or safety | CQ1: FOI: Environmental information | CR1: FOI: Substantial prejudice to audit function | CS1: FOI: Communications with the Royal Family and honours | CT1: EIR: Material in the course of completion | CU1: EIR: Internal communications | CV1: EIR: Substantial prejudice to international relations, public safety, etc. | CW1: EIR: Substantial prejudice to course of justice | CX1: EIR: Substantial prejudice to intellectual property rights | CY1: EIR: Substantial prejudice to confidentiality of proceedings | CZ1: EIR: Substantial prejudice to confidentiality of commercial industrial information | DA1: EIR: Substantial prejudice to the interests of a third party | DB1: EIR: Substantial prejudice to the protection of the environment | DC1: EIR: Neither confirm nor deny whether environmental information is held | DD1: EIR: Personal data of applicant | DE1: EIR: Third party personal data. | DF1: EIR: Neither confirm nor deny whether personal data held
A2: Food Standards Scotland | B2: Other | C2: =SUMIF('Q1 Apr-Jun 23-24'!$A:$A,'Annual 2023-24'!$A2,'Q1 Apr-Jun 23-24'!C:C)+SUMIF('Q2 Jul-Sep 23-24'!$A:$A,'Annual 2023-24'!$A2,'Q2 Jul-Sep 23-24'!C:C)+SUMIF('Q3 Oct-Dec 23-24'!$A:$A,'Annual 2023-24'!$A2,'Q3 Oct-Dec 23-24'!C:C)+SUMIF('Q4 Jan-Mar 23-24'!$A:$A,'Annual 2023-24'!$A2,'Q4 Jan-Mar 23-24'!C:C) -> 37 | D2: =SUMIF('Q1 Apr-Jun 23-24'!$A:$A,'Annual 2023-24'!$A2,'Q1 Apr-Jun 23-24'!D:D)+SUMIF('Q2 Jul-Sep 23-24'!$A:$A,'Annual 2023-24'!$A2,'Q2 Jul-Sep 23-24'!D:D)+SUMIF('Q3 Oct-Dec 23-24'!$A:$A,'Annual 2023-24'!$A2,'Q3 Oct-Dec 23-24'!D:D)+SUMIF('Q4 Jan-Mar 23-24'!$A:$A,'Annual 2023-24'!$A2,'Q4 Jan-Mar 23-24'!D:D) -> 1 | E2: =SUMIF('Q1 Apr-Jun 23-24'!$A:$A,'Annual 2023-24'!$A2,'Q1 Apr-Jun 23-24'!E:E)+SUMIF('Q2 Jul-Sep 23-24'!$A:$A,'Annual 2023-24'!$A2,'Q2 Jul-Sep 23-24'!E:E)+SUMIF('Q3 Oct-Dec 23-24'!$A:$A,'Annual 2023-24'!$A2,'Q3 Oct-Dec 23-24'!E:E)+SUMIF('Q4 Jan-Mar 23-24'!$A:$A,'Annual 2023-24'!$A2,'Q4 Jan-Mar 23-24'!E:E) -> 0 | F2: =SUMIF('Q1 Apr-Jun 23-24'!$A:$A,'Annual 2023-24'!$A2,'Q1 Apr-Jun 23-24'!F:F)+SUMIF('Q2 Jul-Sep 23-24'!$A:$A,'Annual 2023-24'!$A2,'Q2 Jul-Sep 23-24'!F:F)+SUMIF('Q3 Oct-Dec 23-24'!$A:$A,'Annual 2023-24'!$A2,'Q3 Oct-Dec 23-24'!F:F)+SUMIF('Q4 Jan-Mar 23-24'!$A:$A,'Annual 2023-24'!$A2,'Q4 Jan-Mar 23-24'!F:F) -> 0 | G2: =SUMIF('Q1 Apr-Jun 23-24'!$A:$A,'Annual 2023-24'!$A2,'Q1 Apr-Jun 23-24'!G:G)+SUMIF('Q2 Jul-Sep 23-24'!$A:$A,'Annual 2023-24'!$A2,'Q2 Jul-Sep 23-24'!G:G)+SUMIF('Q3 Oct-Dec 23-24'!$A:$A,'Annual 2023-24'!$A2,'Q3 Oct-Dec 23-24'!G:G)+SUMIF('Q4 Jan-Mar 23-24'!$A:$A,'Annual 2023-24'!$A2,'Q4 Jan-Mar 23-24'!G:G) -> 0 | H2: =SUMIF('Q1 Apr-Jun 23-24'!$A:$A,'Annual 2023-24'!$A2,'Q1 Apr-Jun 23-24'!H:H)+SUMIF('Q2 Jul-Sep 23-24'!$A:$A,'Annual 2023-24'!$A2,'Q2 Jul-Sep 23-24'!H:H)+SUMIF('Q3 Oct-Dec 23-24'!$A:$A,'Annual 2023-24'!$A2,'Q3 Oct-Dec 23-24'!H:H)+SUMIF('Q4 Jan-Mar 23-24'!$A:$A,'Annual 2023-24'!$A2,'Q4 Jan-Mar 23-24'!H:H) -> 33 | I2: =SUMIF('Q1 Apr-Jun 23-24'!$A:$A,'Annual 2023-24'!$A2,'Q1 Apr-Jun 23-24'!I:I)+SUMIF('Q2 Jul-Sep 23-24'!$A:$A,'Annual 2023-24'!$A2,'Q2 Jul-Sep 23-24'!I:I)+SUMIF('Q3 Oct-Dec 23-24'!$A:$A,'Annual 2023-24'!$A2,'Q3 Oct-Dec 23-24'!I:I)+SUMIF('Q4 Jan-Mar 23-24'!$A:$A,'Annual 2023-24'!$A2,'Q4 Jan-Mar 23-24'!I:I) -> 1 | J2: =SUMIF('Q1 Apr-Jun 23-24'!$A:$A,'Annual 2023-24'!$A2,'Q1 Apr-Jun 23-24'!J:J)+SUMIF('Q2 Jul-Sep 23-24'!$A:$A,'Annual 2023-24'!$A2,'Q2 Jul-Sep 23-24'!J:J)+SUMIF('Q3 Oct-Dec 23-24'!$A:$A,'Annual 2023-24'!$A2,'Q3 Oct-Dec 23-24'!J:J)+SUMIF('Q4 Jan-Mar 23-24'!$A:$A,'Annual 2023-24'!$A2,'Q4 Jan-Mar 23-24'!J:J) -> 0 | K2: =SUMIF('Q1 Apr-Jun 23-24'!$A:$A,'Annual 2023-24'!$A2,'Q1 Apr-Jun 23-24'!K:K)+SUMIF('Q2 Jul-Sep 23-24'!$A:$A,'Annual 2023-24'!$A2,'Q2 Jul-Sep 23-24'!K:K)+SUMIF('Q3 Oct-Dec 23-24'!$A:$A,'Annual 2023-24'!$A2,'Q3 Oct-Dec 23-24'!K:K)+SUMIF('Q4 Jan-Mar 23-24'!$A:$A,'Annual 2023-24'!$A2,'Q4 Jan-Mar 23-24'!K:K) -> 0 | L2: =SUMIF('Q1 Apr-Jun 23-24'!$A:$A,'Annual 2023-24'!$A2,'Q1 Apr-Jun 23-24'!L:L)+SUMIF('Q2 Jul-Sep 23-24'!$A:$A,'Annual 2023-24'!$A2,'Q2 Jul-Sep 23-24'!L:L)+SUMIF('Q3 Oct-Dec 23-24'!$A:$A,'Annual 2023-24'!$A2,'Q3 Oct-Dec 23-24'!L:L)+SUMIF('Q4 Jan-Mar 23-24'!$A:$A,'Annual 2023-24'!$A2,'Q4 Jan-Mar 23-24'!L:L) -> 0 | M2: =SUMIF('Q1 Apr-Jun 23-24'!$A:$A,'Annual 2023-24'!$A2,'Q1 Apr-Jun 23-24'!M:M)+SUMIF('Q2 Jul-Sep 23-24'!$A:$A,'Annual 2023-24'!$A2,'Q2 Jul-Sep 23-24'!M:M)+SUMIF('Q3 Oct-Dec 23-24'!$A:$A,'Annual 2023-24'!$A2,'Q3 Oct-Dec 23-24'!M:M)+SUMIF('Q4 Jan-Mar 23-24'!$A:$A,'Annual 2023-24'!$A2,'Q4 Jan-Mar 23-24'!M:M) -> 0 | N2: =SUMIF('Q1 Apr-Jun 23-24'!$A:$A,'Annual 2023-24'!$A2,'Q1 Apr-Jun 23-24'!N:N)+SUMIF('Q2 Jul-Sep 23-24'!$A:$A,'Annual 2023-24'!$A2,'Q2 Jul-Sep 23-24'!N:N)+SUMIF('Q3 Oct-Dec 23-24'!$A:$A,'Annual 2023-24'!$A2,'Q3 Oct-Dec 23-24'!N:N)+SUMIF('Q4 Jan-Mar 23-24'!$A:$A,'Annual 2023-24'!$A2,'Q4 Jan-Mar 23-24'!N:N) -> 26 | O2: =SUMIF('Q1 Apr-Jun 23-24'!$A:$A,'Annual 2023-24'!$A2,'Q1 Apr-Jun 23-24'!O:O)+SUMIF('Q2 Jul-Sep 23-24'!$A:$A,'Annual 2023-24'!$A2,'Q2 Jul-Sep 23-24'!O:O)+SUMIF('Q3 Oct-Dec 23-24'!$A:$A,'Annual 2023-24'!$A2,'Q3 Oct-Dec 23-24'!O:O)+SUMIF('Q4 Jan-Mar 23-24'!$A:$A,'Annual 2023-24'!$A2,'Q4 Jan-Mar 23-24'!O:O) -> 0 | P2: =SUMIF('Q1 Apr-Jun 23-24'!$A:$A,'Annual 2023-24'!$A2,'Q1 Apr-Jun 23-24'!P:P)+SUMIF('Q2 Jul-Sep 23-24'!$A:$A,'Annual 2023-24'!$A2,'Q2 Jul-Sep 23-24'!P:P)+SUMIF('Q3 Oct-Dec 23-24'!$A:$A,'Annual 2023-24'!$A2,'Q3 Oct-Dec 23-24'!P:P)+SUMIF('Q4 Jan-Mar 23-24'!$A:$A,'Annual 2023-24'!$A2,'Q4 Jan-Mar 23-24'!P:P) -> 3 | Q2: =SUMIF('Q1 Apr-Jun 23-24'!$A:$A,'Annual 2023-24'!$A2,'Q1 Apr-Jun 23-24'!Q:Q)+SUMIF('Q2 Jul-Sep 23-24'!$A:$A,'Annual 2023-24'!$A2,'Q2 Jul-Sep 23-24'!Q:Q)+SUMIF('Q3 Oct-Dec 23-24'!$A:$A,'Annual 2023-24'!$A2,'Q3 Oct-Dec 23-24'!Q:Q)+SUMIF('Q4 Jan-Mar 23-24'!$A:$A,'Annual 2023-24'!$A2,'Q4 Jan-Mar 23-24'!Q:Q) -> 5 | R2: =SUMIF('Q1 Apr-Jun 23-24'!$A:$A,'Annual 2023-24'!$A2,'Q1 Apr-Jun 23-24'!R:R)+SUMIF('Q2 Jul-Sep 23-24'!$A:$A,'Annual 2023-24'!$A2,'Q2 Jul-Sep 23-24'!R:R)+SUMIF('Q3 Oct-Dec 23-24'!$A:$A,'Annual 2023-24'!$A2,'Q3 Oct-Dec 23-24'!R:R)+SUMIF('Q4 Jan-Mar 23-24'!$A:$A,'Annual 2023-24'!$A2,'Q4 Jan-Mar 23-24'!R:R) -> 0 | S2: =SUMIF('Q1 Apr-Jun 23-24'!$A:$A,'Annual 2023-24'!$A2,'Q1 Apr-Jun 23-24'!S:S)+SUMIF('Q2 Jul-Sep 23-24'!$A:$A,'Annual 2023-24'!$A2,'Q2 Jul-Sep 23-24'!S:S)+SUMIF('Q3 Oct-Dec 23-24'!$A:$A,'Annual 2023-24'!$A2,'Q3 Oct-Dec 23-24'!S:S)+SUMIF('Q4 Jan-Mar 23-24'!$A:$A,'Annual 2023-24'!$A2,'Q4 Jan-Mar 23-24'!S:S) -> 0 | T2: =SUMIF('Q1 Apr-Jun 23-24'!$A:$A,'Annual 2023-24'!$A2,'Q1 Apr-Jun 23-24'!T:T)+SUMIF('Q2 Jul-Sep 23-24'!$A:$A,'Annual 2023-24'!$A2,'Q2 Jul-Sep 23-24'!T:T)+SUMIF('Q3 Oct-Dec 23-24'!$A:$A,'Annual 2023-24'!$A2,'Q3 Oct-Dec 23-24'!T:T)+SUMIF('Q4 Jan-Mar 23-24'!$A:$A,'Annual 2023-24'!$A2,'Q4 Jan-Mar 23-24'!T:T) -> 0 | U2: =SUMIF('Q1 Apr-Jun 23-24'!$A:$A,'Annual 2023-24'!$A2,'Q1 Apr-Jun 23-24'!U:U)+SUMIF('Q2 Jul-Sep 23-24'!$A:$A,'Annual 2023-24'!$A2,'Q2 Jul-Sep 23-24'!U:U)+SUMIF('Q3 Oct-Dec 23-24'!$A:$A,'Annual 2023-24'!$A2,'Q3 Oct-Dec 23-24'!U:U)+SUMIF('Q4 Jan-Mar 23-24'!$A:$A,'Annual 2023-24'!$A2,'Q4 Jan-Mar 23-24'!U:U) -> 0 | V2: =SUMIF('Q1 Apr-Jun 23-24'!$A:$A,'Annual 2023-24'!$A2,'Q1 Apr-Jun 23-24'!V:V)+SUMIF('Q2 Jul-Sep 23-24'!$A:$A,'Annual 2023-24'!$A2,'Q2 Jul-Sep 23-24'!V:V)+SUMIF('Q3 Oct-Dec 23-24'!$A:$A,'Annual 2023-24'!$A2,'Q3 Oct-Dec 23-24'!V:V)+SUMIF('Q4 Jan-Mar 23-24'!$A:$A,'Annual 2023-24'!$A2,'Q4 Jan-Mar 23-24'!V:V) -> 0 | W2: =SUMIF('Q1 Apr-Jun 23-24'!$A:$A,'Annual 2023-24'!$A2,'Q1 Apr-Jun 23-24'!W:W)+SUMIF('Q2 Jul-Sep 23-24'!$A:$A,'Annual 2023-24'!$A2,'Q2 Jul-Sep 23-24'!W:W)+SUMIF('Q3 Oct-Dec 23-24'!$A:$A,'Annual 2023-24'!$A2,'Q3 Oct-Dec 23-24'!W:W)+SUMIF('Q4 Jan-Mar 23-24'!$A:$A,'Annual 2023-24'!$A2,'Q4 Jan-Mar 23-24'!W:W) -> 0 | X2: =SUMIF('Q1 Apr-Jun 23-24'!$A:$A,'Annual 2023-24'!$A2,'Q1 Apr-Jun 23-24'!X:X)+SUMIF('Q2 Jul-Sep 23-24'!$A:$A,'Annual 2023-24'!$A2,'Q2 Jul-Sep 23-24'!X:X)+SUMIF('Q3 Oct-Dec 23-24'!$A:$A,'Annual 2023-24'!$A2,'Q3 Oct-Dec 23-24'!X:X)+SUMIF('Q4 Jan-Mar 23-24'!$A:$A,'Annual 2023-24'!$A2,'Q4 Jan-Mar 23-24'!X:X) -> 0 | Y2: =SUMIF('Q1 Apr-Jun 23-24'!$A:$A,'Annual 2023-24'!$A2,'Q1 Apr-Jun 23-24'!Y:Y)+SUMIF('Q2 Jul-Sep 23-24'!$A:$A,'Annual 2023-24'!$A2,'Q2 Jul-Sep 23-24'!Y:Y)+SUMIF('Q3 Oct-Dec 23-24'!$A:$A,'Annual 2023-24'!$A2,'Q3 Oct-Dec 23-24'!Y:Y)+SUMIF('Q4 Jan-Mar 23-24'!$A:$A,'Annual 2023-24'!$A2,'Q4 Jan-Mar 23-24'!Y:Y) -> 0 | Z2: =SUMIF('Q1 Apr-Jun 23-24'!$A:$A,'Annual 2023-24'!$A2,'Q1 Apr-Jun 23-24'!Z:Z)+SUMIF('Q2 Jul-Sep 23-24'!$A:$A,'Annual 2023-24'!$A2,'Q2 Jul-Sep 23-24'!Z:Z)+SUMIF('Q3 Oct-Dec 23-24'!$A:$A,'Annual 2023-24'!$A2,'Q3 Oct-Dec 23-24'!Z:Z)+SUMIF('Q4 Jan-Mar 23-24'!$A:$A,'Annual 2023-24'!$A2,'Q4 Jan-Mar 23-24'!Z:Z) -> 0 | AA2: =SUMIF('Q1 Apr-Jun 23-24'!$A:$A,'Annual 2023-24'!$A2,'Q1 Apr-Jun 23-24'!AA:AA)+SUMIF('Q2 Jul-Sep 23-24'!$A:$A,'Annual 2023-24'!$A2,'Q2 Jul-Sep 23-24'!AA:AA)+SUMIF('Q3 Oct-Dec 23-24'!$A:$A,'Annual 2023-24'!$A2,'Q3 Oct-Dec 23-24'!AA:AA)+SUMIF('Q4 Jan-Mar 23-24'!$A:$A,'Annual 2023-24'!$A2,'Q4 Jan-Mar 23-24'!AA:AA) -> 0 | AB2: =SUMIF('Q1 Apr-Jun 23-24'!$A:$A,'Annual 2023-24'!$A2,'Q1 Apr-Jun 23-24'!AB:AB)+SUMIF('Q2 Jul-Sep 23-24'!$A:$A,'Annual 2023-24'!$A2,'Q2 Jul-Sep 23-24'!AB:AB)+SUMIF('Q3 Oct-Dec 23-24'!$A:$A,'Annual 2023-24'!$A2,'Q3 Oct-Dec 23-24'!AB:AB)+SUMIF('Q4 Jan-Mar 23-24'!$A:$A,'Annual 2023-24'!$A2,'Q4 Jan-Mar 23-24'!AB:AB) -> 0 | AC2: =SUMIF('Q1 Apr-Jun 23-24'!$A:$A,'Annual 2023-24'!$A2,'Q1 Apr-Jun 23-24'!AC:AC)+SUMIF('Q2 Jul-Sep 23-24'!$A:$A,'Annual 2023-24'!$A2,'Q2 Jul-Sep 23-24'!AC:AC)+SUMIF('Q3 Oct-Dec 23-24'!$A:$A,'Annual 2023-24'!$A2,'Q3 Oct-Dec 23-24'!AC:AC)+SUMIF('Q4 Jan-Mar 23-24'!$A:$A,'Annual 2023-24'!$A2,'Q4 Jan-Mar 23-24'!AC:AC) -> 0 | AD2: =SUMIF('Q1 Apr-Jun 23-24'!$A:$A,'Annual 2023-24'!$A2,'Q1 Apr-Jun 23-24'!AD:AD)+SUMIF('Q2 Jul-Sep 23-24'!$A:$A,'Annual 2023-24'!$A2,'Q2 Jul-Sep 23-24'!AD:AD)+SUMIF('Q3 Oct-Dec 23-24'!$A:$A,'Annual 2023-24'!$A2,'Q3 Oct-Dec 23-24'!AD:AD)+SUMIF('Q4 Jan-Mar 23-24'!$A:$A,'Annual 2023-24'!$A2,'Q4 Jan-Mar 23-24'!AD:AD) -> 0 | AE2: =SUMIF('Q1 Apr-Jun 23-24'!$A:$A,'Annual 2023-24'!$A2,'Q1 Apr-Jun 23-24'!AE:AE)+SUMIF('Q2 Jul-Sep 23-24'!$A:$A,'Annual 2023-24'!$A2,'Q2 Jul-Sep 23-24'!AE:AE)+SUMIF('Q3 Oct-Dec 23-24'!$A:$A,'Annual 2023-24'!$A2,'Q3 Oct-Dec 23-24'!AE:AE)+SUMIF('Q4 Jan-Mar 23-24'!$A:$A,'Annual 2023-24'!$A2,'Q4 Jan-Mar 23-24'!AE:AE) -> 0 | AF2: =SUMIF('Q1 Apr-Jun 23-24'!$A:$A,'Annual 2023-24'!$A2,'Q1 Apr-Jun 23-24'!AF:AF)+SUMIF('Q2 Jul-Sep 23-24'!$A:$A,'Annual 2023-24'!$A2,'Q2 Jul-Sep 23-24'!AF:AF)+SUMIF('Q3 Oct-Dec 23-24'!$A:$A,'Annual 2023-24'!$A2,'Q3 Oct-Dec 23-24'!AF:AF)+SUMIF('Q4 Jan-Mar 23-24'!$A:$A,'Annual 2023-24'!$A2,'Q4 Jan-Mar 23-24'!AF:AF) -> 0 | AG2: =SUMIF('Q1 Apr-Jun 23-24'!$A:$A,'Annual 2023-24'!$A2,'Q1 Apr-Jun 23-24'!AG:AG)+SUMIF('Q2 Jul-Sep 23-24'!$A:$A,'Annual 2023-24'!$A2,'Q2 Jul-Sep 23-24'!AG:AG)+SUMIF('Q3 Oct-Dec 23-24'!$A:$A,'Annual 2023-24'!$A2,'Q3 Oct-Dec 23-24'!AG:AG)+SUMIF('Q4 Jan-Mar 23-24'!$A:$A,'Annual 2023-24'!$A2,'Q4 Jan-Mar 23-24'!AG:AG) -> 0 | AH2: =SUMIF('Q1 Apr-Jun 23-24'!$A:$A,'Annual 2023-24'!$A2,'Q1 Apr-Jun 23-24'!AH:AH)+SUMIF('Q2 Jul-Sep 23-24'!$A:$A,'Annual 2023-24'!$A2,'Q2 Jul-Sep 23-24'!AH:AH)+SUMIF('Q3 Oct-Dec 23-24'!$A:$A,'Annual 2023-24'!$A2,'Q3 Oct-Dec 23-24'!AH:AH)+SUMIF('Q4 Jan-Mar 23-24'!$A:$A,'Annual 2023-24'!$A2,'Q4 Jan-Mar 23-24'!AH:AH) -> 0 | AI2: =SUMIF('Q1 Apr-Jun 23-24'!$A:$A,'Annual 2023-24'!$A2,'Q1 Apr-Jun 23-24'!AI:AI)+SUMIF('Q2 Jul-Sep 23-24'!$A:$A,'Annual 2023-24'!$A2,'Q2 Jul-Sep 23-24'!AI:AI)+SUMIF('Q3 Oct-Dec 23-24'!$A:$A,'Annual 2023-24'!$A2,'Q3 Oct-Dec 23-24'!AI:AI)+SUMIF('Q4 Jan-Mar 23-24'!$A:$A,'Annual 2023-24'!$A2,'Q4 Jan-Mar 23-24'!AI:AI) -> 2 | AJ2: =SUMIF('Q1 Apr-Jun 23-24'!$A:$A,'Annual 2023-24'!$A2,'Q1 Apr-Jun 23-24'!AJ:AJ)+SUMIF('Q2 Jul-Sep 23-24'!$A:$A,'Annual 2023-24'!$A2,'Q2 Jul-Sep 23-24'!AJ:AJ)+SUMIF('Q3 Oct-Dec 23-24'!$A:$A,'Annual 2023-24'!$A2,'Q3 Oct-Dec 23-24'!AJ:AJ)+SUMIF('Q4 Jan-Mar 23-24'!$A:$A,'Annual 2023-24'!$A2,'Q4 Jan-Mar 23-24'!AJ:AJ) -> 0 | AK2: =SUMIF('Q1 Apr-Jun 23-24'!$A:$A,'Annual 2023-24'!$A2,'Q1 Apr-Jun 23-24'!AK:AK)+SUMIF('Q2 Jul-Sep 23-24'!$A:$A,'Annual 2023-24'!$A2,'Q2 Jul-Sep 23-24'!AK:AK)+SUMIF('Q3 Oct-Dec 23-24'!$A:$A,'Annual 2023-24'!$A2,'Q3 Oct-Dec 23-24'!AK:AK)+SUMIF('Q4 Jan-Mar 23-24'!$A:$A,'Annual 2023-24'!$A2,'Q4 Jan-Mar 23-24'!AK:AK) -> 0 | AL2: =SUMIF('Q1 Apr-Jun 23-24'!$A:$A,'Annual 2023-24'!$A2,'Q1 Apr-Jun 23-24'!AL:AL)+SUMIF('Q2 Jul-Sep 23-24'!$A:$A,'Annual 2023-24'!$A2,'Q2 Jul-Sep 23-24'!AL:AL)+SUMIF('Q3 Oct-Dec 23-24'!$A:$A,'Annual 2023-24'!$A2,'Q3 Oct-Dec 23-24'!AL:AL)+SUMIF('Q4 Jan-Mar 23-24'!$A:$A,'Annual 2023-24'!$A2,'Q4 Jan-Mar 23-24'!AL:AL) -> 0 | AM2: =SUMIF('Q1 Apr-Jun 23-24'!$A:$A,'Annual 2023-24'!$A2,'Q1 Apr-Jun 23-24'!AM:AM)+SUMIF('Q2 Jul-Sep 23-24'!$A:$A,'Annual 2023-24'!$A2,'Q2 Jul-Sep 23-24'!AM:AM)+SUMIF('Q3 Oct-Dec 23-24'!$A:$A,'Annual 2023-24'!$A2,'Q3 Oct-Dec 23-24'!AM:AM)+SUMIF('Q4 Jan-Mar 23-24'!$A:$A,'Annual 2023-24'!$A2,'Q4 Jan-Mar 23-24'!AM:AM) -> 0 | AN2: =SUMIF('Q1 Apr-Jun 23-24'!$A:$A,'Annual 2023-24'!$A2,'Q1 Apr-Jun 23-24'!AN:AN)+SUMIF('Q2 Jul-Sep 23-24'!$A:$A,'Annual 2023-24'!$A2,'Q2 Jul-Sep 23-24'!AN:AN)+SUMIF('Q3 Oct-Dec 23-24'!$A:$A,'Annual 2023-24'!$A2,'Q3 Oct-Dec 23-24'!AN:AN)+SUMIF('Q4 Jan-Mar 23-24'!$A:$A,'Annual 2023-24'!$A2,'Q4 Jan-Mar 23-24'!AN:AN) -> 0 | AO2: =SUMIF('Q1 Apr-Jun 23-24'!$A:$A,'Annual 2023-24'!$A2,'Q1 Apr-Jun 23-24'!AO:AO)+SUMIF('Q2 Jul-Sep 23-24'!$A:$A,'Annual 2023-24'!$A2,'Q2 Jul-Sep 23-24'!AO:AO)+SUMIF('Q3 Oct-Dec 23-24'!$A:$A,'Annual 2023-24'!$A2,'Q3 Oct-Dec 23-24'!AO:AO)+SUMIF('Q4 Jan-Mar 23-24'!$A:$A,'Annual 2023-24'!$A2,'Q4 Jan-Mar 23-24'!AO:AO) -> 0 | AP2: =SUMIF('Q1 Apr-Jun 23-24'!$A:$A,'Annual 2023-24'!$A2,'Q1 Apr-Jun 23-24'!AP:AP)+SUMIF('Q2 Jul-Sep 23-24'!$A:$A,'Annual 2023-24'!$A2,'Q2 Jul-Sep 23-24'!AP:AP)+SUMIF('Q3 Oct-Dec 23-24'!$A:$A,'Annual 2023-24'!$A2,'Q3 Oct-Dec 23-24'!AP:AP)+SUMIF('Q4 Jan-Mar 23-24'!$A:$A,'Annual 2023-24'!$A2,'Q4 Jan-Mar 23-24'!AP:AP) -> 0 | AQ2: =SUMIF('Q1 Apr-Jun 23-24'!$A:$A,'Annual 2023-24'!$A2,'Q1 Apr-Jun 23-24'!AQ:AQ)+SUMIF('Q2 Jul-Sep 23-24'!$A:$A,'Annual 2023-24'!$A2,'Q2 Jul-Sep 23-24'!AQ:AQ)+SUMIF('Q3 Oct-Dec 23-24'!$A:$A,'Annual 2023-24'!$A2,'Q3 Oct-Dec 23-24'!AQ:AQ)+SUMIF('Q4 Jan-Mar 23-24'!$A:$A,'Annual 2023-24'!$A2,'Q4 Jan-Mar 23-24'!AQ:AQ) -> 0 | AR2: =SUMIF('Q1 Apr-Jun 23-24'!$A:$A,'Annual 2023-24'!$A2,'Q1 Apr-Jun 23-24'!AR:AR)+SUMIF('Q2 Jul-Sep 23-24'!$A:$A,'Annual 2023-24'!$A2,'Q2 Jul-Sep 23-24'!AR:AR)+SUMIF('Q3 Oct-Dec 23-24'!$A:$A,'Annual 2023-24'!$A2,'Q3 Oct-Dec 23-24'!AR:AR)+SUMIF('Q4 Jan-Mar 23-24'!$A:$A,'Annual 2023-24'!$A2,'Q4 Jan-Mar 23-24'!AR:AR) -> 0 | AS2: =SUMIF('Q1 Apr-Jun 23-24'!$A:$A,'Annual 2023-24'!$A2,'Q1 Apr-Jun 23-24'!AS:AS)+SUMIF('Q2 Jul-Sep 23-24'!$A:$A,'Annual 2023-24'!$A2,'Q2 Jul-Sep 23-24'!AS:AS)+SUMIF('Q3 Oct-Dec 23-24'!$A:$A,'Annual 2023-24'!$A2,'Q3 Oct-Dec 23-24'!AS:AS)+SUMIF('Q4 Jan-Mar 23-24'!$A:$A,'Annual 2023-24'!$A2,'Q4 Jan-Mar 23-24'!AS:AS) -> 0 | AT2: =SUMIF('Q1 Apr-Jun 23-24'!$A:$A,'Annual 2023-24'!$A2,'Q1 Apr-Jun 23-24'!AT:AT)+SUMIF('Q2 Jul-Sep 23-24'!$A:$A,'Annual 2023-24'!$A2,'Q2 Jul-Sep 23-24'!AT:AT)+SUMIF('Q3 Oct-Dec 23-24'!$A:$A,'Annual 2023-24'!$A2,'Q3 Oct-Dec 23-24'!AT:AT)+SUMIF('Q4 Jan-Mar 23-24'!$A:$A,'Annual 2023-24'!$A2,'Q4 Jan-Mar 23-24'!AT:AT) -> 0 | AU2: =SUMIF('Q1 Apr-Jun 23-24'!$A:$A,'Annual 2023-24'!$A2,'Q1 Apr-Jun 23-24'!AU:AU)+SUMIF('Q2 Jul-Sep 23-24'!$A:$A,'Annual 2023-24'!$A2,'Q2 Jul-Sep 23-24'!AU:AU)+SUMIF('Q3 Oct-Dec 23-24'!$A:$A,'Annual 2023-24'!$A2,'Q3 Oct-Dec 23-24'!AU:AU)+SUMIF('Q4 Jan-Mar 23-24'!$A:$A,'Annual 2023-24'!$A2,'Q4 Jan-Mar 23-24'!AU:AU) -> 0 | AV2: =SUMIF('Q1 Apr-Jun 23-24'!$A:$A,'Annual 2023-24'!$A2,'Q1 Apr-Jun 23-24'!AV:AV)+SUMIF('Q2 Jul-Sep 23-24'!$A:$A,'Annual 2023-24'!$A2,'Q2 Jul-Sep 23-24'!AV:AV)+SUMIF('Q3 Oct-Dec 23-24'!$A:$A,'Annual 2023-24'!$A2,'Q3 Oct-Dec 23-24'!AV:AV)+SUMIF('Q4 Jan-Mar 23-24'!$A:$A,'Annual 2023-24'!$A2,'Q4 Jan-Mar 23-24'!AV:AV) -> 0 | AW2: =SUMIF('Q1 Apr-Jun 23-24'!$A:$A,'Annual 2023-24'!$A2,'Q1 Apr-Jun 23-24'!AW:AW)+SUMIF('Q2 Jul-Sep 23-24'!$A:$A,'Annual 2023-24'!$A2,'Q2 Jul-Sep 23-24'!AW:AW)+SUMIF('Q3 Oct-Dec 23-24'!$A:$A,'Annual 2023-24'!$A2,'Q3 Oct-Dec 23-24'!AW:AW)+SUMIF('Q4 Jan-Mar 23-24'!$A:$A,'Annual 2023-24'!$A2,'Q4 Jan-Mar 23-24'!AW:AW) -> 0 | AX2: =SUMIF('Q1 Apr-Jun 23-24'!$A:$A,'Annual 2023-24'!$A2,'Q1 Apr-Jun 23-24'!AX:AX)+SUMIF('Q2 Jul-Sep 23-24'!$A:$A,'Annual 2023-24'!$A2,'Q2 Jul-Sep 23-24'!AX:AX)+SUMIF('Q3 Oct-Dec 23-24'!$A:$A,'Annual 2023-24'!$A2,'Q3 Oct-Dec 23-24'!AX:AX)+SUMIF('Q4 Jan-Mar 23-24'!$A:$A,'Annual 2023-24'!$A2,'Q4 Jan-Mar 23-24'!AX:AX) -> 0 | AY2: =SUMIF('Q1 Apr-Jun 23-24'!$A:$A,'Annual 2023-24'!$A2,'Q1 Apr-Jun 23-24'!AY:AY)+SUMIF('Q2 Jul-Sep 23-24'!$A:$A,'Annual 2023-24'!$A2,'Q2 Jul-Sep 23-24'!AY:AY)+SUMIF('Q3 Oct-Dec 23-24'!$A:$A,'Annual 2023-24'!$A2,'Q3 Oct-Dec 23-24'!AY:AY)+SUMIF('Q4 Jan-Mar 23-24'!$A:$A,'Annual 2023-24'!$A2,'Q4 Jan-Mar 23-24'!AY:AY) -> 0 | AZ2: =SUMIF('Q1 Apr-Jun 23-24'!$A:$A,'Annual 2023-24'!$A2,'Q1 Apr-Jun 23-24'!AZ:AZ)+SUMIF('Q2 Jul-Sep 23-24'!$A:$A,'Annual 2023-24'!$A2,'Q2 Jul-Sep 23-24'!AZ:AZ)+SUMIF('Q3 Oct-Dec 23-24'!$A:$A,'Annual 2023-24'!$A2,'Q3 Oct-Dec 23-24'!AZ:AZ)+SUMIF('Q4 Jan-Mar 23-24'!$A:$A,'Annual 2023-24'!$A2,'Q4 Jan-Mar 23-24'!AZ:AZ) -> 0 | BA2: =SUMIF('Q1 Apr-Jun 23-24'!$A:$A,'Annual 2023-24'!$A2,'Q1 Apr-Jun 23-24'!BA:BA)+SUMIF('Q2 Jul-Sep 23-24'!$A:$A,'Annual 2023-24'!$A2,'Q2 Jul-Sep 23-24'!BA:BA)+SUMIF('Q3 Oct-Dec 23-24'!$A:$A,'Annual 2023-24'!$A2,'Q3 Oct-Dec 23-24'!BA:BA)+SUMIF('Q4 Jan-Mar 23-24'!$A:$A,'Annual 2023-24'!$A2,'Q4 Jan-Mar 23-24'!BA:BA) -> 0 | BB2: =SUMIF('Q1 Apr-Jun 23-24'!$A:$A,'Annual 2023-24'!$A2,'Q1 Apr-Jun 23-24'!BB:BB)+SUMIF('Q2 Jul-Sep 23-24'!$A:$A,'Annual 2023-24'!$A2,'Q2 Jul-Sep 23-24'!BB:BB)+SUMIF('Q3 Oct-Dec 23-24'!$A:$A,'Annual 2023-24'!$A2,'Q3 Oct-Dec 23-24'!BB:BB)+SUMIF('Q4 Jan-Mar 23-24'!$A:$A,'Annual 2023-24'!$A2,'Q4 Jan-Mar 23-24'!BB:BB) -> 0 | BC2: =SUMIF('Q1 Apr-Jun 23-24'!$A:$A,'Annual 2023-24'!$A2,'Q1 Apr-Jun 23-24'!BC:BC)+SUMIF('Q2 Jul-Sep 23-24'!$A:$A,'Annual 2023-24'!$A2,'Q2 Jul-Sep 23-24'!BC:BC)+SUMIF('Q3 Oct-Dec 23-24'!$A:$A,'Annual 2023-24'!$A2,'Q3 Oct-Dec 23-24'!BC:BC)+SUMIF('Q4 Jan-Mar 23-24'!$A:$A,'Annual 2023-24'!$A2,'Q4 Jan-Mar 23-24'!BC:BC) -> 0 | BD2: =SUMIF('Q1 Apr-Jun 23-24'!$A:$A,'Annual 2023-24'!$A2,'Q1 Apr-Jun 23-24'!BD:BD)+SUMIF('Q2 Jul-Sep 23-24'!$A:$A,'Annual 2023-24'!$A2,'Q2 Jul-Sep 23-24'!BD:BD)+SUMIF('Q3 Oct-Dec 23-24'!$A:$A,'Annual 2023-24'!$A2,'Q3 Oct-Dec 23-24'!BD:BD)+SUMIF('Q4 Jan-Mar 23-24'!$A:$A,'Annual 2023-24'!$A2,'Q4 Jan-Mar 23-24'!BD:BD) -> 0 | BE2: =SUMIF('Q1 Apr-Jun 23-24'!$A:$A,'Annual 2023-24'!$A2,'Q1 Apr-Jun 23-24'!BE:BE)+SUMIF('Q2 Jul-Sep 23-24'!$A:$A,'Annual 2023-24'!$A2,'Q2 Jul-Sep 23-24'!BE:BE)+SUMIF('Q3 Oct-Dec 23-24'!$A:$A,'Annual 2023-24'!$A2,'Q3 Oct-Dec 23-24'!BE:BE)+SUMIF('Q4 Jan-Mar 23-24'!$A:$A,'Annual 2023-24'!$A2,'Q4 Jan-Mar 23-24'!BE:BE) -> 0 | BF2: =SUMIF('Q1 Apr-Jun 23-24'!$A:$A,'Annual 2023-24'!$A2,'Q1 Apr-Jun 23-24'!BF:BF)+SUMIF('Q2 Jul-Sep 23-24'!$A:$A,'Annual 2023-24'!$A2,'Q2 Jul-Sep 23-24'!BF:BF)+SUMIF('Q3 Oct-Dec 23-24'!$A:$A,'Annual 2023-24'!$A2,'Q3 Oct-Dec 23-24'!BF:BF)+SUMIF('Q4 Jan-Mar 23-24'!$A:$A,'Annual 2023-24'!$A2,'Q4 Jan-Mar 23-24'!BF:BF) -> 0 | BG2: =SUMIF('Q1 Apr-Jun 23-24'!$A:$A,'Annual 2023-24'!$A2,'Q1 Apr-Jun 23-24'!BG:BG)+SUMIF('Q2 Jul-Sep 23-24'!$A:$A,'Annual 2023-24'!$A2,'Q2 Jul-Sep 23-24'!BG:BG)+SUMIF('Q3 Oct-Dec 23-24'!$A:$A,'Annual 2023-24'!$A2,'Q3 Oct-Dec 23-24'!BG:BG)+SUMIF('Q4 Jan-Mar 23-24'!$A:$A,'Annual 2023-24'!$A2,'Q4 Jan-Mar 23-24'!BG:BG) -> 0 | BH2: =SUMIF('Q1 Apr-Jun 23-24'!$A:$A,'Annual 2023-24'!$A2,'Q1 Apr-Jun 23-24'!BH:BH)+SUMIF('Q2 Jul-Sep 23-24'!$A:$A,'Annual 2023-24'!$A2,'Q2 Jul-Sep 23-24'!BH:BH)+SUMIF('Q3 Oct-Dec 23-24'!$A:$A,'Annual 2023-24'!$A2,'Q3 Oct-Dec 23-24'!BH:BH)+SUMIF('Q4 Jan-Mar 23-24'!$A:$A,'Annual 2023-24'!$A2,'Q4 Jan-Mar 23-24'!BH:BH) -> 0 | BI2: =SUMIF('Q1 Apr-Jun 23-24'!$A:$A,'Annual 2023-24'!$A2,'Q1 Apr-Jun 23-24'!BI:BI)+SUMIF('Q2 Jul-Sep 23-24'!$A:$A,'Annual 2023-24'!$A2,'Q2 Jul-Sep 23-24'!BI:BI)+SUMIF('Q3 Oct-Dec 23-24'!$A:$A,'Annual 2023-24'!$A2,'Q3 Oct-Dec 23-24'!BI:BI)+SUMIF('Q4 Jan-Mar 23-24'!$A:$A,'Annual 2023-24'!$A2,'Q4 Jan-Mar 23-24'!BI:BI) -> 0 | BJ2: =SUMIF('Q1 Apr-Jun 23-24'!$A:$A,'Annual 2023-24'!$A2,'Q1 Apr-Jun 23-24'!BJ:BJ)+SUMIF('Q2 Jul-Sep 23-24'!$A:$A,'Annual 2023-24'!$A2,'Q2 Jul-Sep 23-24'!BJ:BJ)+SUMIF('Q3 Oct-Dec 23-24'!$A:$A,'Annual 2023-24'!$A2,'Q3 Oct-Dec 23-24'!BJ:BJ)+SUMIF('Q4 Jan-Mar 23-24'!$A:$A,'Annual 2023-24'!$A2,'Q4 Jan-Mar 23-24'!BJ:BJ) -> 0 | BK2: =SUMIF('Q1 Apr-Jun 23-24'!$A:$A,'Annual 2023-24'!$A2,'Q1 Apr-Jun 23-24'!BK:BK)+SUMIF('Q2 Jul-Sep 23-24'!$A:$A,'Annual 2023-24'!$A2,'Q2 Jul-Sep 23-24'!BK:BK)+SUMIF('Q3 Oct-Dec 23-24'!$A:$A,'Annual 2023-24'!$A2,'Q3 Oct-Dec 23-24'!BK:BK)+SUMIF('Q4 Jan-Mar 23-24'!$A:$A,'Annual 2023-24'!$A2,'Q4 Jan-Mar 23-24'!BK:BK) -> 0 | BL2: =SUMIF('Q1 Apr-Jun 23-24'!$A:$A,'Annual 2023-24'!$A2,'Q1 Apr-Jun 23-24'!BL:BL)+SUMIF('Q2 Jul-Sep 23-24'!$A:$A,'Annual 2023-24'!$A2,'Q2 Jul-Sep 23-24'!BL:BL)+SUMIF('Q3 Oct-Dec 23-24'!$A:$A,'Annual 2023-24'!$A2,'Q3 Oct-Dec 23-24'!BL:BL)+SUMIF('Q4 Jan-Mar 23-24'!$A:$A,'Annual 2023-24'!$A2,'Q4 Jan-Mar 23-24'!BL:BL) -> 0 | BM2: =SUMIF('Q1 Apr-Jun 23-24'!$A:$A,'Annual 2023-24'!$A2,'Q1 Apr-Jun 23-24'!BM:BM)+SUMIF('Q2 Jul-Sep 23-24'!$A:$A,'Annual 2023-24'!$A2,'Q2 Jul-Sep 23-24'!BM:BM)+SUMIF('Q3 Oct-Dec 23-24'!$A:$A,'Annual 2023-24'!$A2,'Q3 Oct-Dec 23-24'!BM:BM)+SUMIF('Q4 Jan-Mar 23-24'!$A:$A,'Annual 2023-24'!$A2,'Q4 Jan-Mar 23-24'!BM:BM) -> 0 | BN2: =SUMIF('Q1 Apr-Jun 23-24'!$A:$A,'Annual 2023-24'!$A2,'Q1 Apr-Jun 23-24'!BN:BN)+SUMIF('Q2 Jul-Sep 23-24'!$A:$A,'Annual 2023-24'!$A2,'Q2 Jul-Sep 23-24'!BN:BN)+SUMIF('Q3 Oct-Dec 23-24'!$A:$A,'Annual 2023-24'!$A2,'Q3 Oct-Dec 23-24'!BN:BN)+SUMIF('Q4 Jan-Mar 23-24'!$A:$A,'Annual 2023-24'!$A2,'Q4 Jan-Mar 23-24'!BN:BN) -> 0 | BO2: =SUMIF('Q1 Apr-Jun 23-24'!$A:$A,'Annual 2023-24'!$A2,'Q1 Apr-Jun 23-24'!BO:BO)+SUMIF('Q2 Jul-Sep 23-24'!$A:$A,'Annual 2023-24'!$A2,'Q2 Jul-Sep 23-24'!BO:BO)+SUMIF('Q3 Oct-Dec 23-24'!$A:$A,'Annual 2023-24'!$A2,'Q3 Oct-Dec 23-24'!BO:BO)+SUMIF('Q4 Jan-Mar 23-24'!$A:$A,'Annual 2023-24'!$A2,'Q4 Jan-Mar 23-24'!BO:BO) -> 0 | BP2: =SUMIF('Q1 Apr-Jun 23-24'!$A:$A,'Annual 2023-24'!$A2,'Q1 Apr-Jun 23-24'!BP:BP)+SUMIF('Q2 Jul-Sep 23-24'!$A:$A,'Annual 2023-24'!$A2,'Q2 Jul-Sep 23-24'!BP:BP)+SUMIF('Q3 Oct-Dec 23-24'!$A:$A,'Annual 2023-24'!$A2,'Q3 Oct-Dec 23-24'!BP:BP)+SUMIF('Q4 Jan-Mar 23-24'!$A:$A,'Annual 2023-24'!$A2,'Q4 Jan-Mar 23-24'!BP:BP) -> 0 | BQ2: =SUMIF('Q1 Apr-Jun 23-24'!$A:$A,'Annual 2023-24'!$A2,'Q1 Apr-Jun 23-24'!BQ:BQ)+SUMIF('Q2 Jul-Sep 23-24'!$A:$A,'Annual 2023-24'!$A2,'Q2 Jul-Sep 23-24'!BQ:BQ)+SUMIF('Q3 Oct-Dec 23-24'!$A:$A,'Annual 2023-24'!$A2,'Q3 Oct-Dec 23-24'!BQ:BQ)+SUMIF('Q4 Jan-Mar 23-24'!$A:$A,'Annual 2023-24'!$A2,'Q4 Jan-Mar 23-24'!BQ:BQ) -> 0 | BR2: =SUMIF('Q1 Apr-Jun 23-24'!$A:$A,'Annual 2023-24'!$A2,'Q1 Apr-Jun 23-24'!BR:BR)+SUMIF('Q2 Jul-Sep 23-24'!$A:$A,'Annual 2023-24'!$A2,'Q2 Jul-Sep 23-24'!BR:BR)+SUMIF('Q3 Oct-Dec 23-24'!$A:$A,'Annual 2023-24'!$A2,'Q3 Oct-Dec 23-24'!BR:BR)+SUMIF('Q4 Jan-Mar 23-24'!$A:$A,'Annual 2023-24'!$A2,'Q4 Jan-Mar 23-24'!BR:BR) -> 0 | BS2: =SUMIF('Q1 Apr-Jun 23-24'!$A:$A,'Annual 2023-24'!$A2,'Q1 Apr-Jun 23-24'!BS:BS)+SUMIF('Q2 Jul-Sep 23-24'!$A:$A,'Annual 2023-24'!$A2,'Q2 Jul-Sep 23-24'!BS:BS)+SUMIF('Q3 Oct-Dec 23-24'!$A:$A,'Annual 2023-24'!$A2,'Q3 Oct-Dec 23-24'!BS:BS)+SUMIF('Q4 Jan-Mar 23-24'!$A:$A,'Annual 2023-24'!$A2,'Q4 Jan-Mar 23-24'!BS:BS) -> 0 | BT2: =SUMIF('Q1 Apr-Jun 23-24'!$A:$A,'Annual 2023-24'!$A2,'Q1 Apr-Jun 23-24'!BT:BT)+SUMIF('Q2 Jul-Sep 23-24'!$A:$A,'Annual 2023-24'!$A2,'Q2 Jul-Sep 23-24'!BT:BT)+SUMIF('Q3 Oct-Dec 23-24'!$A:$A,'Annual 2023-24'!$A2,'Q3 Oct-Dec 23-24'!BT:BT)+SUMIF('Q4 Jan-Mar 23-24'!$A:$A,'Annual 2023-24'!$A2,'Q4 Jan-Mar 23-24'!BT:BT) -> 0 | BU2: =SUMIF('Q1 Apr-Jun 23-24'!$A:$A,'Annual 2023-24'!$A2,'Q1 Apr-Jun 23-24'!BU:BU)+SUMIF('Q2 Jul-Sep 23-24'!$A:$A,'Annual 2023-24'!$A2,'Q2 Jul-Sep 23-24'!BU:BU)+SUMIF('Q3 Oct-Dec 23-24'!$A:$A,'Annual 2023-24'!$A2,'Q3 Oct-Dec 23-24'!BU:BU)+SUMIF('Q4 Jan-Mar 23-24'!$A:$A,'Annual 2023-24'!$A2,'Q4 Jan-Mar 23-24'!BU:BU) -> 0 | BV2: =SUMIF('Q1 Apr-Jun 23-24'!$A:$A,'Annual 2023-24'!$A2,'Q1 Apr-Jun 23-24'!BV:BV)+SUMIF('Q2 Jul-Sep 23-24'!$A:$A,'Annual 2023-24'!$A2,'Q2 Jul-Sep 23-24'!BV:BV)+SUMIF('Q3 Oct-Dec 23-24'!$A:$A,'Annual 2023-24'!$A2,'Q3 Oct-Dec 23-24'!BV:BV)+SUMIF('Q4 Jan-Mar 23-24'!$A:$A,'Annual 2023-24'!$A2,'Q4 Jan-Mar 23-24'!BV:BV) -> 0 | BW2: =SUMIF('Q1 Apr-Jun 23-24'!$A:$A,'Annual 2023-24'!$A2,'Q1 Apr-Jun 23-24'!BW:BW)+SUMIF('Q2 Jul-Sep 23-24'!$A:$A,'Annual 2023-24'!$A2,'Q2 Jul-Sep 23-24'!BW:BW)+SUMIF('Q3 Oct-Dec 23-24'!$A:$A,'Annual 2023-24'!$A2,'Q3 Oct-Dec 23-24'!BW:BW)+SUMIF('Q4 Jan-Mar 23-24'!$A:$A,'Annual 2023-24'!$A2,'Q4 Jan-Mar 23-24'!BW:BW) -> 0 | BX2: =SUMIF('Q1 Apr-Jun 23-24'!$A:$A,'Annual 2023-24'!$A2,'Q1 Apr-Jun 23-24'!BX:BX)+SUMIF('Q2 Jul-Sep 23-24'!$A:$A,'Annual 2023-24'!$A2,'Q2 Jul-Sep 23-24'!BX:BX)+SUMIF('Q3 Oct-Dec 23-24'!$A:$A,'Annual 2023-24'!$A2,'Q3 Oct-Dec 23-24'!BX:BX)+SUMIF('Q4 Jan-Mar 23-24'!$A:$A,'Annual 2023-24'!$A2,'Q4 Jan-Mar 23-24'!BX:BX) -> 0 | BY2: =SUMIF('Q1 Apr-Jun 23-24'!$A:$A,'Annual 2023-24'!$A2,'Q1 Apr-Jun 23-24'!BY:BY)+SUMIF('Q2 Jul-Sep 23-24'!$A:$A,'Annual 2023-24'!$A2,'Q2 Jul-Sep 23-24'!BY:BY)+SUMIF('Q3 Oct-Dec 23-24'!$A:$A,'Annual 2023-24'!$A2,'Q3 Oct-Dec 23-24'!BY:BY)+SUMIF('Q4 Jan-Mar 23-24'!$A:$A,'Annual 2023-24'!$A2,'Q4 Jan-Mar 23-24'!BY:BY) -> 0 | BZ2: =SUMIF('Q1 Apr-Jun 23-24'!$A:$A,'Annual 2023-24'!$A2,'Q1 Apr-Jun 23-24'!BZ:BZ)+SUMIF('Q2 Jul-Sep 23-24'!$A:$A,'Annual 2023-24'!$A2,'Q2 Jul-Sep 23-24'!BZ:BZ)+SUMIF('Q3 Oct-Dec 23-24'!$A:$A,'Annual 2023-24'!$A2,'Q3 Oct-Dec 23-24'!BZ:BZ)+SUMIF('Q4 Jan-Mar 23-24'!$A:$A,'Annual 2023-24'!$A2,'Q4 Jan-Mar 23-24'!BZ:BZ) -> 0 | CA2: =SUMIF('Q1 Apr-Jun 23-24'!$A:$A,'Annual 2023-24'!$A2,'Q1 Apr-Jun 23-24'!CA:CA)+SUMIF('Q2 Jul-Sep 23-24'!$A:$A,'Annual 2023-24'!$A2,'Q2 Jul-Sep 23-24'!CA:CA)+SUMIF('Q3 Oct-Dec 23-24'!$A:$A,'Annual 2023-24'!$A2,'Q3 Oct-Dec 23-24'!CA:CA)+SUMIF('Q4 Jan-Mar 23-24'!$A:$A,'Annual 2023-24'!$A2,'Q4 Jan-Mar 23-24'!CA:CA) -> 0 | CB2: =SUMIF('Q1 Apr-Jun 23-24'!$A:$A,'Annual 2023-24'!$A2,'Q1 Apr-Jun 23-24'!CB:CB)+SUMIF('Q2 Jul-Sep 23-24'!$A:$A,'Annual 2023-24'!$A2,'Q2 Jul-Sep 23-24'!CB:CB)+SUMIF('Q3 Oct-Dec 23-24'!$A:$A,'Annual 2023-24'!$A2,'Q3 Oct-Dec 23-24'!CB:CB)+SUMIF('Q4 Jan-Mar 23-24'!$A:$A,'Annual 2023-24'!$A2,'Q4 Jan-Mar 23-24'!CB:CB) -> 0 | CC2: =SUMIF('Q1 Apr-Jun 23-24'!$A:$A,'Annual 2023-24'!$A2,'Q1 Apr-Jun 23-24'!CC:CC)+SUMIF('Q2 Jul-Sep 23-24'!$A:$A,'Annual 2023-24'!$A2,'Q2 Jul-Sep 23-24'!CC:CC)+SUMIF('Q3 Oct-Dec 23-24'!$A:$A,'Annual 2023-24'!$A2,'Q3 Oct-Dec 23-24'!CC:CC)+SUMIF('Q4 Jan-Mar 23-24'!$A:$A,'Annual 2023-24'!$A2,'Q4 Jan-Mar 23-24'!CC:CC) -> 0 | CD2: =SUMIF('Q1 Apr-Jun 23-24'!$A:$A,'Annual 2023-24'!$A2,'Q1 Apr-Jun 23-24'!CD:CD)+SUMIF('Q2 Jul-Sep 23-24'!$A:$A,'Annual 2023-24'!$A2,'Q2 Jul-Sep 23-24'!CD:CD)+SUMIF('Q3 Oct-Dec 23-24'!$A:$A,'Annual 2023-24'!$A2,'Q3 Oct-Dec 23-24'!CD:CD)+SUMIF('Q4 Jan-Mar 23-24'!$A:$A,'Annual 2023-24'!$A2,'Q4 Jan-Mar 23-24'!CD:CD) -> 0 | CE2: =SUMIF('Q1 Apr-Jun 23-24'!$A:$A,'Annual 2023-24'!$A2,'Q1 Apr-Jun 23-24'!CE:CE)+SUMIF('Q2 Jul-Sep 23-24'!$A:$A,'Annual 2023-24'!$A2,'Q2 Jul-Sep 23-24'!CE:CE)+SUMIF('Q3 Oct-Dec 23-24'!$A:$A,'Annual 2023-24'!$A2,'Q3 Oct-Dec 23-24'!CE:CE)+SUMIF('Q4 Jan-Mar 23-24'!$A:$A,'Annual 2023-24'!$A2,'Q4 Jan-Mar 23-24'!CE:CE) -> 0 | CF2: =SUMIF('Q1 Apr-Jun 23-24'!$A:$A,'Annual 2023-24'!$A2,'Q1 Apr-Jun 23-24'!CF:CF)+SUMIF('Q2 Jul-Sep 23-24'!$A:$A,'Annual 2023-24'!$A2,'Q2 Jul-Sep 23-24'!CF:CF)+SUMIF('Q3 Oct-Dec 23-24'!$A:$A,'Annual 2023-24'!$A2,'Q3 Oct-Dec 23-24'!CF:CF)+SUMIF('Q4 Jan-Mar 23-24'!$A:$A,'Annual 2023-24'!$A2,'Q4 Jan-Mar 23-24'!CF:CF) -> 0 | CG2: =SUMIF('Q1 Apr-Jun 23-24'!$A:$A,'Annual 2023-24'!$A2,'Q1 Apr-Jun 23-24'!CG:CG)+SUMIF('Q2 Jul-Sep 23-24'!$A:$A,'Annual 2023-24'!$A2,'Q2 Jul-Sep 23-24'!CG:CG)+SUMIF('Q3 Oct-Dec 23-24'!$A:$A,'Annual 2023-24'!$A2,'Q3 Oct-Dec 23-24'!CG:CG)+SUMIF('Q4 Jan-Mar 23-24'!$A:$A,'Annual 2023-24'!$A2,'Q4 Jan-Mar 23-24'!CG:CG) -> 0 | CH2: =SUMIF('Q1 Apr-Jun 23-24'!$A:$A,'Annual 2023-24'!$A2,'Q1 Apr-Jun 23-24'!CH:CH)+SUMIF('Q2 Jul-Sep 23-24'!$A:$A,'Annual 2023-24'!$A2,'Q2 Jul-Sep 23-24'!CH:CH)+SUMIF('Q3 Oct-Dec 23-24'!$A:$A,'Annual 2023-24'!$A2,'Q3 Oct-Dec 23-24'!CH:CH)+SUMIF('Q4 Jan-Mar 23-24'!$A:$A,'Annual 2023-24'!$A2,'Q4 Jan-Mar 23-24'!CH:CH) -> 0 | CI2: =SUMIF('Q1 Apr-Jun 23-24'!$A:$A,'Annual 2023-24'!$A2,'Q1 Apr-Jun 23-24'!CI:CI)+SUMIF('Q2 Jul-Sep 23-24'!$A:$A,'Annual 2023-24'!$A2,'Q2 Jul-Sep 23-24'!CI:CI)+SUMIF('Q3 Oct-Dec 23-24'!$A:$A,'Annual 2023-24'!$A2,'Q3 Oct-Dec 23-24'!CI:CI)+SUMIF('Q4 Jan-Mar 23-24'!$A:$A,'Annual 2023-24'!$A2,'Q4 Jan-Mar 23-24'!CI:CI) -> 0 | CJ2: =SUMIF('Q1 Apr-Jun 23-24'!$A:$A,'Annual 2023-24'!$A2,'Q1 Apr-Jun 23-24'!CJ:CJ)+SUMIF('Q2 Jul-Sep 23-24'!$A:$A,'Annual 2023-24'!$A2,'Q2 Jul-Sep 23-24'!CJ:CJ)+SUMIF('Q3 Oct-Dec 23-24'!$A:$A,'Annual 2023-24'!$A2,'Q3 Oct-Dec 23-24'!CJ:CJ)+SUMIF('Q4 Jan-Mar 23-24'!$A:$A,'Annual 2023-24'!$A2,'Q4 Jan-Mar 23-24'!CJ:CJ) -> 0 | CK2: =SUMIF('Q1 Apr-Jun 23-24'!$A:$A,'Annual 2023-24'!$A2,'Q1 Apr-Jun 23-24'!CK:CK)+SUMIF('Q2 Jul-Sep 23-24'!$A:$A,'Annual 2023-24'!$A2,'Q2 Jul-Sep 23-24'!CK:CK)+SUMIF('Q3 Oct-Dec 23-24'!$A:$A,'Annual 2023-24'!$A2,'Q3 Oct-Dec 23-24'!CK:CK)+SUMIF('Q4 Jan-Mar 23-24'!$A:$A,'Annual 2023-24'!$A2,'Q4 Jan-Mar 23-24'!CK:CK) -> 0 | CL2: =SUMIF('Q1 Apr-Jun 23-24'!$A:$A,'Annual 2023-24'!$A2,'Q1 Apr-Jun 23-24'!CL:CL)+SUMIF('Q2 Jul-Sep 23-24'!$A:$A,'Annual 2023-24'!$A2,'Q2 Jul-Sep 23-24'!CL:CL)+SUMIF('Q3 Oct-Dec 23-24'!$A:$A,'Annual 2023-24'!$A2,'Q3 Oct-Dec 23-24'!CL:CL)+SUMIF('Q4 Jan-Mar 23-24'!$A:$A,'Annual 2023-24'!$A2,'Q4 Jan-Mar 23-24'!CL:CL) -> 0 | CM2: =SUMIF('Q1 Apr-Jun 23-24'!$A:$A,'Annual 2023-24'!$A2,'Q1 Apr-Jun 23-24'!CM:CM)+SUMIF('Q2 Jul-Sep 23-24'!$A:$A,'Annual 2023-24'!$A2,'Q2 Jul-Sep 23-24'!CM:CM)+SUMIF('Q3 Oct-Dec 23-24'!$A:$A,'Annual 2023-24'!$A2,'Q3 Oct-Dec 23-24'!CM:CM)+SUMIF('Q4 Jan-Mar 23-24'!$A:$A,'Annual 2023-24'!$A2,'Q4 Jan-Mar 23-24'!CM:CM) -> 1 | CN2: =SUMIF('Q1 Apr-Jun 23-24'!$A:$A,'Annual 2023-24'!$A2,'Q1 Apr-Jun 23-24'!CN:CN)+SUMIF('Q2 Jul-Sep 23-24'!$A:$A,'Annual 2023-24'!$A2,'Q2 Jul-Sep 23-24'!CN:CN)+SUMIF('Q3 Oct-Dec 23-24'!$A:$A,'Annual 2023-24'!$A2,'Q3 Oct-Dec 23-24'!CN:CN)+SUMIF('Q4 Jan-Mar 23-24'!$A:$A,'Annual 2023-24'!$A2,'Q4 Jan-Mar 23-24'!CN:CN) -> 0 | CO2: =SUMIF('Q1 Apr-Jun 23-24'!$A:$A,'Annual 2023-24'!$A2,'Q1 Apr-Jun 23-24'!CO:CO)+SUMIF('Q2 Jul-Sep 23-24'!$A:$A,'Annual 2023-24'!$A2,'Q2 Jul-Sep 23-24'!CO:CO)+SUMIF('Q3 Oct-Dec 23-24'!$A:$A,'Annual 2023-24'!$A2,'Q3 Oct-Dec 23-24'!CO:CO)+SUMIF('Q4 Jan-Mar 23-24'!$A:$A,'Annual 2023-24'!$A2,'Q4 Jan-Mar 23-24'!CO:CO) -> 0 | CP2: =SUMIF('Q1 Apr-Jun 23-24'!$A:$A,'Annual 2023-24'!$A2,'Q1 Apr-Jun 23-24'!CP:CP)+SUMIF('Q2 Jul-Sep 23-24'!$A:$A,'Annual 2023-24'!$A2,'Q2 Jul-Sep 23-24'!CP:CP)+SUMIF('Q3 Oct-Dec 23-24'!$A:$A,'Annual 2023-24'!$A2,'Q3 Oct-Dec 23-24'!CP:CP)+SUMIF('Q4 Jan-Mar 23-24'!$A:$A,'Annual 2023-24'!$A2,'Q4 Jan-Mar 23-24'!CP:CP) -> 0 | CQ2: =SUMIF('Q1 Apr-Jun 23-24'!$A:$A,'Annual 2023-24'!$A2,'Q1 Apr-Jun 23-24'!CQ:CQ)+SUMIF('Q2 Jul-Sep 23-24'!$A:$A,'Annual 2023-24'!$A2,'Q2 Jul-Sep 23-24'!CQ:CQ)+SUMIF('Q3 Oct-Dec 23-24'!$A:$A,'Annual 2023-24'!$A2,'Q3 Oct-Dec 23-24'!CQ:CQ)+SUMIF('Q4 Jan-Mar 23-24'!$A:$A,'Annual 2023-24'!$A2,'Q4 Jan-Mar 23-24'!CQ:CQ) -> 0 | CR2: =SUMIF('Q1 Apr-Jun 23-24'!$A:$A,'Annual 2023-24'!$A2,'Q1 Apr-Jun 23-24'!CR:CR)+SUMIF('Q2 Jul-Sep 23-24'!$A:$A,'Annual 2023-24'!$A2,'Q2 Jul-Sep 23-24'!CR:CR)+SUMIF('Q3 Oct-Dec 23-24'!$A:$A,'Annual 2023-24'!$A2,'Q3 Oct-Dec 23-24'!CR:CR)+SUMIF('Q4 Jan-Mar 23-24'!$A:$A,'Annual 2023-24'!$A2,'Q4 Jan-Mar 23-24'!CR:CR) -> 0 | CS2: =SUMIF('Q1 Apr-Jun 23-24'!$A:$A,'Annual 2023-24'!$A2,'Q1 Apr-Jun 23-24'!CS:CS)+SUMIF('Q2 Jul-Sep 23-24'!$A:$A,'Annual 2023-24'!$A2,'Q2 Jul-Sep 23-24'!CS:CS)+SUMIF('Q3 Oct-Dec 23-24'!$A:$A,'Annual 2023-24'!$A2,'Q3 Oct-Dec 23-24'!CS:CS)+SUMIF('Q4 Jan-Mar 23-24'!$A:$A,'Annual 2023-24'!$A2,'Q4 Jan-Mar 23-24'!CS:CS) -> 0 | CT2: =SUMIF('Q1 Apr-Jun 23-24'!$A:$A,'Annual 2023-24'!$A2,'Q1 Apr-Jun 23-24'!CT:CT)+SUMIF('Q2 Jul-Sep 23-24'!$A:$A,'Annual 2023-24'!$A2,'Q2 Jul-Sep 23-24'!CT:CT)+SUMIF('Q3 Oct-Dec 23-24'!$A:$A,'Annual 2023-24'!$A2,'Q3 Oct-Dec 23-24'!CT:CT)+SUMIF('Q4 Jan-Mar 23-24'!$A:$A,'Annual 2023-24'!$A2,'Q4 Jan-Mar 23-24'!CT:CT) -> 0 | CU2: =SUMIF('Q1 Apr-Jun 23-24'!$A:$A,'Annual 2023-24'!$A2,'Q1 Apr-Jun 23-24'!CU:CU)+SUMIF('Q2 Jul-Sep 23-24'!$A:$A,'Annual 2023-24'!$A2,'Q2 Jul-Sep 23-24'!CU:CU)+SUMIF('Q3 Oct-Dec 23-24'!$A:$A,'Annual 2023-24'!$A2,'Q3 Oct-Dec 23-24'!CU:CU)+SUMIF('Q4 Jan-Mar 23-24'!$A:$A,'Annual 2023-24'!$A2,'Q4 Jan-Mar 23-24'!CU:CU) -> 0 | CV2: =SUMIF('Q1 Apr-Jun 23-24'!$A:$A,'Annual 2023-24'!$A2,'Q1 Apr-Jun 23-24'!CV:CV)+SUMIF('Q2 Jul-Sep 23-24'!$A:$A,'Annual 2023-24'!$A2,'Q2 Jul-Sep 23-24'!CV:CV)+SUMIF('Q3 Oct-Dec 23-24'!$A:$A,'Annual 2023-24'!$A2,'Q3 Oct-Dec 23-24'!CV:CV)+SUMIF('Q4 Jan-Mar 23-24'!$A:$A,'Annual 2023-24'!$A2,'Q4 Jan-Mar 23-24'!CV:CV) -> 0 | CW2: =SUMIF('Q1 Apr-Jun 23-24'!$A:$A,'Annual 2023-24'!$A2,'Q1 Apr-Jun 23-24'!CW:CW)+SUMIF('Q2 Jul-Sep 23-24'!$A:$A,'Annual 2023-24'!$A2,'Q2 Jul-Sep 23-24'!CW:CW)+SUMIF('Q3 Oct-Dec 23-24'!$A:$A,'Annual 2023-24'!$A2,'Q3 Oct-Dec 23-24'!CW:CW)+SUMIF('Q4 Jan-Mar 23-24'!$A:$A,'Annual 2023-24'!$A2,'Q4 Jan-Mar 23-24'!CW:CW) -> 0 | CX2: =SUMIF('Q1 Apr-Jun 23-24'!$A:$A,'Annual 2023-24'!$A2,'Q1 Apr-Jun 23-24'!CX:CX)+SUMIF('Q2 Jul-Sep 23-24'!$A:$A,'Annual 2023-24'!$A2,'Q2 Jul-Sep 23-24'!CX:CX)+SUMIF('Q3 Oct-Dec 23-24'!$A:$A,'Annual 2023-24'!$A2,'Q3 Oct-Dec 23-24'!CX:CX)+SUMIF('Q4 Jan-Mar 23-24'!$A:$A,'Annual 2023-24'!$A2,'Q4 Jan-Mar 23-24'!CX:CX) -> 0 | CY2: =SUMIF('Q1 Apr-Jun 23-24'!$A:$A,'Annual 2023-24'!$A2,'Q1 Apr-Jun 23-24'!CY:CY)+SUMIF('Q2 Jul-Sep 23-24'!$A:$A,'Annual 2023-24'!$A2,'Q2 Jul-Sep 23-24'!CY:CY)+SUMIF('Q3 Oct-Dec 23-24'!$A:$A,'Annual 2023-24'!$A2,'Q3 Oct-Dec 23-24'!CY:CY)+SUMIF('Q4 Jan-Mar 23-24'!$A:$A,'Annual 2023-24'!$A2,'Q4 Jan-Mar 23-24'!CY:CY) -> 0 | CZ2: =SUMIF('Q1 Apr-Jun 23-24'!$A:$A,'Annual 2023-24'!$A2,'Q1 Apr-Jun 23-24'!CZ:CZ)+SUMIF('Q2 Jul-Sep 23-24'!$A:$A,'Annual 2023-24'!$A2,'Q2 Jul-Sep 23-24'!CZ:CZ)+SUMIF('Q3 Oct-Dec 23-24'!$A:$A,'Annual 2023-24'!$A2,'Q3 Oct-Dec 23-24'!CZ:CZ)+SUMIF('Q4 Jan-Mar 23-24'!$A:$A,'Annual 2023-24'!$A2,'Q4 Jan-Mar 23-24'!CZ:CZ) -> 0 | DA2: =SUMIF('Q1 Apr-Jun 23-24'!$A:$A,'Annual 2023-24'!$A2,'Q1 Apr-Jun 23-24'!DA:DA)+SUMIF('Q2 Jul-Sep 23-24'!$A:$A,'Annual 2023-24'!$A2,'Q2 Jul-Sep 23-24'!DA:DA)+SUMIF('Q3 Oct-Dec 23-24'!$A:$A,'Annual 2023-24'!$A2,'Q3 Oct-Dec 23-24'!DA:DA)+SUMIF('Q4 Jan-Mar 23-24'!$A:$A,'Annual 2023-24'!$A2,'Q4 Jan-Mar 23-24'!DA:DA) -> 0 | DB2: =SUMIF('Q1 Apr-Jun 23-24'!$A:$A,'Annual 2023-24'!$A2,'Q1 Apr-Jun 23-24'!DB:DB)+SUMIF('Q2 Jul-Sep 23-24'!$A:$A,'Annual 2023-24'!$A2,'Q2 Jul-Sep 23-24'!DB:DB)+SUMIF('Q3 Oct-Dec 23-24'!$A:$A,'Annual 2023-24'!$A2,'Q3 Oct-Dec 23-24'!DB:DB)+SUMIF('Q4 Jan-Mar 23-24'!$A:$A,'Annual 2023-24'!$A2,'Q4 Jan-Mar 23-24'!DB:DB) -> 0 | DC2: =SUMIF('Q1 Apr-Jun 23-24'!$A:$A,'Annual 2023-24'!$A2,'Q1 Apr-Jun 23-24'!DC:DC)+SUMIF('Q2 Jul-Sep 23-24'!$A:$A,'Annual 2023-24'!$A2,'Q2 Jul-Sep 23-24'!DC:DC)+SUMIF('Q3 Oct-Dec 23-24'!$A:$A,'Annual 2023-24'!$A2,'Q3 Oct-Dec 23-24'!DC:DC)+SUMIF('Q4 Jan-Mar 23-24'!$A:$A,'Annual 2023-24'!$A2,'Q4 Jan-Mar 23-24'!DC:DC) -> 0 | DD2: =SUMIF('Q1 Apr-Jun 23-24'!$A:$A,'Annual 2023-24'!$A2,'Q1 Apr-Jun 23-24'!DD:DD)+SUMIF('Q2 Jul-Sep 23-24'!$A:$A,'Annual 2023-24'!$A2,'Q2 Jul-Sep 23-24'!DD:DD)+SUMIF('Q3 Oct-Dec 23-24'!$A:$A,'Annual 2023-24'!$A2,'Q3 Oct-Dec 23-24'!DD:DD)+SUMIF('Q4 Jan-Mar 23-24'!$A:$A,'Annual 2023-24'!$A2,'Q4 Jan-Mar 23-24'!DD:DD) -> 0 | DE2: =SUMIF('Q1 Apr-Jun 23-24'!$A:$A,'Annual 2023-24'!$A2,'Q1 Apr-Jun 23-24'!DE:DE)+SUMIF('Q2 Jul-Sep 23-24'!$A:$A,'Annual 2023-24'!$A2,'Q2 Jul-Sep 23-24'!DE:DE)+SUMIF('Q3 Oct-Dec 23-24'!$A:$A,'Annual 2023-24'!$A2,'Q3 Oct-Dec 23-24'!DE:DE)+SUMIF('Q4 Jan-Mar 23-24'!$A:$A,'Annual 2023-24'!$A2,'Q4 Jan-Mar 23-24'!DE:DE) -> 0 | DF2: =SUMIF('Q1 Apr-Jun 23-24'!$A:$A,'Annual 2023-24'!$A2,'Q1 Apr-Jun 23-24'!DF:DF)+SUMIF('Q2 Jul-Sep 23-24'!$A:$A,'Annual 2023-24'!$A2,'Q2 Jul-Sep 23-24'!DF:DF)+SUMIF('Q3 Oct-Dec 23-24'!$A:$A,'Annual 2023-24'!$A2,'Q3 Oct-Dec 23-24'!DF:DF)+SUMIF('Q4 Jan-Mar 23-24'!$A:$A,'Annual 2023-24'!$A2,'Q4 Jan-Mar 23-24'!DF:DF) -> 0
